Workbook

Sheet 3 Statement Model
A1: FINANCIAL STATEMENTS | B1: Historical Results | F1: Forecast Period
B2: 2022 | C2: =B2+1 -> 2023 | D2: =C2+1 -> 2024 | E2: =D2+1 -> 2025 | F2: =E2+1 -> 2026 | G2: =F2+1 -> 2027 | H2: =G2+1 -> 2028 | I2: =H2+1 -> 2029 | J2: =I2+1 -> 2030
A3: *All values in millions unless otherwise expressed
A6: Assumptions & Drivers
A8: Key Assumptions
A9: Revenue Growth (% Change) | C9: =C193/B193-1 -> 0.079477325 | D9: =D193/C193-1 -> 0.19723725 | E9: =E193/D193-1 -> 0.1221601 | F9: =F193/E193-1 -> 0.080307233 | G9: =G193/F193-1 -> 0.058162796 | H9: =H193/G193-1 -> 0.061148268 | I9: =I193/H193-1 -> 0.05818156 | J9: =J193/I193-1 -> 0.057690322
A10: Cost of Goods and Services (% of Revenue) | B10: =-B199/B198 -> 0.43504996 | C10: =-C199/C198 -> 0.419681 | D10: =-D199/D198 -> 0.48203664 | E10: =-E199/E198 -> 0.51759593 | F10: =$E$10 -> 0.51759593 | G10: =$E$10 -> 0.51759593 | H10: =$E$10 -> 0.51759593 | I10: =$E$10 -> 0.51759593 | J10: =$E$10 -> 0.51759593
A11: Selling, General & Admin (% of Revenue) | B11: =-B203/B198 -> 0.24796311 | C11: =-C203/C198 -> 0.27342637 | D11: =-D203/D198 -> 0.24304069 | E11: =-E203/E198 -> 0.22249311 | F11: =AVERAGE($B$11:$E$11) -> 0.24673082 | G11: =AVERAGE($B$11:$E$11) -> 0.24673082 | H11: =AVERAGE($B$11:$E$11) -> 0.24673082 | I11: =AVERAGE($B$11:$E$11) -> 0.24673082 | J11: =AVERAGE($B$11:$E$11) -> 0.24673082
A12: Depreciation & Amoritization (% of PP&E) | B12: =-B301/B299 -> 0.060031596 | C12: =-C301/C299 -> 0.062994723 | D12: =-D301/D299 -> 0.085881588 | E12: =-E301/E299 -> 0.073630137 | F12: =AVERAGE($B$12:$E$12) -> 0.070634511 | G12: =AVERAGE($B$12:$E$12) -> 0.070634511 | H12: =AVERAGE($B$12:$E$12) -> 0.070634511 | I12: =AVERAGE($B$12:$E$12) -> 0.070634511 | J12: =AVERAGE($B$12:$E$12) -> 0.070634511
A13: Effective Interest Rate (% of Debt) | B13: =-B209/(B241+B243) -> 0.036908801 | C13: =-C209/(C241+C243) -> 0.04021281 | D13: =-D209/(D241+D243) -> 0.036230064 | E13: =-E209/(E241+E243) -> 0.032910262 | F13: =E13-0.001 -> 0.031910262 | G13: =F13-0.001 -> 0.030910262 | H13: =G13-0.001 -> 0.029910262 | I13: =H13-0.001 -> 0.028910262 | J13: =I13-0.001 -> 0.027910262
A14: Tax Rate (% of Earnings Before Tax) | B14: =-B215/B214 -> -0.085714286 | C14: =-C215/C214 -> -0.18238128 | D14: =-D215/D214 -> 0.20121614 | E14: =-E215/E214 -> 0.2868171 | F14: =AVERAGE($D$14:$E$14) -> 0.24401662 | G14: =AVERAGE($D$14:$E$14) -> 0.24401662 | H14: =AVERAGE($D$14:$E$14) -> 0.24401662 | I14: =AVERAGE($D$14:$E$14) -> 0.24401662 | J14: =AVERAGE($D$14:$E$14) -> 0.24401662
A15: Accounts Receivable (Days) | B15: =B231/B198*365 -> 34.45196 | C15: =C231/C198*365 -> 38.93264 | D15: =D231/D198*365 -> 30.308113 | E15: =E231/E198*365 -> 30.719737 | F15: =$E$15 -> 30.719737 | G15: =$E$15 -> 30.719737 | H15: =$E$15 -> 30.719737 | I15: =$E$15 -> 30.719737 | J15: =$E$15 -> 30.719737
A16: Inventory (Days) | B16: =-B232/B199*B30 -> 17.15371 | C16: =-C232/C199*C30 -> 20.559891 | D16: =-D232/D199*D30 -> 12.791214 | E16: =-E232/E199*E30 -> 15.323572 | F16: =$E$16 -> 15.323572 | G16: =$E$16 -> 15.323572 | H16: =$E$16 -> 15.323572 | I16: =$E$16 -> 15.323572 | J16: =$E$16 -> 15.323572
A17: Accounts Payable (Days) | B17: =-B240/B199*B30 -> 203.65194 | C17: =-C240/C199*C30 -> 194.57584 | D17: =-D240/D199*D30 -> 147.90967 | E17: =-E240/E199*E30 -> 139.03338 | F17: =$E$17 -> 139.03338 | G17: =$E$17 -> 139.03338 | H17: =$E$17 -> 139.03338 | I17: =$E$17 -> 139.03338 | J17: =$E$17 -> 139.03338
A18: Capital Expenditure (% of PP&E) | B18: =B300/B299 -> 0.031595577 | C18: =C300/C299 -> 0.039577836 | D18: =D300/D299 -> 0.065387118 | E18: =E300/E299 -> 0.064823875 | F18: =$E$18 -> 0.064823875 | G18: =$E$18 -> 0.064823875 | H18: =$E$18 -> 0.064823875 | I18: =$E$18 -> 0.064823875 | J18: =$E$18 -> 0.064823875
A19: Minority Interest (% of income) | B19: =-B218/B216 -> 0.31983806 | C19: =-C218/C216 -> 0.30733411 | D19: =-D218/D216 -> 0.29342561 | E19: =-E218/E216 -> 0.2489592 | F19: =$E$19 -> 0.2489592 | G19: =$E$19 -> 0.2489592 | H19: =$E$19 -> 0.2489592 | I19: =$E$19 -> 0.2489592 | J19: =$E$19 -> 0.2489592
A20: ST Debt (% of Total Debt) | B20: =B241/B310 -> 0.018281282 | C20: =C241/C310 -> 0.017135355 | D20: =D241/D310 -> 0.026058018 | E20: =E241/E310 -> 0.017092927 | F20: =$E$20 -> 0.017092927 | G20: =$E$20 -> 0.017092927 | H20: =$E$20 -> 0.017092927 | I20: =$E$20 -> 0.017092927 | J20: =$E$20 -> 0.017092927
A21: LT Debt (% of Total Debt) | B21: =B243/B310 -> 0.98171872 | C21: =C243/C310 -> 0.98286464 | D21: =D243/D310 -> 0.97394198 | E21: =E243/E310 -> 0.98290707 | F21: =$E$21 -> 0.98290707 | G21: =$E$21 -> 0.98290707 | H21: =$E$21 -> 0.98290707 | I21: =$E$21 -> 0.98290707 | J21: =$E$21 -> 0.98290707
A22: Dividend Growth (%) | C22: =(C324-B324)/B324 -> 0.018518519 | D22: =(D324-C324)/C324 -> 0.054545455 | E22: =(E324-D324)/D324 -> 0.068965517 | F22: =(F324-E324)/E324 -> 0.048387097 | G22: =$F$22 -> 0.048387097 | H22: =$F$22 -> 0.048387097 | I22: =$F$22 -> 0.048387097 | J22: =$F$22 -> 0.048387097
A23: Partnership Exchangeable Units | B23: 142.99664 | C23: 133.59776 | D23: 127.03858 | E23: 109.356 | F23: =E23-F24 -> 100.44664 | G23: =F23-G24 -> 91.537271 | H23: =G23-H24 -> 82.627906 | I23: =H23-I24 -> 73.718542 | J23: =I23-J24 -> 64.809177
A24: Partnership Exchangeable Units Exchanged | B24: 1.996818 | C24: 9.398876 | D24: 6.559187 | E24: =D23-E23 -> 17.682577 | F24: =AVERAGE($B$24:$E$24) -> 8.9093645 | G24: =AVERAGE($B$24:$E$24) -> 8.9093645 | H24: =AVERAGE($B$24:$E$24) -> 8.9093645 | I24: =AVERAGE($B$24:$E$24) -> 8.9093645 | J24: =AVERAGE($B$24:$E$24) -> 8.9093645
A25: Average Book Value per Unit | B25: =B$345/144.993458 -> 11.14533 | C25: =C$345/C23 -> 13.241255 | D25: =D$345/D23 -> 14.67274 | E25: =E$345/E23 -> 15.847355 | F25: =$D$25 -> 14.67274 | G25: =$D$25 -> 14.67274 | H25: =$D$25 -> 14.67274 | I25: =$D$25 -> 14.67274 | J25: =$D$25 -> 14.67274
A30: Days in Period | B30: 365 | C30: 365 | D30: 365 | E30: 365 | F30: 365 | G30: 365 | H30: 365 | I30: 365 | J30: 365
A33: By Segment:
A34: Tim Hortons - US & Canada
A35: Beginning Store Count | B35: ='2025 Segments'!E172 -> 4571 | C35: =B37 -> 4519 | D35: =C37 -> 4525 | E35: =D37 -> 4539 | F35: =E37 -> 4586 | G35: =F37 -> 4677.72 | H35: =G37 -> 4771.2744 | I35: =H37 -> 4866.6999 | J35: =I37 -> 4964.0339 | L35: =100/F35 -> 0.021805495 | M35: =100/G35 -> 0.021377936 | N35: =100/H35 -> 0.020958761 | O35: =100/I35 -> 0.020547805 | P35: =100/J35 -> 0.020144907
A36: Net Restaurant Growth (NRG) | B36: =(B37-B35)/B35 -> -0.011376067 | C36: =(C37-C35)/C35 -> 0.0013277274 | D36: =(D37-D35)/D35 -> 0.0030939227 | E36: =(E37-E35)/E35 -> 0.010354704 | F36: 0.02 | G36: 0.02 | H36: 0.02 | I36: 0.02 | J36: 0.02
A37: Ending Store Count | B37: ='2025 Segments'!F172 -> 4519 | C37: ='2025 Segments'!G172 -> 4525 | D37: ='2025 Segments'!H172 -> 4539 | E37: ='2025 Segments'!I172 -> 4586 | F37: =F35*(1+F36) -> 4677.72 | G37: =G35*(1+G36) -> 4771.2744 | H37: =H35*(1+H36) -> 4866.6999 | I37: =I35*(1+I36) -> 4964.0339 | J37: =J35*(1+J36) -> 5063.3146
A38: Average Store Count | B38: =AVERAGE(B35,B37) -> 4545 | C38: =AVERAGE(C35,C37) -> 4522 | D38: =AVERAGE(D35,D37) -> 4532 | E38: =AVERAGE(E35,E37) -> 4562.5 | F38: =AVERAGE(F35,F37) -> 4631.86 | G38: =AVERAGE(G35,G37) -> 4724.4972 | H38: =AVERAGE(H35,H37) -> 4818.9871 | I38: =AVERAGE(I35,I37) -> 4915.3669 | J38: =AVERAGE(J35,J37) -> 5013.6742
A40: Comparable Sales Growth (%) | B40: ='2025 Segments'!F143/100 -> 0.104 | C40: ='2025 Segments'!G143/100 -> 0.104 | D40: ='2025 Segments'!H143/100 -> 0.039 | E40: ='2025 Segments'!I143/100 -> 0.027 | F40: =$E$40 -> 0.027 | G40: =$E$40 -> 0.027 | H40: =$E$40 -> 0.027 | I40: =$E$40 -> 0.027 | J40: =$E$40 -> 0.027
A42: System-Wide Sales (SWS) | B42: ='2025 Segments'!F207 -> 6732 | C42: ='2025 Segments'!G207 -> 7245 | D42: ='2025 Segments'!H207 -> 7479 | E42: ='2025 Segments'!I207 -> 7573 | F42: =F38*F45 -> 8062.1327 | G42: =G38*G45 -> 8445.4065 | H42: =H38*H45 -> 8846.9011 | I42: =I38*I45 -> 9267.4828 | J42: =J38*J45 -> 9708.059
A43: System-Wide Sales (SWS) Growth (%) | B43: ='2025 Segments'!F235/100 -> 0.117 | C43: ='2025 Segments'!G235/100 -> 0.11 | D43: ='2025 Segments'!H235/100 -> 0.047 | E43: ='2025 Segments'!I235/100 -> 0.03 | F43: =F36+F40 -> 0.047 | G43: =G36+G40 -> 0.047 | H43: =H36+H40 -> 0.047 | I43: =I36+I40 -> 0.047 | J43: =J36+J40 -> 0.047
A45: Average Unit Volume (AUV $ millions) | C45: =C42/C38 -> 1.6021672 | D45: =D42/D38 -> 1.6502648 | E45: =D45*(1+E40) -> 1.6948219 | F45: =E45*(1+F40) -> 1.7405821 | G45: =F45*(1+G40) -> 1.7875778 | H45: =G45*(1+H40) -> 1.8358424 | I45: =H45*(1+I40) -> 1.8854102 | J45: =I45*(1+J40) -> 1.9363163
A47: Royalty Rate
A48: Ad Fund Contribution (% of System-Wide Sales) | B48: ='2025 Segments'!F10/'2025 Segments'!F207 -> 0.039512775 | C48: ='2025 Segments'!G10/'2025 Segments'!G207 -> 0.040303658 | D48: ='2025 Segments'!H10/'2025 Segments'!H207 -> 0.040246022 | E48: ='2025 Segments'!I10/'2025 Segments'!I207 -> 0.039350324 | F48: =$E$48 -> 0.039350324 | G48: =$E$48 -> 0.039350324 | H48: =$E$48 -> 0.039350324 | I48: =$E$48 -> 0.039350324 | J48: =$E$48 -> 0.039350324
A49: Franchise and Property (% of System-Wide Sales) | B49: ='2025 Segments'!F8/'2025 Segments'!F207 -> 0.13443256 | C49: ='2025 Segments'!G8/'2025 Segments'!G207 -> 0.13181504 | D49: ='2025 Segments'!H8/'2025 Segments'!H207 -> 0.13183581 | E49: ='2025 Segments'!I8/'2025 Segments'!I207 -> 0.13138783 | F49: =$E$49 -> 0.13138783 | G49: =$E$49 -> 0.13138783 | H49: =$E$49 -> 0.13138783 | I49: =$E$49 -> 0.13138783 | J49: =$E$49 -> 0.13138783
A50: Supply Chain Sales (% of System-Wide Sales) | B50: ='2025 Segments'!F12/'2025 Segments'!F207 -> 0.41166667 | C50: ='2025 Segments'!G12/'2025 Segments'!G207 -> 0.38859903 | D50: ='2025 Segments'!H12/'2025 Segments'!H207 -> 0.36208049 | E50: ='2025 Segments'!I12/'2025 Segments'!I207 -> 0.38412782 | F50: =$E$50 -> 0.38412782 | G50: =$E$50 -> 0.38412782 | H50: =$E$50 -> 0.38412782 | I50: =$E$50 -> 0.38412782 | J50: =$E$50 -> 0.38412782
A51: Company Resturant (% of System-Wide Sales) | B51: =IFERROR('2025 Segments'!F14/'2025 Segments'!F207,"") -> 0 | C51: =IFERROR('2025 Segments'!G14/'2025 Segments'!G207,"") -> 0 | D51: =IFERROR('2025 Segments'!H14/'2025 Segments'!H207,"") -> 0.0060168472 | E51: =IFERROR('2025 Segments'!I14/'2025 Segments'!I207,"") -> 0.006074211 | F51: =$E$51 -> 0.006074211 | G51: =$E$51 -> 0.006074211 | H51: =$E$51 -> 0.006074211 | I51: =$E$51 -> 0.006074211 | J51: =$E$51 -> 0.006074211
A53: Burger King - US & Canada
A54: Beginning Store Count (Units) | B54: ='2025 Segments'!E174 -> 7433 | C54: =B56 -> 7389 | D54: =C56 -> 7144 | E54: =D56 -> 7082 | F54: =E56 -> 7025 | G54: =F56 -> 6954.75 | H54: =G56 -> 6954.75 | I54: =H56 -> 7024.2975 | J54: =I56 -> 7094.5405
A55: Net Restaurant Growth (NRG Units) | B55: =(B56-B54)/B54 -> -0.005919548 | C55: =(C56-C54)/C54 -> -0.033157396 | D55: =(D56-D54)/D54 -> -0.0086786114 | E55: =(E56-E54)/E54 -> -0.0080485738 | F55: -0.01 | G55: 0 | H55: 0.01 | I55: 0.01 | J55: 0.01
A56: Ending Store Count (Units) | B56: ='2025 Segments'!F174 -> 7389 | C56: ='2025 Segments'!G174 -> 7144 | D56: ='2025 Segments'!H174 -> 7082 | E56: ='2025 Segments'!I174 -> 7025 | F56: =F54*(1+F55) -> 6954.75 | G56: =G54*(1+G55) -> 6954.75 | H56: =H54*(1+H55) -> 7024.2975 | I56: =I54*(1+I55) -> 7094.5405 | J56: =J54*(1+J55) -> 7165.4859
A57: Average Store Count (Units) | B57: =AVERAGE(B54,B56) -> 7411 | C57: =AVERAGE(C54,C56) -> 7266.5 | D57: =AVERAGE(D54,D56) -> 7113 | E57: =AVERAGE(E54,E56) -> 7053.5 | F57: =AVERAGE(F54,F56) -> 6989.875 | G57: =AVERAGE(G54,G56) -> 6954.75 | H57: =AVERAGE(H54,H56) -> 6989.5238 | I57: =AVERAGE(I54,I56) -> 7059.419 | J57: =AVERAGE(J54,J56) -> 7130.0132
A59: Comparable Sales Growth (%) | B59: ='2025 Segments'!F145/100 -> 0.023 | C59: ='2025 Segments'!G145/100 -> 0.074 | D59: ='2025 Segments'!H145/100 -> 0.01 | E59: ='2025 Segments'!I145/100 -> 0.015 | F59: 0.02 | G59: 0.03 | H59: 0.03 | I59: 0.03 | J59: 0.03
A61: System-Wide Sales (SWS) | B61: ='2025 Segments'!F211 -> 10747 | C61: ='2025 Segments'!G211 -> 11474 | D61: ='2025 Segments'!H211 -> 11484 | E61: ='2025 Segments'!I211 -> 11578 | F61: =(F57*F64) -> 11703.034 | G61: =(G57*G64) -> 11993.551 | H61: =(H57*H64) -> 12415.125 | I61: =(I57*I64) -> 12915.454 | J61: =(J57*J64) -> 13435.947
A62: System-Wide Sales (SWS) Growth (%) | B62: ='2025 Segments'!F237/100 -> 0.028 | C62: ='2025 Segments'!G237/100 -> 0.069 | D62: ='2025 Segments'!H237/100 -> 0.002 | E62: ='2025 Segments'!I237/100 -> 0.009 | F62: =F55+F59 -> 0.01 | G62: =G55+G59 -> 0.03 | H62: =H55+H59 -> 0.04 | I62: =I55+I59 -> 0.04 | J62: =J55+J59 -> 0.04
A64: Average Unit Volume (AUV $ millions) | B64: =B61/B57 -> 1.4501417 | C64: =(C61/C57) -> 1.579027 | D64: =(D61/D57) -> 1.6145086 | E64: =(E61/E57) -> 1.6414546 | F64: =E64*(1+F59) -> 1.6742837 | G64: =F64*(1+G59) -> 1.7245122 | H64: =G64*(1+H59) -> 1.7762476 | I64: =H64*(1+I59) -> 1.829535 | J64: =I64*(1+J59) -> 1.884421
A66: Royalty Rate
A67: Ad Fund Contribution (% of System-Wide Sales) | B67: ='2025 Segments'!F22/'2025 Segments'!F211 -> 0.04075556 | C67: ='2025 Segments'!G22/'2025 Segments'!G211 -> 0.040962175 | D67: ='2025 Segments'!H22/'2025 Segments'!H211 -> 0.042493905 | E67: ='2025 Segments'!I22/'2025 Segments'!I211 -> 0.048022111 | F67: =$E$67 -> 0.048022111 | G67: =$E$67 -> 0.048022111 | H67: =$E$67 -> 0.048022111 | I67: =$E$67 -> 0.048022111 | J67: =$E$67 -> 0.048022111
A68: Franchise and Property (% of System-Wide Sales) | B68: ='2025 Segments'!F18/'2025 Segments'!F211 -> 0.064017865 | C68: ='2025 Segments'!G18/'2025 Segments'!G211 -> 0.063709256 | D68: ='2025 Segments'!H18/'2025 Segments'!H211 -> 0.062695925 | E68: ='2025 Segments'!I18/'2025 Segments'!I211 -> 0.062359648 | F68: =$E$68 -> 0.062359648 | G68: =$E$68 -> 0.062359648 | H68: =$E$68 -> 0.062359648 | I68: =$E$68 -> 0.062359648 | J68: =$E$68 -> 0.062359648
A69: Company Resturant (% of System-Wide Sales) | B69: ='2025 Segments'!F20/'2025 Segments'!F211 -> 0.0065134456 | C69: ='2025 Segments'!G20/'2025 Segments'!G211 -> 0.0084538958 | D69: ='2025 Segments'!H20/'2025 Segments'!H211 -> 0.021159875 | E69: ='2025 Segments'!I20/'2025 Segments'!I211 -> 0.020297115 | F69: =$E$69 -> 0.020297115 | G69: =$E$69 -> 0.020297115 | H69: =$E$69 -> 0.020297115 | I69: =$E$69 -> 0.020297115 | J69: =$E$69 -> 0.020297115
A71: PLK - US & Canada
A72: Beginning Store Count (Units) | B72: ='2025 Segments'!E176 -> 3031 | C72: =B74 -> 3235 | D72: =C74 -> 3394 | E72: =D74 -> 3520 | F72: =E74-136 -> 3442 | G72: =F74 -> 3545.26 | H72: =G74 -> 3651.6178 | I72: =H74 -> 3761.1663 | J72: =I74 -> 3874.0013
A73: Net Restaurant Growth (NRG Units) | B73: =(B74-B72)/B72 -> 0.06730452 | C73: =(C74-C72)/C72 -> 0.049149923 | D73: =(D74-D72)/D72 -> 0.037124337 | E73: =(E74-E72)/E72 -> 0.016477273 | F73: 0.03 | G73: 0.03 | H73: 0.03 | I73: 0.03 | J73: 0.03
A74: Ending Store Count (Units) | B74: ='2025 Segments'!F176 -> 3235 | C74: ='2025 Segments'!G176 -> 3394 | D74: ='2025 Segments'!H176 -> 3520 | E74: ='2025 Segments'!I176 -> 3578 | F74: =F72*(1+F73) -> 3545.26 | G74: =G72*(1+G73) -> 3651.6178 | H74: =H72*(1+H73) -> 3761.1663 | I74: =I72*(1+I73) -> 3874.0013 | J74: =J72*(1+J73) -> 3990.2214
A75: Average Store Count (Units) | B75: =AVERAGE(B72,B74) -> 3133 | C75: =AVERAGE(C72,C74) -> 3314.5 | D75: =AVERAGE(D72,D74) -> 3457 | E75: =AVERAGE(E72,E74) -> 3549 | F75: =AVERAGE(F72,F74) -> 3493.63 | G75: =AVERAGE(G72,G74) -> 3598.4389 | H75: =AVERAGE(H72,H74) -> 3706.3921 | I75: =AVERAGE(I72,I74) -> 3817.5838 | J75: =AVERAGE(J72,J74) -> 3932.1113
A77: Comparable Sales Growth (%) | B77: ='2025 Segments'!F147/100 -> -0.006 | C77: ='2025 Segments'!G147/100 -> 0.048 | D77: ='2025 Segments'!H147/100 -> 0.004 | E77: ='2025 Segments'!I147/100 -> -0.032 | F77: -0.01 | G77: 0.02 | H77: 0.03 | I77: 0.03 | J77: 0.03
A79: System-Wide Sales (SWS) | B79: ='2025 Segments'!F215 -> 5338 | C79: ='2025 Segments'!G215 -> 5886 | D79: ='2025 Segments'!H215 -> 6124 | E79: ='2025 Segments'!I215 -> 6076 | F79: =(F75*F82) -> 5921.3928 | G79: =(G75*G82) -> 6221.0152 | H79: =(H75*H82) -> 6599.8751 | I79: =(I75*I82) -> 7001.8075 | J79: =(J75*J82) -> 7428.2175
A80: System-Wide Sales (SWS) Growth (%) | B80: ='2025 Segments'!F239/100 -> 0.056 | C80: ='2025 Segments'!G239/100 -> 0.105 | D80: ='2025 Segments'!H239/100 -> 0.042 | E80: ='2025 Segments'!I239/100 -> -0.007 | F80: =F73+F77 -> 0.02 | G80: =G73+G77 -> 0.05 | H80: =H73+H77 -> 0.06 | I80: =I73+I77 -> 0.06 | J80: =J73+J77 -> 0.06
A82: Average Unit Volume (AUV $ millions) | B82: =B79/B75 -> 1.7037983 | C82: =(C79/C75) -> 1.7758335 | D82: =(D79/D75) -> 1.7714782 | E82: =(E79/E75) -> 1.7120316 | F82: =E82*(1+F77) -> 1.6949112 | G82: =F82*(1+G77) -> 1.7288095 | H82: =G82*(1+H77) -> 1.7806738 | I82: =H82*(1+I77) -> 1.834094 | J82: =I82*(1+J77) -> 1.8891168
A84: Royalty Rate
A85: Ad Fund Contribution (% of System-Wide Sales) | B85: ='2025 Segments'!F30/'2025 Segments'!F215 -> 0.047958037 | C85: ='2025 Segments'!G30/'2025 Segments'!G215 -> 0.049099558 | D85: ='2025 Segments'!H30/'2025 Segments'!H215 -> 0.04817113 | E85: ='2025 Segments'!I30/'2025 Segments'!I215 -> 0.048222515 | F85: =$E$85 -> 0.048222515 | G85: =$E$85 -> 0.048222515 | H85: =$E$85 -> 0.048222515 | I85: =$E$85 -> 0.048222515 | J85: =$E$85 -> 0.048222515
A86: Franchise and Property (% of System-Wide Sales) | B86: ='2025 Segments'!F26/'2025 Segments'!F215 -> 0.053203447 | C86: ='2025 Segments'!G26/'2025 Segments'!G215 -> 0.053346925 | D86: ='2025 Segments'!H26/'2025 Segments'!H215 -> 0.053069889 | E86: ='2025 Segments'!I26/'2025 Segments'!I215 -> 0.053324556 | F86: =$E$86 -> 0.053324556 | G86: =$E$86 -> 0.053324556 | H86: =$E$86 -> 0.053324556 | I86: =$E$86 -> 0.053324556 | J86: =$E$86 -> 0.053324556
A87: Company Resturant (% of System-Wide Sales) | B87: ='2025 Segments'!F28/'2025 Segments'!F215 -> 0.014612214 | C87: ='2025 Segments'!G28/'2025 Segments'!G215 -> 0.015120625 | D87: ='2025 Segments'!H28/'2025 Segments'!H215 -> 0.024167211 | E87: ='2025 Segments'!I28/'2025 Segments'!I215 -> 0.030118499 | F87: =$E$87 -> 0.030118499 | G87: =$E$87 -> 0.030118499 | H87: =$E$87 -> 0.030118499 | I87: =$E$87 -> 0.030118499 | J87: =$E$87 -> 0.030118499
A89: Firehouse Subs - US & Canada
A90: Beginning Store Count (Units) | B90: ='2025 Segments'!E178 -> 1213 | C90: =B92 -> 1242 | D90: =C92 -> 1265 | E90: =D92 -> 1345 | F90: =E92 -> 1449 | G90: =F92 -> 1622.88 | H90: =G92 -> 1801.3968 | I90: =H92 -> 1981.5365 | J90: =I92 -> 2159.8748
A91: Net Restaurant Growth (NRG Units) | B91: =(B92-B90)/B90 -> 0.023907667 | C91: =(C92-C90)/C90 -> 0.018518519 | D91: =(D92-D90)/D90 -> 0.063241107 | E91: =(E92-E90)/E90 -> 0.07732342 | F91: 0.12 | G91: 0.11 | H91: 0.1 | I91: 0.09 | J91: 0.08
A92: Ending Store Count (Units) | B92: ='2025 Segments'!F178 -> 1242 | C92: ='2025 Segments'!G178 -> 1265 | D92: ='2025 Segments'!H178 -> 1345 | E92: ='2025 Segments'!I178 -> 1449 | F92: =F90*(1+F91) -> 1622.88 | G92: =G90*(1+G91) -> 1801.3968 | H92: =H90*(1+H91) -> 1981.5365 | I92: =I90*(1+I91) -> 2159.8748 | J92: =J90*(1+J91) -> 2332.6647
A93: Average Store Count (Units) | B93: =AVERAGE(B90,B92) -> 1227.5 | C93: =AVERAGE(C90,C92) -> 1253.5 | D93: =AVERAGE(D90,D92) -> 1305 | E93: =AVERAGE(E90,E92) -> 1397 | F93: =AVERAGE(F90,F92) -> 1535.94 | G93: =AVERAGE(G90,G92) -> 1712.1384 | H93: =AVERAGE(H90,H92) -> 1891.4666 | I93: =AVERAGE(I90,I92) -> 2070.7056 | J93: =AVERAGE(J90,J92) -> 2246.2698
A95: Comparable Sales Growth (%) | B95: ='2025 Segments'!F149/100 -> 0 | C95: ='2025 Segments'!G149/100 -> 0.038 | D95: ='2025 Segments'!H149/100 -> -0.011 | E95: ='2025 Segments'!I149/100 -> 0.011 | F95: 0.02 | G95: 0.03 | H95: 0.03 | I95: 0.03 | J95: 0.03
A97: System-Wide Sales (SWS) | B97: ='2025 Segments'!F219 -> 1154 | C97: ='2025 Segments'!G219 -> 1194 | D97: ='2025 Segments'!H219 -> 1233 | E97: ='2025 Segments'!I219 -> 1337 | F97: =(F93*F100) -> 1499.3721 | G97: =(G93*G100) -> 1721.5168 | H97: =(H93*H100) -> 1958.8821 | I97: =(I93*I100) -> 2208.8448 | J97: =(J93*J100) -> 2468.0047
A98: System-Wide Sales (SWS) Growth (%) | B98: ='2025 Segments'!F241/100 -> 0 | C98: ='2025 Segments'!G241/100 -> 0.071 | D98: ='2025 Segments'!H241/100 -> 0.027 | E98: ='2025 Segments'!I241/100 -> 0.086 | F98: =F91+F95 -> 0.14 | G98: =G91+G95 -> 0.14 | H98: =H91+H95 -> 0.13 | I98: =I91+I95 -> 0.12 | J98: =J91+J95 -> 0.11
A100: Average Unit Volume (AUV $ millions) | B100: =B97/B93 -> 0.9401222 | C100: =C97/C93 -> 0.95253291 | D100: =D97/D93 -> 0.94482759 | E100: =E97/E93 -> 0.95705082 | F100: =E100*(1+F95) -> 0.97619184 | G100: =F100*(1+G95) -> 1.0054776 | H100: =G100*(1+H95) -> 1.0356419 | I100: =H100*(1+I95) -> 1.0667112 | J100: =I100*(1+J95) -> 1.0987125
A102: Royalty Rate
A103: Ad Fund Contribution (% of System-Wide Sales) | B103: ='2025 Segments'!F36/'2025 Segments'!F219 -> 0.011265165 | C103: ='2025 Segments'!G36/'2025 Segments'!G219 -> 0.040201005 | D103: ='2025 Segments'!H36/'2025 Segments'!H219 -> 0.055150041 | E103: ='2025 Segments'!I36/'2025 Segments'!I219 -> 0.056095737 | F103: =$E$103 -> 0.056095737 | G103: =$E$103 -> 0.056095737 | H103: =$E$103 -> 0.056095737 | I103: =$E$103 -> 0.056095737 | J103: =$E$103 -> 0.056095737
A104: Franchise and Property (% of System-Wide Sales) | B104: ='2025 Segments'!F38/'2025 Segments'!F219 -> 0.073656846 | C104: ='2025 Segments'!G38/'2025 Segments'!G219 -> 0.082914573 | D104: ='2025 Segments'!H38/'2025 Segments'!H219 -> 0.085158151 | E104: ='2025 Segments'!I38/'2025 Segments'!I219 -> 0.084517577 | F104: =$E$104 -> 0.084517577 | G104: =$E$104 -> 0.084517577 | H104: =$E$104 -> 0.084517577 | I104: =$E$104 -> 0.084517577 | J104: =$E$104 -> 0.084517577
A105: Company Resturant (% of System-Wide Sales) | B105: ='2025 Segments'!F34/'2025 Segments'!F219 -> 0.034662045 | C105: ='2025 Segments'!G34/'2025 Segments'!G219 -> 0.032663317 | D105: ='2025 Segments'!H34/'2025 Segments'!H219 -> 0.03325223 | E105: ='2025 Segments'!I34/'2025 Segments'!I219 -> 0.033657442 | F105: =$E$105 -> 0.033657442 | G105: =$E$105 -> 0.033657442 | H105: =$E$105 -> 0.033657442 | I105: =$E$105 -> 0.033657442 | J105: =$E$105 -> 0.033657442
A107: International
A108: Beginning Store Count (Units) | B108: ='2025 Segments'!E180 -> 13208 | C108: =B110 -> 13517 | D108: =C110 -> 14742 | E108: =D110 -> 15639 | F108: =E110 -> 16403 | G108: =F110 -> 17551.21 | H108: =G110 -> 18604.283 | I108: =H110 -> 19720.54 | J108: =I110 -> 20706.567
A109: Net Restaurant Growth (NRG Units) | B109: =(B110-B108)/B108 -> 0.023394912 | C109: =(C110-C108)/C108 -> 0.090626618 | D109: =(D110-D108)/D108 -> 0.060846561 | E109: =(E110-E108)/E108 -> 0.048852228 | F109: 0.07 | G109: 0.06 | H109: 0.06 | I109: 0.05 | J109: 0.05
A110: Ending Store Count (Units) | B110: ='2025 Segments'!F180 -> 13517 | C110: ='2025 Segments'!G180 -> 14742 | D110: ='2025 Segments'!H180 -> 15639 | E110: ='2025 Segments'!I180 -> 16403 | F110: =F108*(1+F109) -> 17551.21 | G110: =G108*(1+G109) -> 18604.283 | H110: =H108*(1+H109) -> 19720.54 | I110: =I108*(1+I109) -> 20706.567 | J110: =J108*(1+J109) -> 21741.895
A111: Average Store Count (Units) | B111: =AVERAGE(B108,B110) -> 13362.5 | C111: =AVERAGE(C108,C110) -> 14129.5 | D111: =AVERAGE(D108,D110) -> 15190.5 | E111: =AVERAGE(E108,E110) -> 16021 | F111: =AVERAGE(F108,F110) -> 16977.105 | G111: =AVERAGE(G108,G110) -> 18077.746 | H111: =AVERAGE(H108,H110) -> 19162.411 | I111: =AVERAGE(I108,I110) -> 20213.553 | J111: =AVERAGE(J108,J110) -> 21224.231
A113: Comparable Sales Growth (%) | B113: ='2025 Segments'!F151/100 -> 0.154 | C113: ='2025 Segments'!G151/100 -> 0.09 | D113: ='2025 Segments'!H151/100 -> 0.033 | E113: ='2025 Segments'!I151/100 -> 0.049 | F113: 0.06 | G113: 0.06 | H113: 0.05 | I113: 0.04 | J113: 0.04
A115: System-Wide Sales (SWS) | B115: ='2025 Segments'!F223 -> 14700 | C115: ='2025 Segments'!G223 -> 17087 | D115: ='2025 Segments'!H223 -> 18156 | E115: ='2025 Segments'!I223 -> 20199 | F115: =(F111*F118) -> 22688.707 | G115: =(G111*G118) -> 25609.215 | H115: =(H111*H118) -> 28503.056 | I115: =(I111*I118) -> 31269.236 | J115: =(J111*J118) -> 34146.006
A116: System-Wide Sales (SWS) Growth (%) | B116: ='2025 Segments'!F243/100 -> 0.256 | C116: ='2025 Segments'!G243/100 -> 0.176 | D116: ='2025 Segments'!H243/100 -> 0.1 | E116: ='2025 Segments'!I243/100 -> 0.107 | F116: =F109+F113 -> 0.13 | G116: =G109+G113 -> 0.12 | H116: =H109+H113 -> 0.11 | I116: =I109+I113 -> 0.09 | J116: =J109+J113 -> 0.09
A118: Average Unit Volume (AUV $ millions) | B118: =B115/B111 -> 1.1000935 | C118: =C115/C111 -> 1.2093138 | D118: =D115/D111 -> 1.1952207 | E118: =E115/E111 -> 1.2607827 | F118: =E118*(1+F113) -> 1.3364297 | G118: =F118*(1+G113) -> 1.4166155 | H118: =G118*(1+H113) -> 1.4874462 | I118: =H118*(1+I113) -> 1.5469441 | J118: =I118*(1+J113) -> 1.6088219
A120: Royalty Rate
A121: Ad Fund Contribution (% of System-Wide Sales) | B121: ='2025 Segments'!F44/'2025 Segments'!F223 -> 0.0034693878 | C121: ='2025 Segments'!G44/'2025 Segments'!G223 -> 0.0040966817 | D121: ='2025 Segments'!H44/'2025 Segments'!H223 -> 0.0045164133 | E121: ='2025 Segments'!I44/'2025 Segments'!I223 -> 0.0040596069 | F121: =$E$121 -> 0.0040596069 | G121: =$E$121 -> 0.0040596069 | H121: =$E$121 -> 0.0040596069 | I121: =$E$121 -> 0.0040596069 | J121: =$E$121 -> 0.0040596069
A122: Franchise and Property (% of System-Wide Sales) | B122: ='2025 Segments'!F42/'2025 Segments'!F223 -> 0.04755102 | C122: ='2025 Segments'!G42/'2025 Segments'!G223 -> 0.047053315 | D122: ='2025 Segments'!H42/'2025 Segments'!H223 -> 0.046981714 | E122: ='2025 Segments'!I42/'2025 Segments'!I223 -> 0.04534878 | F122: =$E$122 -> 0.04534878 | G122: =$E$122 -> 0.04534878 | H122: =$E$122 -> 0.04534878 | I122: =$E$122 -> 0.04534878 | J122: =$E$122 -> 0.04534878
A124: RH
A125: Beginning Company Store Count (Units) | D125: 1036 | E125: =D127 -> 1036 | F125: =E127 -> 1087 | G125: =F127 -> 873 | H125: =G127 -> 659 | I125: =H127 -> 445 | J125: =I127 -> 231
A126: Refranchising Schedule (Stores per Year) | D126: 0 | E126: 51 | F126: -214 | G126: -214 | H126: -214 | I126: -214 | J126: -231
A127: Ending Company Store Count (Units) | D127: =SUM(D125:D126) -> 1036 | E127: =SUM(E125:E126) -> 1087 | F127: =SUM(F125:F126) -> 873 | G127: =SUM(G125:G126) -> 659 | H127: =SUM(H125:H126) -> 445 | I127: =SUM(I125:I126) -> 231 | J127: =SUM(J125:J126) -> 0
A128: Average Store Count (Units) | D128: =AVERAGE(D125,D127) -> 1036 | E128: =AVERAGE(E125,E127) -> 1061.5 | F128: =AVERAGE(F125,F127) -> 980 | G128: =AVERAGE(G125,G127) -> 766 | H128: =AVERAGE(H125,H127) -> 552 | I128: =AVERAGE(I125,I127) -> 338 | J128: =AVERAGE(J125,J127) -> 115.5
A130: Franchise
A131: Beginning Store Count (Units) | D131: 0 | E131: =D133 -> 0 | F131: =E133 -> 0 | G131: =F133 -> 214 | H131: =G133 -> 428 | I131: =H133 -> 642 | J131: =I133 -> 856
A132: Net Restaurant Growth (NRG Units) | D132: 0 | E132: 0 | F132: =-F126 -> 214 | G132: =-G126 -> 214 | H132: =-H126 -> 214 | I132: =-I126 -> 214 | J132: =-J126 -> 231
A133: Ending Store Count (Units) | D133: =D131+D132 -> 0 | E133: 0 | F133: =SUM(F131:F132) -> 214 | G133: =SUM(G131:G132) -> 428 | H133: =SUM(H131:H132) -> 642 | I133: =SUM(I131:I132) -> 856 | J133: =SUM(J131:J132) -> 1087
A134: Average Store Count (Units) | D134: =AVERAGE(D131,D133) -> 0 | E134: =AVERAGE(E131,E133) -> 0 | F134: =AVERAGE(F131,F133) -> 107 | G134: =AVERAGE(G131,G133) -> 321 | H134: =AVERAGE(H131,H133) -> 535 | I134: =AVERAGE(I131,I133) -> 749 | J134: =AVERAGE(J131,J133) -> 971.5
A136: Comparable Sales Growth (%) | D136: 0.004 | E136: 0.023 | F136: 0.04 | G136: 0.04 | H136: 0.05 | I136: 0.04 | J136: 0.04
...

Sheet Comps
D2: EV/EBITDA | G2: P/E
B3: Company | C3: Ticker | D3: Current | E3: FY1 | F3: FY2 | G3: Current | H3: FY1 | I3: FY2
B4: McDonald's Corporation | C4: MCD | D4: 17.7 | E4: 17.32 | F4: 16.27 | G4: 26.7 | H4: 24.82 | I4: 22.76
B5: Yum! Brands, Inc. | C5: YUM | D5: 19.63 | E5: 17.72 | F5: 16.39 | G5: 27.01 | H5: 24.02 | I5: 21.5
B6: Starbucks | C6: SBUX | D6: 20.38 | E6: 22.36 | F6: 18.78 | G6: 42.73 | H6: 43.15 | I6: 33.53
B7: Chipotle Mexican Grill, Inc. | C7: CMG | D7: 17.65 | E7: 19.43 | F7: 16.72 | G7: 30.68 | H7: 30.94 | I7: 25.82
B8: Shake Shack Inc. | C8: SHAK | D8: 16.6 | E8: 16.29 | F8: 13.89 | G8: 73.8 | H8: 67.72 | I8: 53.52
B9: Wendy's CO | C9: WEN | D9: 8.82 | E9: 9.73 | F9: 9.44 | G9: 8.25 | H9: 12.71 | I9: 11.17
B10: Average | D10: =AVERAGE(D4:D9) -> 16.796667 | E10: =AVERAGE(E4:E9) -> 17.141667 | F10: =AVERAGE(F4:F9) -> 15.248333 | G10: =AVERAGE(G4:G9) -> 34.861667 | H10: =AVERAGE(H4:H9) -> 33.893333 | I10: =AVERAGE(I4:I9) -> 28.05
B11: Median | D11: =MEDIAN(D4:D9) -> 17.675 | E11: =MEDIAN(E4:E9) -> 17.52 | F11: =MEDIAN(F4:F9) -> 16.33 | G11: =MEDIAN(G4:G9) -> 28.845 | H11: =MEDIAN(H4:H9) -> 27.88 | I11: =MEDIAN(I4:I9) -> 24.29
B12: Restaurant Brands International | C12: QSR | D12: 22.05 | E12: 14.59 | F12: 13.8 | G12: 28.07 | H12: 18.25 | I12: 16.8
B17: Relative Valuation: | C17: EV/EBITDA | K17: Relative Valuation: | L17: P/E
B18: FY26 Comp Avg. | C18: =E10 -> 17.141667 | K18: FY26 Comp Avg. | L18: =H10 -> 33.893333
B19: FY26 Est. EBITDA | C19: ='3 Statement Model'!F222 -> 2703.0774 | K19: FY26 Est. Net Income | L19: ='3 Statement Model'!F219 -> 1079.6632
B20: Implied EV | C20: =C18*C19 -> 46335.252 | K20: Equity value | L20: =L18*L19 -> 36593.384
B21: Less Net Debt & Minority Interest | C21: ='WACC & DCF'!P70-'WACC & DCF'!P71 -> 14516 | K21: Shares Oustanding | L21: ='WACC & DCF'!D42 -> 457
B22: Equity value | C22: =C20-C21 -> 31819.252 | K22: Implied Price | L22: =L20/L21 -> 80.07305
B23: Shares Oustanding | C23: ='WACC & DCF'!D42 -> 457 | K23: Current Price | L23: ='WACC & DCF'!D41 -> 73.98
B24: Implied Price | C24: =C22/C23 -> 69.626372 | K24: Implied Upside | L24: =(L22-L23)/L23 -> 0.082360776
B25: Current Price | C25: ='WACC & DCF'!D41 -> 73.98
B26: Implied Upside | C26: =(C24-C25)/C25 -> -0.058848718

Sheet WACC & DCF
B2: Discount Rate Calculation
B3: Total Shareholders Equity: | H3: Risk-Free Rate: | I3: =E6 -> 0.04175
H4: Equity Risk Premium: | I4: =E7 -> 0.05
B5: Discount Rate Calculation - Assumptions | H5: Levered Beta: | I5: =G25 -> 0.96523657
B6: Risk-Free Rate: | E6: 0.04175 | H6: Cost of Equity | I6: =G28 -> 0.090011829
B7: Equity Risk Premium: | E7: 0.05
B8: Interest Rate on Debt: | E8: 0.044
H9: Interest Rate on Debt: | I9: =E8 -> 0.044
B11: Comparable Companies | C11: Levered | E11: Equity | G11: Unlevered
B12: Name | C12: Beta (5 Year) | D12: Net debt | E12: Value | F12: Tax Rate | G12: Beta
B13: McDonalds Corp | C13: 0.495 | D13: 54039 | E13: 233053.4 | F13: 0.2142 | G13: =C13/(1+(1-F13)*(D13/E13)) -> 0.41870857
B14: Yum Brands INC | C14: 0.555 | D14: 12480 | E14: 44228.8 | F14: 0.2494 | G14: =C14/(1+(1-F14)*(D14/E14)) -> 0.45799784
B15: Starbucks | C15: 1.016 | D15: 23144.5 | E15: 112779.3 | F15: 0.2595 | G15: =C15/(1+(1-F15)*(D15/E15)) -> 0.88197127
B16: Chipotle Mexican | C16: 1.066 | D16: 4026.7 | E16: 46066.7 | F16: 0.2358 | G16: =C16/(1+(1-F16)*(D16/E16)) -> 0.99925114
B17: Shake Shack | C17: 1.528 | D17: 550 | E17: 3991.6 | F17: 0.3154 | G17: =C17/(1+(1-F17)*(D17/E17)) -> 1.3962874
B18: Wendy's CO | C18: 0.641 | D18: 3844.2 | E18: 1412.5 | F18: 0.2736 | G18: =C18/(1+(1-F18)*(D18/E18)) -> 0.21532182
B19: Median | C19: =MEDIAN(C13:C18) -> 0.8285 | D19: =MEDIAN(D13:D18) -> 8253.35 | E19: =MEDIAN(E13:E18) -> 45147.75 | F19: =MEDIAN(F13:F18) -> 0.25445 | G19: =MEDIAN(G13:G18) -> 0.66998455
B20: Restaurant Brands International | C20: 0.473 | F20: Mean | G20: =AVERAGE(G13:G18) -> 0.72825634
C22: Unlevered | E22: Equity | G22: Levered
C23: Beta | D23: Net debt | E23: Value | F23: Tax Rate | G23: Beta
B25: =B20 -> Restaurant Brands International | C25: =G20 -> 0.72825634 | D25: 14516 | E25: 33723.4 | F25: ='3 Statement Model'!F14 -> 0.24401662 | G25: =C25*(1+(1-F25)*(D25/E25)) -> 0.96523657
B28: Cost of Equity Based on Comparables: | G28: =E6+E7*G25 -> 0.090011829
B29: Cost of Equity Based on Historical Beta: | G29: =E6+E7*C20 -> 0.0654
B30: WACC (Based on Comps) | G30: =G28*(E25/(E25+D25))+E8*(D25/(D25+E25))*(1-F25) -> 0.072935287
B31: DCF Model
B33: Assumptions
B34: Tax Rate | D34: =F25 -> 0.24401662
B35: Basic Computed WACC | D35: =G30 -> 0.072935287
B36: Risk Premium | D36: =E7 -> 0.05
B37: Discount Rate Used | D37: =D35 -> 0.072935287
B38: Implied Perpetual Growth Rate | D38: 0.03
B39: EV/EBITDA Multiple | D39: 16
B40: Transaction Date | D40: =D47 -> 45291
B41: Current Price | D41: 73.98
B42: Fully-Diluted Shares | D42: 457
B44: Date | C44: =TODAY() -> 46089
B46: Discounted Cash Flow | C46: FY22 | D46: FY23 | E46: FY24 | F46: FY25 | G46: FY26 | H46: FY27 | I46: FY28 | J46: FY29 | K46: FY30 | L46: Exit | N46: Terminal Value
B47: Date | C47: 44926 | D47: 45291 | E47: 45657 | F47: 46022 | G47: 46387 | H47: 46752 | I47: 47118 | J47: 47483 | K47: 47848 | L47: =K47 -> 47848 | N47: EV/EBITDA | P47: =D39*K53 -> 53004.998
N48: FCF | P48: =J69 -> 53795.041
B49: Revenue | C49: ='3 Statement Model'!B198 -> 6505 | D49: ='3 Statement Model'!C198 -> 7022 | E49: ='3 Statement Model'!D198 -> 8406 | F49: ='3 Statement Model'!E198 -> 9434 | G49: ='3 Statement Model'!F198 -> 10191.618 | H49: ='3 Statement Model'!G198 -> 10784.391 | I49: ='3 Statement Model'!H198 -> 11443.838 | J49: ='3 Statement Model'!I198 -> 12109.659 | K49: ='3 Statement Model'!J198 -> 12808.269
B50: % Growth | D50: ='3 Statement Model'!C194 -> 0.079477325 | E50: ='3 Statement Model'!D194 -> 0.19723725 | F50: ='3 Statement Model'!E194 -> 0.1221601 | G50: ='3 Statement Model'!F194 -> 0.080307233 | H50: ='3 Statement Model'!G194 -> 0.058162796 | I50: ='3 Statement Model'!H194 -> 0.061148268 | J50: ='3 Statement Model'!I194 -> 0.05818156 | K50: ='3 Statement Model'!J194 -> 0.057690322
B51: Gross Profit | C51: ='3 Statement Model'!B200 -> 3675 | D51: ='3 Statement Model'!C200 -> 4075 | E51: ='3 Statement Model'!D200 -> 4354 | F51: ='3 Statement Model'!E200 -> 4551 | G51: ='3 Statement Model'!F200 -> 4916.4782 | H51: ='3 Statement Model'!G200 -> 5202.4343 | I51: ='3 Statement Model'!H200 -> 5520.5542 | J51: ='3 Statement Model'!I200 -> 5841.7486 | K51: ='3 Statement Model'!J200 -> 6178.761
B52: Gross Margin % | C52: ='3 Statement Model'!B201 -> 0.56495004 | D52: ='3 Statement Model'!C201 -> 0.580319 | E52: ='3 Statement Model'!D201 -> 0.51796336 | F52: ='3 Statement Model'!E201 -> 0.48240407 | G52: ='3 Statement Model'!F201 -> 0.48240407 | H52: ='3 Statement Model'!G201 -> 0.48240407 | I52: ='3 Statement Model'!H201 -> 0.48240407 | J52: ='3 Statement Model'!I201 -> 0.48240407 | K52: ='3 Statement Model'!J201 -> 0.48240407
B53: EBITDA | C53: ='3 Statement Model'!B222 -> 1830 | D53: ='3 Statement Model'!C222 -> 1884 | E53: ='3 Statement Model'!D222 -> 2065 | F53: ='3 Statement Model'!E222 -> 2046 | G53: ='3 Statement Model'!F222 -> 2703.0774 | H53: ='3 Statement Model'!G222 -> 2841.0281 | I53: ='3 Statement Model'!H222 -> 2994.7022 | J53: ='3 Statement Model'!I222 -> 3149.8884 | K53: ='3 Statement Model'!J222 -> 3312.8124
B54: EBITDA Margin % | C54: ='3 Statement Model'!B223 -> 0.28132206 | D54: ='3 Statement Model'!C223 -> 0.26829963 | E54: ='3 Statement Model'!D223 -> 0.24565786 | F54: ='3 Statement Model'!E223 -> 0.21687513 | G54: ='3 Statement Model'!F223 -> 0.26522553 | H54: ='3 Statement Model'!G223 -> 0.26343889 | I54: ='3 Statement Model'!H223 -> 0.26168686 | J54: ='3 Statement Model'!I223 -> 0.26011372 | K54: ='3 Statement Model'!J223 -> 0.25864638
B55: EBIT | C55: ='3 Statement Model'!B206 -> 2041 | D55: ='3 Statement Model'!C206 -> 2123 | E55: ='3 Statement Model'!D206 -> 2148 | F55: ='3 Statement Model'!E206 -> 2049 | G55: ='3 Statement Model'!F206 -> 2401.8919 | H55: ='3 Statement Model'!G206 -> 2541.5926 | I55: ='3 Statement Model'!H206 -> 2697.0066 | J55: ='3 Statement Model'!I206 -> 2853.9226 | K55: ='3 Statement Model'!J206 -> 3018.5664
B56: Operating Margin % | C56: ='3 Statement Model'!B207 -> 0.31375865 | D56: ='3 Statement Model'!C207 -> 0.30233552 | E56: ='3 Statement Model'!D207 -> 0.25553176 | F56: ='3 Statement Model'!E207 -> 0.21719313 | G56: ='3 Statement Model'!F207 -> 0.23567325 | H56: ='3 Statement Model'!G207 -> 0.23567325 | I56: ='3 Statement Model'!H207 -> 0.23567325 | J56: ='3 Statement Model'!I207 -> 0.23567325 | K56: ='3 Statement Model'!J207 -> 0.23567325
B57: Cash Taxes | C57: =C55*'3 Statement Model'!B14 -> -174.94286 | D57: =D55*'3 Statement Model'!C14 -> -387.19546 | E57: =E55*'3 Statement Model'!D14 -> 432.21227 | F57: =F55*$D34 -> 499.99006 | G57: =G55*$D34 -> 586.10154 | H57: =H55*$D34 -> 620.19084 | I57: =I55*$D34 -> 658.11444 | J57: =J55*$D34 -> 696.40456 | K57: =K55*$D34 -> 736.58036
B58: NOPAT | C58: =C55-C57 -> 2215.9429 | D58: =D55-D57 -> 2510.1955 | E58: =E55-E57 -> 1715.7877 | F58: =F55-F57 -> 1549.0099 | G58: =G55-G57 -> 1815.7903 | H58: =H55-H57 -> 1921.4018 | I58: =I55-I57 -> 2038.8922 | J58: =J55-J57 -> 2157.5181 | K58: =K55-K57 -> 2281.986
B59: D&A | C59: ='3 Statement Model'!B261 -> 190 | D59: ='3 Statement Model'!C261 -> 191 | E59: ='3 Statement Model'!D261 -> 264 | F59: ='3 Statement Model'!E261 -> 301 | G59: ='3 Statement Model'!F261 -> 301.18555 | H59: ='3 Statement Model'!G261 -> 299.43547 | I59: ='3 Statement Model'!H261 -> 297.69556 | J59: ='3 Statement Model'!I261 -> 295.96576 | K59: ='3 Statement Model'!J261 -> 294.24601
B60: Capex | C60: ='3 Statement Model'!B268 -> -88 | D60: ='3 Statement Model'!C268 -> -83 | E60: ='3 Statement Model'!D268 -> -167 | F60: ='3 Statement Model'!E268 -> -227 | G60: ='3 Statement Model'!F268 -> -276.409 | H60: ='3 Statement Model'!G268 -> -274.80289 | I60: ='3 Statement Model'!H268 -> -273.20611 | J60: ='3 Statement Model'!I268 -> -271.61861 | K60: ='3 Statement Model'!J268 -> -270.04033
B61: Change in NWC | C61: ='3 Statement Model'!B263 -> 35 | D61: ='3 Statement Model'!C263 -> -159 | E61: ='3 Statement Model'!D263 -> -30 | F61: ='3 Statement Model'!E263 -> -74 | G61: ='3 Statement Model'!F263 -> 69.144527 | H61: ='3 Statement Model'!G263 -> 54.099806 | I61: ='3 Statement Model'!H263 -> 60.184836 | J61: ='3 Statement Model'!I263 -> 60.766518 | K61: ='3 Statement Model'!J263 -> 63.759095
B62: Unlevered FCF | C62: =C58+C59+C60-C61 -> 2282.9429 | D62: =D58+D59+D60+D61 -> 2459.1955 | E62: =E58+E59+E60+E61 -> 1782.7877 | F62: =F58+F59+F60-F61 -> 1697.0099 | G62: =G58+G59+G60-G61 -> 1771.4223 | H62: =H58+H59+H60-H61 -> 1891.9345 | I62: =I58+I59+I60-I61 -> 2003.1968 | J62: =J58+J59+J60-J61 -> 2121.0987 | K62: =K58+K59+K60-K61 -> 2242.4326
B63: Discount Rate | G63: =$D$35 -> 0.072935287 | H63: =$D$35 -> 0.072935287 | I63: =$D$35 -> 0.072935287 | J63: =$D$35 -> 0.072935287 | K63: =$D$35 -> 0.072935287
B64: Discount Period | G64: =YEARFRAC(DATE(2026,3,7),DATE(2026,12,31),1) -> 0.81917808 | H64: =G64+1 -> 1.8191781 | I64: =H64+1 -> 2.8191781 | J64: =I64+1 -> 3.8191781 | K64: =J64+1 -> 4.8191781
B65: Present Value of FCF | G65: =G62/(1+$D$35)^G64 -> 1672.1566 | H65: =H62/(1+$D$35)^H64 -> 1664.5138 | I65: =I62/(1+$D$35)^I64 -> 1642.5984 | J65: =J62/(1+$D$35)^J64 -> 1621.0452 | K65: =K62/(1+$D$35)^K64 -> 1597.2765
R67: Perpetuity Growth Rate
B68: Perpetuity Growth Method | N68: Current Market Value | R68: WACC | S68: =D83 -> 70.021011 | T68: =U68-0.0025 -> 0.025 | U68: =V68-0.0025 -> 0.0275 | V68: 0.03 | W68: =V68+0.0025 -> 0.0325 | X68: =W68+0.0025 -> 0.035
B69: Terminal Value | J69: =(K62*(1+D38))/(D35-D38) -> 53795.041 | N69: FD Market Cap | P69: =D42*D41 -> 33808.86 | S69: =S70-0.005 -> 0.062935287 | T69: 92.752981 | U69: 100.33247 | V69: 109.01263 | W69: 119.05196 | X69: 130.79682
B70: Present Value of Terminal Value | J70: =J69/(1+D35)^K64 -> 38318.011 | N70: Plus: Debt | P70: ='3 Statement Model'!E241+'3 Statement Model'!E243 -> 15679 | S70: =S71-0.005 -> 0.067935287 | T70: 78.741281 | U70: 84.58799 | V70: 91.176074 | W70: 98.656087 | X70: 107.22231
B71: Enterprise Value | J71: =SUM(G65:K65,J70) -> 46515.602 | N71: Less: Cash | P71: ='3 Statement Model'!E230 -> 1163 | S71: =G30 -> 0.072935287 | T71: 67.564758 | U71: 72.198842 | V71: 77.354411 | W71: 83.12474 | X71: 89.626757
B72: Plus: Cash | J72: =P71 -> 1163 | N72: Current Enterprise Value | P72: =P69+P70-P71 -> 48324.86 | S72: =S71+0.005 -> 0.077935287 | T72: 58.442094 | U72: 62.195855 | V72: 66.329309 | W72: 70.903133 | X72: 75.99166
B73: Less: Debt | J73: =P70 -> 15679 | S73: =S72+0.005 -> 0.082935287 | T73: 50.8549 | U73: 53.950326 | V73: 57.330093 | W73: 61.035266 | X73: 65.115216
B74: Equity Value | J74: =J71+J72-J73 -> 31999.602
B75: Shares | J75: =D42 -> 457 | R75: Perpetuity Growth Rate
B76: Share Price | J76: =J74/J75 -> 70.021011 | R76: WACC | T76: =T68 -> 0.025 | U76: =U68 -> 0.0275 | V76: =V68 -> 0.03 | W76: =W68 -> 0.0325 | X76: =X68 -> 0.035
S77: =S69 -> 0.062935287 | T77: =(T69-$D$41)/$D$41 -> 0.25375752 | U77: =(U69-$D$41)/$D$41 -> 0.35621078 | V77: =(V69-$D$41)/$D$41 -> 0.47354185 | W77: =(W69-$D$41)/$D$41 -> 0.60924516 | X77: =(X69-$D$41)/$D$41 -> 0.7680025
B78: Rate of Return | S78: =S70 -> 0.067935287 | T78: =(T70-$D$41)/$D$41 -> 0.064359029 | U78: =(U70-$D$41)/$D$41 -> 0.14338998 | V78: =(V70-$D$41)/$D$41 -> 0.23244219 | W78: =(W70-$D$41)/$D$41 -> 0.33355079 | X78: =(X70-$D$41)/$D$41 -> 0.44934191
B79: Current Price | D79: =D41 -> 73.98 | S79: =S71 -> 0.072935287 | T79: =(T71-$D$41)/$D$41 -> -0.086715891 | U79: =(U71-$D$41)/$D$41 -> -0.024076207 | V79: =(V71-$D$41)/$D$41 -> 0.045612479 | W79: =(W71-$D$41)/$D$41 -> 0.12361097 | X79: =(X71-$D$41)/$D$41 -> 0.21149982
B80: Target Price | D80: =D83 -> 70.021011 | S80: =S72 -> 0.077935287 | T80: =(T72-$D$41)/$D$41 -> -0.21002846 | U80: =(U72-$D$41)/$D$41 -> -0.15928825 | V80: =(V72-$D$41)/$D$41 -> -0.10341567 | W80: =(W72-$D$41)/$D$41 -> -0.041590527 | X80: =(X72-$D$41)/$D$41 -> 0.02719195
B81: Target Price Upside | D81: =D80/D79-1 -> -0.053514314 | S81: =S73 -> 0.082935287 | T81: =(T73-$D$41)/$D$41 -> -0.31258583 | U81: =(U73-$D$41)/$D$41 -> -0.27074444 | V81: =(V73-$D$41)/$D$41 -> -0.22505957 | W81: =(W73-$D$41)/$D$41 -> -0.17497613 | X81: =(X73-$D$41)/$D$41 -> -0.11982676
B83: Equity Value/Share | D83: =J74/J75 -> 70.021011 | R83: EV/EBITDA Multiple
R84: WACC | S84: =D101 -> 68.789622 | T84: =U84-0.5 -> 15 | U84: =V84-0.5 -> 15.5 | V84: 16 | W84: =V84+0.5 -> 16.5 | X84: =W84+0.5 -> 17
S85: =S86-0.005 -> 0.062935287 | T85: 71.562674 | U85: 74.450372 | V85: 77.338069 | W85: 80.225767 | X85: 83.113465
B86: Exit Multiple Method | S86: =S87-0.005 -> 0.067935287 | T86: 69.845029 | U86: 72.681503 | V86: 75.517976 | W86: 78.354449 | X86: 81.190923
B87: Terminal Value | J87: =K53*D39 -> 53004.998 | S87: =G30 -> 0.072935287 | T87: 68.164844 | U87: 70.951234 | V87: 73.737625 | W87: 76.524015 | X87: 79.310406
B88: Present Value of Terminal Value | J88: =J87/(1+D35)^K64 -> 37755.267 | S88: =S87+0.005 -> 0.077935287 | T88: 66.521126 | U88: 69.258544 | V88: 71.995962 | W88: 74.73338 | X88: 77.470799
B89: Enterprise Value | J89: =SUM(G65:K65,J88) -> 45952.857 | S89: =S88+0.005 -> 0.082935287 | T89: 64.912913 | U89: 67.60244 | V89: 70.291967 | W89: 72.981495 | X89: 75.671022
B90: Plus: Cash | J90: =P71 -> 1163
B91: Less: Debt | J91: =P70 -> 15679 | R91: WACC | S91: EV/EBITDA Multiple
B92: Equity Value | J92: =J89+J90-J91 -> 31436.857 | T92: =T84 -> 15 | U92: =U84 -> 15.5 | V92: =V84 -> 16 | W92: =W84 -> 16.5 | X92: =X84 -> 17
B93: Shares | J93: =D42 -> 457 | S93: =S85 -> 0.062935287 | T93: =(T85-$D$41)/$D$41 -> -0.032675395 | U93: =(U85-$D$41)/$D$41 -> 0.0063580949 | V93: =(V85-$D$41)/$D$41 -> 0.045391585 | W93: =(W85-$D$41)/$D$41 -> 0.084425075 | X93: =(X85-$D$41)/$D$41 -> 0.12345857
B94: Share Price | J94: =J92/J93 -> 68.789622 | S94: =S86 -> 0.067935287 | T94: =(T86-$D$41)/$D$41 -> -0.055893091 | U94: =(U86-$D$41)/$D$41 -> -0.017552007 | V94: =(V86-$D$41)/$D$41 -> 0.020789077 | W94: =(W86-$D$41)/$D$41 -> 0.059130162 | X94: =(X86-$D$41)/$D$41 -> 0.097471246
S95: =S87 -> 0.072935287 | T95: =(T87-$D$41)/$D$41 -> -0.078604437 | U95: =(U87-$D$41)/$D$41 -> -0.040940332 | V95: =(V87-$D$41)/$D$41 -> -0.003276227 | W95: =(W87-$D$41)/$D$41 -> 0.034387878 | X95: =(X87-$D$41)/$D$41 -> 0.072051983
B96: Rate of Return | S96: =S88 -> 0.077935287 | T96: =(T88-$D$41)/$D$41 -> -0.10082285 | U96: =(U88-$D$41)/$D$41 -> -0.063820709 | V96: =(V88-$D$41)/$D$41 -> -0.02681857 | W96: =(W88-$D$41)/$D$41 -> 0.01018357 | X96: =(X88-$D$41)/$D$41 -> 0.047185709
B97: Current Price | D97: =D41 -> 73.98 | S97: =S89 -> 0.082935287 | T97: =(T89-$D$41)/$D$41 -> -0.12256132 | U97: =(U89-$D$41)/$D$41 -> -0.086206537 | V97: =(V89-$D$41)/$D$41 -> -0.049851751 | W97: =(W89-$D$41)/$D$41 -> -0.013496964 | X97: =(X89-$D$41)/$D$41 -> 0.022857823
B98: Target Price | D98: =D101 -> 68.789622
B99: Target Price Upside | D99: =D98/D97-1 -> -0.070159208
B101: Equity Value/Share | D101: =J92/J93 -> 68.789622

Sheet Valuation Summary
B2: Valuation Summary
B3: Method | D3: Min | E3: Difference | F3: Max | G3: Target | H3: Weight
B4: DCF Perpetuity Growth Method | D4: ='WACC & DCF'!U72 -> 62.195855 | E4: =F4-D4 -> 36.460232 | F4: ='WACC & DCF'!W70 -> 98.656087 | G4: ='WACC & DCF'!D83 -> 70.021011 | H4: 0.4
B5: DCF Exit Multiple | D5: ='WACC & DCF'!U88 -> 69.258544 | E5: =F5-D5 -> 9.0959054 | F5: ='WACC & DCF'!W86 -> 78.354449 | G5: ='WACC & DCF'!D101 -> 68.789622 | H5: 0.4
B6: EV/EBITDA Mulitples | D6: 75.51 | E6: =F6-D6 -> -5.8836281 | F6: =Comps!C24 -> 69.626372 | G6: =F6 -> 69.626372 | H6: 0.2
B7: 52W Range | D7: 58.71 | E7: =F7-D7 -> 14.99 | F7: 73.7
B9: Target Price (Low) | D9: =D4 -> 62.195855
B10: Target Price (Low) upside, % | D10: =(D9-H15)/H15 -> -0.15928825
B11: Target Price (High) | D11: =F4 -> 98.656087
B12: Target Price (High) Upside, % | D12: =(D11-H15)/H15 -> 0.33355079
B14: Target Price | H14: =(G4*H4)+(G5*H5)+(G6*H6) -> 69.449528
B15: Current price | H15: ='WACC & DCF'!D41 -> 73.98
B17: Total Return | H17: =(H14-H15)/H15 -> -0.061239152
I25: Current | $67
I27: Target | $78

Sheet Financial Highlights for Report
B2: WACC | E2: Dividend Growth
E3: 2020 | F3: 2021 | G3: 2022 | H3: 2023 | I3: 2024
B4: Pre-Tax Cost of Debt | C4: ='WACC & DCF'!E8 -> 0.044 | E4: 2.08 | F4: 2.12 | G4: 2.16 | H4: 2.2 | I4: 2.32
B5: Tax Rate | C5: ='WACC & DCF'!F25 -> 0.24401662
B6: After Tax Cost of Debt | C6: =C4*(1-C5) -> 0.033263269 | E6: EBITDA Growth
E7: 2022 | F7: =E7+1 -> 2023 | G7: =F7+1 -> 2024 | H7: =G7+1 -> 2025 | I7: =H7+1 -> 2026 | J7: =I7+1 -> 2027 | K7: =J7+1 -> 2028 | L7: =K7+1 -> 2029
B8: Risk-Free-Rate | C8: ='WACC & DCF'!E6 -> 0.04175 | E8: ='3 Statement Model'!B222 -> 1830 | F8: ='3 Statement Model'!C222 -> 1884 | G8: ='3 Statement Model'!D222 -> 2065 | H8: ='3 Statement Model'!E222 -> 2046 | I8: ='3 Statement Model'!F222 -> 2703.0774 | J8: ='3 Statement Model'!G222 -> 2841.0281 | K8: ='3 Statement Model'!H222 -> 2994.7022 | L8: ='3 Statement Model'!I222 -> 3149.8884
B9: Equity Risk Premium | C9: ='WACC & DCF'!E7 -> 0.05 | E9: ='3 Statement Model'!B223 -> 0.28132206 | F9: ='3 Statement Model'!C223 -> 0.26829963 | G9: ='3 Statement Model'!D223 -> 0.24565786 | H9: ='3 Statement Model'!E223 -> 0.21687513 | I9: ='3 Statement Model'!F223 -> 0.26522553 | J9: ='3 Statement Model'!G223 -> 0.26343889 | K9: ='3 Statement Model'!H223 -> 0.26168686 | L9: ='3 Statement Model'!I223 -> 0.26011372
B10: Levered Beta | C10: ='WACC & DCF'!G25 -> 0.96523657
B11: Cost of Equity | C11: =C8+C9*C10 -> 0.090011829 | E11: Debt/EBITDA
E12: =2022 -> 2022 | F12: =E12+1 -> 2023 | G12: =F12+1 -> 2024 | H12: =G12+1 -> 2025 | I12: =H12+1 -> 2026 | J12: =I12+1 -> 2027 | K12: =J12+1 -> 2028 | L12: =K12+1 -> 2029
B13: Net Debt | C13: ='WACC & DCF'!D25 -> 14516 | E13: =('3 Statement Model'!B241+'3 Statement Model'!B243)/'3 Statement Model'!B222 -> 7.8912568 | F13: =('3 Statement Model'!C241+'3 Statement Model'!C243)/'3 Statement Model'!C222 -> 7.6820594 | G13: =('3 Statement Model'!D241+'3 Statement Model'!D243)/'3 Statement Model'!D222 -> 7.7123487 | H13: =('3 Statement Model'!E241+'3 Statement Model'!E243)/'3 Statement Model'!E222 -> 7.6632454 | I13: =('3 Statement Model'!F241+'3 Statement Model'!F243)/'3 Statement Model'!F222 -> 5.7530724 | J13: =('3 Statement Model'!G241+'3 Statement Model'!G243)/'3 Statement Model'!G222 -> 5.4304286 | K13: =('3 Statement Model'!H241+'3 Statement Model'!H243)/'3 Statement Model'!H222 -> 5.1888132 | L13: =('3 Statement Model'!I241+'3 Statement Model'!I243)/'3 Statement Model'!I222 -> 4.9393655
B14: Equity Value | C14: ='WACC & DCF'!E25 -> 33723.4
B15: WACC | C15: ='WACC & DCF'!G30 -> 0.072935287 | E15: Net Debt/EBITDA
E16: 2022 | F16: =E16+1 -> 2023 | G16: =F16+1 -> 2024 | H16: =G16+1 -> 2025 | I16: =H16+1 -> 2026 | J16: =I16+1 -> 2027 | K16: =J16+1 -> 2028 | L16: =K16+1 -> 2029
E17: =('3 Statement Model'!B241+'3 Statement Model'!B243-'3 Statement Model'!B230)/'3 Statement Model'!B222 -> 7.247541 | F17: =('3 Statement Model'!C241+'3 Statement Model'!C243-'3 Statement Model'!C230)/'3 Statement Model'!C222 -> 7.0774947 | G17: =('3 Statement Model'!D241+'3 Statement Model'!D243-'3 Statement Model'!D230)/'3 Statement Model'!D222 -> 7.0663438 | H17: =('3 Statement Model'!E241+'3 Statement Model'!E243-'3 Statement Model'!E230)/'3 Statement Model'!E222 -> 7.0948192 | I17: =('3 Statement Model'!F241+'3 Statement Model'!F243-'3 Statement Model'!F230)/'3 Statement Model'!F222 -> 5.3424134 | J17: =('3 Statement Model'!G241+'3 Statement Model'!G243-'3 Statement Model'!G230)/'3 Statement Model'!G222 -> 5.0413279 | K17: =('3 Statement Model'!H241+'3 Statement Model'!H243-'3 Statement Model'!H230)/'3 Statement Model'!H222 -> 4.8189562 | L17: =('3 Statement Model'!I241+'3 Statement Model'!I243-'3 Statement Model'!I230)/'3 Statement Model'!I222 -> 4.5005628
E20: Capex
E21: 2020 | F21: =E21+1 -> 2021 | G21: =F21+1 -> 2022 | H21: =G21+1 -> 2023 | I21: =H21+1 -> 2024
E22: =-CF!G25 -> 117 | F22: =-CF!H25 -> 106 | G22: =-CF!I25 -> 100 | H22: =-CF!J25 -> 120 | I22: =-CF!K25 -> 201
E24: Store Count
E25: 2020 | F25: =E25+1 -> 2021 | G25: =F25+1 -> 2022 | H25: =G25+1 -> 2023 | I25: =H25+1 -> 2024 | J25: =I25+1 -> 2025 | K25: =J25+1 -> 2026 | L25: =K25+1 -> 2027 | M25: =L25+1 -> 2028 | N25: =M25+1 -> 2029
E26: ='2024 Segments'!H171 -> 27025 | F26: ='2024 Segments'!I171 -> 29456 | G26: ='2024 Segments'!J171 -> 30722 | H26: ='2024 Segments'!K171 -> 31070 | I26: ='2024 Segments'!L171 -> 32125 | J26: =SUM('3 Statement Model'!E37,'3 Statement Model'!E56,'3 Statement Model'!E74,'3 Statement Model'!E92,'3 Statement Model'!E110,'3 Statement Model'!E127+'3 Statement Model'!E133) -> 34128 | K26: =SUM('3 Statement Model'!F37,'3 Statement Model'!F56,'3 Statement Model'!F74,'3 Statement Model'!F92,'3 Statement Model'!F110,'3 Statement Model'!F127+'3 Statement Model'!F133) -> 35438.82 | L26: =SUM('3 Statement Model'!G37,'3 Statement Model'!G56,'3 Statement Model'!G74,'3 Statement Model'!G92,'3 Statement Model'!G110,'3 Statement Model'!G127+'3 Statement Model'!G133) -> 36870.322 | M26: =SUM('3 Statement Model'!H37,'3 Statement Model'!H56,'3 Statement Model'!H74,'3 Statement Model'!H92,'3 Statement Model'!H110,'3 Statement Model'!H127+'3 Statement Model'!H133) -> 38441.24 | N26: =SUM('3 Statement Model'!I37,'3 Statement Model'!I56,'3 Statement Model'!I74,'3 Statement Model'!I92,'3 Statement Model'!I110,'3 Statement Model'!I127+'3 Statement Model'!I133) -> 39886.017
E28: Interest Coverage
E29: 2020 | F29: =E29+1 -> 2021 | G29: =F29+1 -> 2022 | H29: =G29+1 -> 2023 | I29: =H29+1 -> 2024
E30: =IS!E19/IS!E22 -> 2.8665377 | F30: =IS!F19/IS!F22 -> 3.9330709 | G30: =IS!G19/IS!G22 -> 3.8292683 | H30: =IS!H19/IS!H22 -> 3.6477663 | I30: =IS!I19/IS!I22 -> 3.7227036
E32: Dividend Coverage
E33: 2020 | F33: =E33+1 -> 2021 | G33: =F33+1 -> 2022 | H33: =G33+1 -> 2023 | I33: =H33+1 -> 2024
E34: =IS!E78/IS!E51 -> 1.2925103 | F34: =IS!F78/IS!F51 -> 0.78424821 | G34: =IS!G78/IS!G51 -> 0.65785714 | H34: =IS!H78/IS!H51 -> 0.60826891 | I34: =IS!I78/IS!I51 -> 0.77484819
F37: 2022A | G37: 2023A | H37: 2024A | I37: 2025E | J37: 2026E | K37: 2027E | L37: 2028E | M37: 2029E
E38: Valuations
E39: Gross Margin | F39: ='3 Statement Model'!B201 -> 0.56495004 | G39: ='3 Statement Model'!C201 -> 0.580319 | H39: ='3 Statement Model'!D201 -> 0.51796336 | I39: ='3 Statement Model'!E201 -> 0.48240407 | J39: ='3 Statement Model'!F201 -> 0.48240407 | K39: ='3 Statement Model'!G201 -> 0.48240407 | L39: ='3 Statement Model'!H201 -> 0.48240407 | M39: ='3 Statement Model'!I201 -> 0.48240407
E40: Operating Margin | F40: ='3 Statement Model'!B207 -> 0.31375865 | G40: ='3 Statement Model'!C207 -> 0.30233552 | H40: ='3 Statement Model'!D207 -> 0.25553176 | I40: ='3 Statement Model'!E207 -> 0.21719313 | J40: ='3 Statement Model'!F207 -> 0.23567325 | K40: ='3 Statement Model'!G207 -> 0.23567325 | L40: ='3 Statement Model'!H207 -> 0.23567325 | M40: ='3 Statement Model'!I207 -> 0.23567325
E41: EBITDA Margin | F41: ='3 Statement Model'!B223 -> 0.28132206 | G41: ='3 Statement Model'!C223 -> 0.26829963 | H41: ='3 Statement Model'!D223 -> 0.24565786 | I41: ='3 Statement Model'!E223 -> 0.21687513 | J41: ='3 Statement Model'!F223 -> 0.26522553 | K41: ='3 Statement Model'!G223 -> 0.26343889 | L41: ='3 Statement Model'!H223 -> 0.26168686 | M41: ='3 Statement Model'!I223 -> 0.26011372
E42: Net Profit Margin | F42: ='3 Statement Model'!B220 -> 0.15495772 | G42: ='3 Statement Model'!C220 -> 0.16946739 | H42: ='3 Statement Model'!D220 -> 0.12146086 | I42: ='3 Statement Model'!E220 -> 0.082255671 | J42: ='3 Statement Model'!F220 -> 0.10593638 | K42: ='3 Statement Model'!G220 -> 0.1085022 | L42: ='3 Statement Model'!H220 -> 0.11091458 | M42: ='3 Statement Model'!I220 -> 0.11274636
E43: Return on Assets | F43: =F72/F71 -> 0.04383371 | G43: =G72/G71 -> 0.051585495 | H43: =H72/H71 -> 0.042521292 | I43: =I72/I71 -> 0.030887416 | J43: =J72/J71 -> 0.042147965 | K43: =K72/K71 -> 0.045647917 | L43: =L72/L71 -> 0.049438025 | M43: =M72/M71 -> 0.052799748
E44: Return on Equity | F44: =F79/F78 -> 0.24824529 | G44: =G79/G78 -> 0.26450322 | H44: =H79/H78 -> 0.21330826 | I44: =I79/I78 -> 0.15516897 | J44: =J79/J78 -> 0.20967034 | K44: =K79/K78 -> 0.22679102 | L44: =L79/L78 -> 0.24973142 | M44: =M79/M78 -> 0.26924807
E45: Return on Invested Capital | F45: =F82/F83 -> 0.1264014 | G45: =G82/G83 -> 0.13896122 | H45: =H82/H83 -> 0.088283392 | I45: =I82/I83 -> 0.074272516 | J45: =J82/J83 -> 0.092734007 | K45: =K82/K83 -> 0.098523834 | L45: =L82/L83 -> 0.10500431 | M45: =M82/M83 -> 0.11160282
E46: Liquidity
E47: Current Ratio | F47: =(SUM('3 Statement Model'!B230:B233)/(SUM('3 Statement Model'!B240:B242))) -> 0.96786389 | G47: =(SUM('3 Statement Model'!C230:C233)/(SUM('3 Statement Model'!C240:C242))) -> 1.0135261 | H47: =(SUM('3 Statement Model'!D230:D233)/(SUM('3 Statement Model'!D240:D242))) -> 0.96531303 | I47: =(SUM('3 Statement Model'!E230:E233)/(SUM('3 Statement Model'!E240:E242))) -> 0.97890003 | J47: =(SUM('3 Statement Model'!F230:F233)/(SUM('3 Statement Model'!F240:F242))) -> 0.94045336 | K47: =(SUM('3 Statement Model'!G230:G233)/(SUM('3 Statement Model'!G240:G242))) -> 0.92467121 | L47: =(SUM('3 Statement Model'!H230:H233)/(SUM('3 Statement Model'!H240:H242))) -> 0.90945626 | M47: =(SUM('3 Statement Model'!I230:I233)/(SUM('3 Statement Model'!I240:I242))) -> 0.9754262
E48: Quick Ratio | F48: =(SUM('3 Statement Model'!B230:B233)-'3 Statement Model'!B232)/SUM('3 Statement Model'!B240:B242) -> 0.90500945 | G48: =(SUM('3 Statement Model'!C230:C233)-'3 Statement Model'!C232)/SUM('3 Statement Model'!C240:C242) -> 0.93610075 | H48: =(SUM('3 Statement Model'!D230:D233)-'3 Statement Model'!D232)/SUM('3 Statement Model'!D240:D242) -> 0.90524535 | I48: =(SUM('3 Statement Model'!E230:E233)-'3 Statement Model'!E232)/SUM('3 Statement Model'!E240:E242) -> 0.90799031 | J48: =(SUM('3 Statement Model'!F230:F233)-'3 Statement Model'!F232)/SUM('3 Statement Model'!F240:F242) -> 0.86756014 | K48: =(SUM('3 Statement Model'!G230:G233)-'3 Statement Model'!G232)/SUM('3 Statement Model'!G240:G242) -> 0.85034597 | L48: =(SUM('3 Statement Model'!H230:H233)-'3 Statement Model'!H232)/SUM('3 Statement Model'!H240:H242) -> 0.8337534 | M48: =(SUM('3 Statement Model'!I230:I233)-'3 Statement Model'!I232)/SUM('3 Statement Model'!I240:I242) -> 0.89840465
E49: Leverage Ratios
E50: Interest Coverage Ratio | F50: =-'3 Statement Model'!B206/'3 Statement Model'!B209 -> 3.8292683 | G50: =-'3 Statement Model'!C206/'3 Statement Model'!C209 -> 3.6477663 | H50: =-'3 Statement Model'!D206/'3 Statement Model'!D209 -> 3.7227036 | I50: =-'3 Statement Model'!E206/'3 Statement Model'!E209 -> 3.9709302 | J50: =-'3 Statement Model'!F206/'3 Statement Model'!F209 -> 4.8007017 | K50: =-'3 Statement Model'!G206/'3 Statement Model'!G209 -> 5.2874336 | L50: =-'3 Statement Model'!H206/'3 Statement Model'!H209 -> 5.8445645 | M50: =-'3 Statement Model'!I206/'3 Statement Model'!I209 -> 6.3528485
E51: Debt/EBITDA | F51: =E13 -> 7.8912568 | G51: =F13 -> 7.6820594 | H51: =G13 -> 7.7123487 | I51: =H13 -> 7.6632454 | J51: =I13 -> 5.7530724 | K51: =J13 -> 5.4304286 | L51: =K13 -> 5.1888132 | M51: =L13 -> 4.9393655
E52: Net Debt/EBITDA | F52: =E17 -> 7.247541 | G52: =F17 -> 7.0774947 | H52: =G17 -> 7.0663438 | I52: =H17 -> 7.0948192 | J52: =I17 -> 5.3424134 | K52: =J17 -> 5.0413279 | L52: =K17 -> 4.8189562 | M52: =L17 -> 4.5005628
E54: System-Wide Sales
E55: 2022 | F55: =E55+1 -> 2023 | G55: =F55+1 -> 2024 | H55: =G55+1 -> 2025 | I55: =H55+1 -> 2026 | J55: =I55+1 -> 2027 | K55: =J55+1 -> 2028 | L55: =K55+1 -> 2029
E58: Comparable Sales
F59: 2022 | G59: =F59+1 -> 2023 | H59: =G59+1 -> 2024 | I59: =H59+1 -> 2025 | J59: =I59+1 -> 2026 | K59: =J59+1 -> 2027 | L59: =K59+1 -> 2028 | M59: =L59+1 -> 2029
E60: TH
E61: BK
E62: PLK
E63: FHS
E64: INTL
E65: RH
E67: Return on Assets
F68: 2022 | G68: =F68+1 -> 2023 | H68: =G68+1 -> 2024 | I68: =H68+1 -> 2025 | J68: =I68+1 -> 2026 | K68: =J68+1 -> 2027 | L68: =K68+1 -> 2028 | M68: =L68+1 -> 2029
E69: Opening | F69: =BS!I35 -> 23246 | G69: =F70 -> 22746 | H69: =G70 -> 23391 | I69: =H70 -> 24632 | J69: =I70 -> 25615 | K69: =J70 -> 25617.043 | L69: =K70 -> 25650.585 | M69: =L70 -> 25698.092
E70: Closing | F70: ='3 Statement Model'!B237 -> 22746 | G70: ='3 Statement Model'!C237 -> 23391 | H70: ='3 Statement Model'!D237 -> 24632 | I70: ='3 Statement Model'!E237 -> 25615 | J70: ='3 Statement Model'!F237 -> 25617.043 | K70: ='3 Statement Model'!G237 -> 25650.585 | L70: ='3 Statement Model'!H237 -> 25698.092 | M70: ='3 Statement Model'!I237 -> 26018.819
E71: Average | F71: =AVERAGE(F69:F70) -> 22996 | G71: =AVERAGE(G69:G70) -> 23068.5 | H71: =AVERAGE(H69:H70) -> 24011.5 | I71: =AVERAGE(I69:I70) -> 25123.5 | J71: =AVERAGE(J69:J70) -> 25616.022 | K71: =AVERAGE(K69:K70) -> 25633.814 | L71: =AVERAGE(L69:L70) -> 25674.338 | M71: =AVERAGE(M69:M70) -> 25858.455
E72: Net Income | F72: ='3 Statement Model'!B219 -> 1008 | G72: ='3 Statement Model'!C219 -> 1190 | H72: ='3 Statement Model'!D219 -> 1021 | I72: ='3 Statement Model'!E219 -> 776 | J72: ='3 Statement Model'!F219 -> 1079.6632 | K72: ='3 Statement Model'!G219 -> 1170.1302 | L72: ='3 Statement Model'!H219 -> 1269.2886 | M72: ='3 Statement Model'!I219 -> 1365.3199
E74: Return on Equity
E76: Opening Shareholders Equity | F76: =BS!I77 -> 3853 | G76: =F77 -> 4268 | H76: =G77 -> 4730 | I76: =H77 -> 4843 | J76: =I77 -> 5159 | K76: =J77 -> 5139.6734 | L76: =K77 -> 5179.344 | M76: =L77 -> 4985.8851
E77: Closing Shareholders Equity | F77: ='3 Statement Model'!B251 -> 4268 | G77: ='3 Statement Model'!C251 -> 4730 | H77: ='3 Statement Model'!D251 -> 4843 | I77: ='3 Statement Model'!E251 -> 5159 | J77: ='3 Statement Model'!F251 -> 5139.6734 | K77: ='3 Statement Model'!G251 -> 5179.344 | L77: ='3 Statement Model'!H251 -> 4985.8851 | M77: ='3 Statement Model'!I251 -> 5155.8395
E78: Average | F78: =AVERAGE(F76:F77) -> 4060.5 | G78: =AVERAGE(G76:G77) -> 4499 | H78: =AVERAGE(H76:H77) -> 4786.5 | I78: =AVERAGE(I76:I77) -> 5001 | J78: =AVERAGE(J76:J77) -> 5149.3367 | K78: =AVERAGE(K76:K77) -> 5159.5087 | L78: =AVERAGE(L76:L77) -> 5082.6146 | M78: =AVERAGE(M76:M77) -> 5070.8623
E79: Net Income | F79: ='3 Statement Model'!B219 -> 1008 | G79: ='3 Statement Model'!C219 -> 1190 | H79: ='3 Statement Model'!D219 -> 1021 | I79: ='3 Statement Model'!E219 -> 776 | J79: ='3 Statement Model'!F219 -> 1079.6632 | K79: ='3 Statement Model'!G219 -> 1170.1302 | L79: ='3 Statement Model'!H219 -> 1269.2886 | M79: ='3 Statement Model'!I219 -> 1365.3199
E81: Return on Invested Capital
E82: NOPAT | F82: ='3 Statement Model'!B206*(1-'3 Statement Model'!B14) -> 2215.9429 | G82: ='3 Statement Model'!C206*(1-'3 Statement Model'!C14) -> 2510.1955 | H82: ='3 Statement Model'!D206*(1-'3 Statement Model'!D14) -> 1715.7877 | I82: ='3 Statement Model'!E206*(1-'3 Statement Model'!E14) -> 1461.3118 | J82: ='3 Statement Model'!F206*(1-'3 Statement Model'!F14) -> 1815.7903 | K82: ='3 Statement Model'!G206*(1-'3 Statement Model'!G14) -> 1921.4018 | L82: ='3 Statement Model'!H206*(1-'3 Statement Model'!H14) -> 2038.8922 | M82: ='3 Statement Model'!I206*(1-'3 Statement Model'!I14) -> 2157.5181
E83: Invested Capital | F83: =('3 Statement Model'!B241+'3 Statement Model'!B243)+'3 Statement Model'!B251-'3 Statement Model'!B230 -> 17531 | G83: =('3 Statement Model'!C241+'3 Statement Model'!C243)+'3 Statement Model'!C251-'3 Statement Model'!C230 -> 18064 | H83: =('3 Statement Model'!D241+'3 Statement Model'!D243)+'3 Statement Model'!D251-'3 Statement Model'!D230 -> 19435 | I83: =('3 Statement Model'!E241+'3 Statement Model'!E243)+'3 Statement Model'!E251-'3 Statement Model'!E230 -> 19675 | J83: =('3 Statement Model'!F241+'3 Statement Model'!F243)+'3 Statement Model'!F251-'3 Statement Model'!F230 -> 19580.63 | K83: =('3 Statement Model'!G241+'3 Statement Model'!G243)+'3 Statement Model'!G251-'3 Statement Model'!G230 -> 19501.898 | L83: =('3 Statement Model'!H241+'3 Statement Model'!H243)+'3 Statement Model'!H251-'3 Statement Model'!H230 -> 19417.224 | M83: =('3 Statement Model'!I241+'3 Statement Model'!I243)+'3 Statement Model'!I251-'3 Statement Model'!I230 -> 19332.11
E86: Revenue Growth Rates
F87: 2025 | G87: =F87+1 -> 2026 | H87: =G87+1 -> 2027 | I87: =H87+1 -> 2028 | J87: =I87+1 -> 2029 | M87: 2025 | N87: =M87+1 -> 2026 | O87: =N87+1 -> 2027 | P87: =O87+1 -> 2028 | Q87: =P87+1 -> 2029
E88: TH | F88: =('3 Statement Model'!E156-'3 Statement Model'!D156)/'3 Statement Model'!D156 -> 0.051485149 | G88: =('3 Statement Model'!F156-'3 Statement Model'!E156)/'3 Statement Model'!E156 -> 0.06458903 | H88: =('3 Statement Model'!G156-'3 Statement Model'!F156)/'3 Statement Model'!F156 -> 0.04754 | I88: =('3 Statement Model'!H156-'3 Statement Model'!G156)/'3 Statement Model'!G156 -> 0.04754 | J88: =('3 Statement Model'!I156-'3 Statement Model'!H156)/'3 Statement Model'!H156 -> 0.04754 | L88: RH | M88: =('3 Statement Model'!E190-'3 Statement Model'!D190)/'3 Statement Model'!D190 -> 0.64874552 | N88: =('3 Statement Model'!F190-'3 Statement Model'!E190)/'3 Statement Model'!E190 -> 0.074974078 | O88: =('3 Statement Model'!G190-'3 Statement Model'!F190)/'3 Statement Model'!F190 -> 0.059331046 | P88: =('3 Statement Model'!H190-'3 Statement Model'!G190)/'3 Statement Model'!G190 -> 0.06916077 | Q88: =('3 Statement Model'!I190-'3 Statement Model'!H190)/'3 Statement Model'!H190 -> 0.058638171
E89: BK | F89: =('3 Statement Model'!E163-'3 Statement Model'!D163)/'3 Statement Model'!D163 -> 0.042729152 | G89: =('3 Statement Model'!F163-'3 Statement Model'!E163)/'3 Statement Model'!E163 -> 0.010799249 | H89: =('3 Statement Model'!G163-'3 Statement Model'!F163)/'3 Statement Model'!F163 -> 0.024824121 | I89: =('3 Statement Model'!H163-'3 Statement Model'!G163)/'3 Statement Model'!G163 -> 0.03515 | J89: =('3 Statement Model'!I163-'3 Statement Model'!H163)/'3 Statement Model'!H163 -> 0.0403
E90: PLK | F90: =('3 Statement Model'!E170-'3 Statement Model'!D170)/'3 Statement Model'!D170 -> 0.041666667 | G90: =('3 Statement Model'!F170-'3 Statement Model'!E170)/'3 Statement Model'!E170 -> -0.025445562 | H90: =('3 Statement Model'!G170-'3 Statement Model'!F170)/'3 Statement Model'!F170 -> 0.0506 | I90: =('3 Statement Model'!H170-'3 Statement Model'!G170)/'3 Statement Model'!G170 -> 0.0609 | J90: =('3 Statement Model'!I170-'3 Statement Model'!H170)/'3 Statement Model'!H170 -> 0.0609
E91: FHS | F91: =('3 Statement Model'!E177-'3 Statement Model'!D177)/'3 Statement Model'!D177 -> 0.088785047 | G91: =('3 Statement Model'!F177-'3 Statement Model'!E177)/'3 Statement Model'!E177 -> 0.1214451 | H91: =('3 Statement Model'!G177-'3 Statement Model'!F177)/'3 Statement Model'!F177 -> 0.14815849 | I91: =('3 Statement Model'!H177-'3 Statement Model'!G177)/'3 Statement Model'!G177 -> 0.13788152 | J91: =('3 Statement Model'!I177-'3 Statement Model'!H177)/'3 Statement Model'!H177 -> 0.12760476
E92: INTL | F92: =('3 Statement Model'!E183-'3 Statement Model'!D183)/'3 Statement Model'!D183 -> 0.067379679 | G92: =('3 Statement Model'!F183-'3 Statement Model'!E183)/'3 Statement Model'!E183 -> 0.12325893 | H92: =('3 Statement Model'!G183-'3 Statement Model'!F183)/'3 Statement Model'!F183 -> 0.12872077 | I92: =('3 Statement Model'!H183-'3 Statement Model'!G183)/'3 Statement Model'!G183 -> 0.113 | J92: =('3 Statement Model'!I183-'3 Statement Model'!H183)/'3 Statement Model'!H183 -> 0.097048544
E95: Average EV/EBITDA
E96: 2018 | F96: =E96+1 -> 2019 | G96: =F96+1 -> 2020 | H96: =G96+1 -> 2021 | I96: =H96+1 -> 2022 | J96: =I96+1 -> 2023 | K96: =J96+1 -> 2024
E97: 19.86 | F97: 20.56 | G97: 30.81 | H97: 24.13 | I97: 19.15 | J97: 21.04 | K97: 15.75
E100: Historical Results | I100: Forecast Period
F101: 2023A | G101: 2024A | H101: 2025A | I101: 2026E | J101: 2027E | K101: 2028E | L101: 2029E | M101: 2030E
E103: Store Forecast
E105: Tim Hortons - US & Canada | F105: ='3 Statement Model'!C37 -> 4525 | G105: ='3 Statement Model'!D37 -> 4539 | H105: ='3 Statement Model'!E37 -> 4586 | I105: ='3 Statement Model'!F37 -> 4677.72 | J105: ='3 Statement Model'!G37 -> 4771.2744 | K105: ='3 Statement Model'!H37 -> 4866.6999 | L105: ='3 Statement Model'!I37 -> 4964.0339 | M105: ='3 Statement Model'!J37 -> 5063.3146
E106: Net Restaurant Growth (NRG Units) | F106: ='3 Statement Model'!C36 -> 0.0013277274 | G106: ='3 Statement Model'!D36 -> 0.0030939227 | H106: ='3 Statement Model'!E36 -> 0.010354704 | I106: ='3 Statement Model'!F36 -> 0.02 | J106: ='3 Statement Model'!G36 -> 0.02 | K106: ='3 Statement Model'!H36 -> 0.02 | L106: ='3 Statement Model'!I36 -> 0.02 | M106: ='3 Statement Model'!J36 -> 0.02
E107: Burger King - US & Canada | F107: ='3 Statement Model'!C56 -> 7144 | G107: ='3 Statement Model'!D56 -> 7082 | H107: ='3 Statement Model'!E56 -> 7025 | I107: ='3 Statement Model'!F56 -> 6954.75 | J107: ='3 Statement Model'!G56 -> 6954.75 | K107: ='3 Statement Model'!H56 -> 7024.2975 | L107: ='3 Statement Model'!I56 -> 7094.5405 | M107: ='3 Statement Model'!J56 -> 7165.4859
E108: Net Restaurant Growth (NRG Units) | F108: ='3 Statement Model'!C55 -> -0.033157396 | G108: ='3 Statement Model'!D55 -> -0.0086786114 | H108: ='3 Statement Model'!E55 -> -0.0080485738 | I108: ='3 Statement Model'!F55 -> -0.01 | J108: ='3 Statement Model'!G55 -> 0 | K108: ='3 Statement Model'!H55 -> 0.01 | L108: ='3 Statement Model'!I55 -> 0.01 | M108: ='3 Statement Model'!J55 -> 0.01
E109: PLK - US & Canada | F109: ='3 Statement Model'!C74 -> 3394 | G109: ='3 Statement Model'!D74 -> 3520 | H109: ='3 Statement Model'!E74 -> 3578 | I109: ='3 Statement Model'!F74 -> 3545.26 | J109: ='3 Statement Model'!G74 -> 3651.6178 | K109: ='3 Statement Model'!H74 -> 3761.1663 | L109: ='3 Statement Model'!I74 -> 3874.0013 | M109: ='3 Statement Model'!J74 -> 3990.2214
E110: Net Restaurant Growth (NRG Units) | F110: ='3 Statement Model'!C73 -> 0.049149923 | G110: ='3 Statement Model'!D73 -> 0.037124337 | H110: ='3 Statement Model'!E73 -> 0.016477273 | I110: ='3 Statement Model'!F73 -> 0.03 | J110: ='3 Statement Model'!G73 -> 0.03 | K110: ='3 Statement Model'!H73 -> 0.03 | L110: ='3 Statement Model'!I73 -> 0.03 | M110: ='3 Statement Model'!J73 -> 0.03
E111: Firehouse Subs - US & Canada | F111: ='3 Statement Model'!C92 -> 1265 | G111: ='3 Statement Model'!D92 -> 1345 | H111: ='3 Statement Model'!E92 -> 1449 | I111: ='3 Statement Model'!F92 -> 1622.88 | J111: ='3 Statement Model'!G92 -> 1801.3968 | K111: ='3 Statement Model'!H92 -> 1981.5365 | L111: ='3 Statement Model'!I92 -> 2159.8748 | M111: ='3 Statement Model'!J92 -> 2332.6647
E112: Net Restaurant Growth (NRG Units) | F112: ='3 Statement Model'!C91 -> 0.018518519 | G112: ='3 Statement Model'!D91 -> 0.063241107 | H112: ='3 Statement Model'!E91 -> 0.07732342 | I112: ='3 Statement Model'!F91 -> 0.12 | J112: ='3 Statement Model'!G91 -> 0.11 | K112: ='3 Statement Model'!H91 -> 0.1 | L112: ='3 Statement Model'!I91 -> 0.09 | M112: ='3 Statement Model'!J91 -> 0.08
E113: International | F113: ='3 Statement Model'!C110 -> 14742 | G113: ='3 Statement Model'!D110 -> 15639 | H113: ='3 Statement Model'!E110 -> 16403 | I113: ='3 Statement Model'!F110 -> 17551.21 | J113: ='3 Statement Model'!G110 -> 18604.283 | K113: ='3 Statement Model'!H110 -> 19720.54 | L113: ='3 Statement Model'!I110 -> 20706.567 | M113: ='3 Statement Model'!J110 -> 21741.895
E114: Net Restaurant Growth (NRG Units) | F114: ='3 Statement Model'!C109 -> 0.090626618 | G114: ='3 Statement Model'!D109 -> 0.060846561 | H114: ='3 Statement Model'!E109 -> 0.048852228 | I114: ='3 Statement Model'!F109 -> 0.07 | J114: ='3 Statement Model'!G109 -> 0.06 | K114: ='3 Statement Model'!H109 -> 0.06 | L114: ='3 Statement Model'!I109 -> 0.05 | M114: ='3 Statement Model'!J109 -> 0.05
E115: RH | F115: ='3 Statement Model'!C127+'3 Statement Model'!C133 -> 0 | G115: ='3 Statement Model'!D127+'3 Statement Model'!D133 -> 1036 | H115: ='3 Statement Model'!E127+'3 Statement Model'!E133 -> 1087 | I115: ='3 Statement Model'!F127+'3 Statement Model'!F133 -> 1087 | J115: ='3 Statement Model'!G127+'3 Statement Model'!G133 -> 1087 | K115: ='3 Statement Model'!H127+'3 Statement Model'!H133 -> 1087 | L115: ='3 Statement Model'!I127+'3 Statement Model'!I133 -> 1087 | M115: ='3 Statement Model'!J127+'3 Statement Model'!J133 -> 1087
E116: N/A

Sheet Share Price Performance
B2: Date | C2: Last Price | O2: Date | P2: QSR | Q2: MCD | R2: YUM | S2: SBUX | T2: CMG | U2: SHAK | V2: WEN | AF2: Date | AG2: QSR | AH2: MCD | AI2: YUM | AJ2: SBUX | AK2: CMG | AL2: SHAK | AM2: WEN | BA2: Date | BB2: QSR | BC2: SPX | BE2: Date | BF2: QSR | BG2: SPX
B3: 46045 | C3: 68.4 | O3: 46045 | P3: 68.4 | Q3: 309.25 | R3: 152.97 | S3: 97.62 | T3: 40.87 | U3: 92.25 | V3: 8.42 | AF3: 46045 | AG3: =(P3-AG$1256)/AG$1256 -> 0.19768867 | AH3: =(Q3-AH$1256)/AH$1256 -> 0.49396135 | AI3: =(R3-AI$1256)/AI$1256 -> 0.49941188 | AJ3: =(S3-AJ$1256)/AJ$1256 -> -0.0025544089 | AK3: =(T3-AK$1256)/AK$1256 -> 0.39358684 | AL3: =(U3-AL$1256)/AL$1256 -> -0.262 | AM3: =(V3-AM$1256)/AM$1256 -> -0.59244918 | BA3: 46045 | BB3: 68.4 | BC3: 6915.61 | BE3: 46045 | BF3: =(BB3-BF$1256)/BF$1256 -> 0.19768867 | BG3: =(BC3-BG$1256)/BG$1256 -> 0.84378408 | BT3: Date | BU3: Dividend Yield
B4: 46044 | C4: 68.55 | O4: 46044 | P4: 68.55 | Q4: 306.03 | R4: 153.53 | S4: 95.83 | T4: 40.54 | U4: 92.59 | V4: 8.43 | AF4: 46044 | AG4: =(P4-AG$1256)/AG$1256 -> 0.20031518 | AH4: =(Q4-AH$1256)/AH$1256 -> 0.4784058 | AI4: =(R4-AI$1256)/AI$1256 -> 0.504901 | AJ4: =(S4-AJ$1256)/AJ$1256 -> -0.020843977 | AK4: =(T4-AK$1256)/AK$1256 -> 0.38233449 | AL4: =(U4-AL$1256)/AL$1256 -> -0.25928 | AM4: =(V4-AM$1256)/AM$1256 -> -0.59196515 | BA4: 46044 | BB4: 68.55 | BC4: 6913.35 | BE4: 46044 | BF4: =(BB4-BF$1256)/BF$1256 -> 0.20031518 | BG4: =(BC4-BG$1256)/BG$1256 -> 0.84318153 | BT4: 46045 | BU4: =BV4/100 -> 0.036257 | BV4: 3.6257
B5: 46043 | C5: 68.02 | O5: 46043 | P5: 68.02 | Q5: 305.69 | R5: 154.41 | S5: 96.43 | T5: 40.72 | U5: 94.81 | V5: 8.36 | AF5: 46043 | AG5: =(P5-AG$1256)/AG$1256 -> 0.19103485 | AH5: =(Q5-AH$1256)/AH$1256 -> 0.47676329 | AI5: =(R5-AI$1256)/AI$1256 -> 0.51352676 | AJ5: =(S5-AJ$1256)/AJ$1256 -> -0.014713395 | AK5: =(T5-AK$1256)/AK$1256 -> 0.38847214 | AL5: =(U5-AL$1256)/AL$1256 -> -0.24152 | AM5: =(V5-AM$1256)/AM$1256 -> -0.59535334 | BA5: 46043 | BB5: 68.02 | BC5: 6875.62 | BE5: 46043 | BF5: =(BB5-BF$1256)/BF$1256 -> 0.19103485 | BG5: =(BC5-BG$1256)/BG$1256 -> 0.83312227 | BT5: 46044 | BU5: =BV5/100 -> 0.036178 | BV5: 3.6178
B6: 46042 | C6: 68.28 | O6: 46042 | P6: 68.28 | Q6: 302.84 | R6: 153.2 | S6: 93.66 | T6: 39 | U6: 97.16 | V6: 8.17 | AF6: 46042 | AG6: =(P6-AG$1256)/AG$1256 -> 0.19558746 | AH6: =(Q6-AH$1256)/AH$1256 -> 0.46299517 | AI6: =(R6-AI$1256)/AI$1256 -> 0.50166634 | AJ6: =(S6-AJ$1256)/AJ$1256 -> -0.043016246 | AK6: =(T6-AK$1256)/AK$1256 -> 0.32982351 | AL6: =(U6-AL$1256)/AL$1256 -> -0.22272 | AM6: =(V6-AM$1256)/AM$1256 -> -0.60454985 | BA6: 46042 | BB6: 68.28 | BC6: 6796.86 | BE6: 46042 | BF6: =(BB6-BF$1256)/BF$1256 -> 0.19558746 | BG6: =(BC6-BG$1256)/BG$1256 -> 0.81212391 | BT6: 46043 | BU6: =BV6/100 -> 0.03646 | BV6: 3.646
B7: 46038 | C7: 68.33 | O7: 46038 | P7: 68.33 | Q7: 307.43 | R7: 160.26 | S7: 92.99 | T7: 39.96 | U7: 99.12 | V7: 8.32 | AF7: 46038 | AG7: =(P7-AG$1256)/AG$1256 -> 0.19646297 | AH7: =(Q7-AH$1256)/AH$1256 -> 0.48516908 | AI7: =(R7-AI$1256)/AI$1256 -> 0.57086846 | AJ7: =(S7-AJ$1256)/AJ$1256 -> -0.049862062 | AK7: =(T7-AK$1256)/AK$1256 -> 0.36255763 | AL7: =(U7-AL$1256)/AL$1256 -> -0.20704 | AM7: =(V7-AM$1256)/AM$1256 -> -0.59728945 | BA7: 46038 | BB7: 68.33 | BC7: 6940.01 | BE7: 46038 | BF7: =(BB7-BF$1256)/BF$1256 -> 0.19646297 | BG7: =(BC7-BG$1256)/BG$1256 -> 0.85028941 | BT7: 46042 | BU7: =BV7/100 -> 0.036321 | BV7: 3.6321
B8: 46037 | C8: 69.53 | O8: 46037 | P8: 69.53 | Q8: 308.62 | R8: 161.05 | S8: 93.28 | T8: 40.36 | U8: 100.77 | V8: 8.54 | AF8: 46037 | AG8: =(P8-AG$1256)/AG$1256 -> 0.21747505 | AH8: =(Q8-AH$1256)/AH$1256 -> 0.49091787 | AI8: =(R8-AI$1256)/AI$1256 -> 0.57861204 | AJ8: =(S8-AJ$1256)/AJ$1256 -> -0.046898948 | AK8: =(T8-AK$1256)/AK$1256 -> 0.37619684 | AL8: =(U8-AL$1256)/AL$1256 -> -0.19384 | AM8: =(V8-AM$1256)/AM$1256 -> -0.58664085 | BA8: 46037 | BB8: 69.53 | BC8: 6944.47 | BE8: 46037 | BF8: =(BB8-BF$1256)/BF$1256 -> 0.21747505 | BG8: =(BC8-BG$1256)/BG$1256 -> 0.8514785 | BT8: 46038 | BU8: =BV8/100 -> 0.036294 | BV8: 3.6294
B9: 46036 | C9: 69.88 | O9: 46036 | P9: 69.88 | Q9: 308.13 | R9: 157.13 | S9: 91.15 | T9: 40.59 | U9: 99.93 | V9: 8.48 | AF9: 46036 | AG9: =(P9-AG$1256)/AG$1256 -> 0.22360357 | AH9: =(Q9-AH$1256)/AH$1256 -> 0.48855072 | AI9: =(R9-AI$1256)/AI$1256 -> 0.5401882 | AJ9: =(S9-AJ$1256)/AJ$1256 -> -0.068662511 | AK9: =(T9-AK$1256)/AK$1256 -> 0.38403939 | AL9: =(U9-AL$1256)/AL$1256 -> -0.20056 | AM9: =(V9-AM$1256)/AM$1256 -> -0.58954501 | BA9: 46036 | BB9: 69.88 | BC9: 6926.6 | BE9: 46036 | BF9: =(BB9-BF$1256)/BF$1256 -> 0.22360357 | BG9: =(BC9-BG$1256)/BG$1256 -> 0.84671414 | BT9: 46037 | BU9: =BV9/100 -> 0.035668 | BV9: 3.5668
B10: 46035 | C10: 69.26 | O10: 46035 | P10: 69.26 | Q10: 309.44 | R10: 156.36 | S10: 90.56 | T10: 39.41 | U10: 98.45 | V10: 8.34 | AF10: 46035 | AG10: =(P10-AG$1256)/AG$1256 -> 0.21274733 | AH10: =(Q10-AH$1256)/AH$1256 -> 0.49487923 | AI10: =(R10-AI$1256)/AI$1256 -> 0.53264066 | AJ10: =(S10-AJ$1256)/AJ$1256 -> -0.074690917 | AK10: =(T10-AK$1256)/AK$1256 -> 0.3438037 | AL10: =(U10-AL$1256)/AL$1256 -> -0.2124 | AM10: =(V10-AM$1256)/AM$1256 -> -0.59632139 | BA10: 46035 | BB10: 69.26 | BC10: 6963.74 | BE10: 46035 | BF10: =(BB10-BF$1256)/BF$1256 -> 0.21274733 | BG10: =(BC10-BG$1256)/BG$1256 -> 0.85661611 | BT10: 46036 | BU10: =BV10/100 -> 0.035489 | BV10: 3.5489
B11: 46034 | C11: 69.52 | O11: 46034 | P11: 69.52 | Q11: 306.75 | R11: 156.92 | S11: 89.96 | T11: 40.34 | U11: 96.72 | V11: 8.5 | AF11: 46034 | AG11: =(P11-AG$1256)/AG$1256 -> 0.21729995 | AH11: =(Q11-AH$1256)/AH$1256 -> 0.48188406 | AI11: =(R11-AI$1256)/AI$1256 -> 0.53812978 | AJ11: =(S11-AJ$1256)/AJ$1256 -> -0.080821498 | AK11: =(T11-AK$1256)/AK$1256 -> 0.37551488 | AL11: =(U11-AL$1256)/AL$1256 -> -0.22624 | AM11: =(V11-AM$1256)/AM$1256 -> -0.58857696 | BA11: 46034 | BB11: 69.52 | BC11: 6977.27 | BE11: 46034 | BF11: =(BB11-BF$1256)/BF$1256 -> 0.21729995 | BG11: =(BC11-BG$1256)/BG$1256 -> 0.86022337 | BT11: 46035 | BU11: =BV11/100 -> 0.035807 | BV11: 3.5807
B12: 46031 | C12: 69 | O12: 46031 | P12: 69 | Q12: 307.32 | R12: 155.52 | S12: 88.88 | T12: 40.11 | U12: 93.29 | V12: 8.65 | AF12: 46031 | AG12: =(P12-AG$1256)/AG$1256 -> 0.20819471 | AH12: =(Q12-AH$1256)/AH$1256 -> 0.48463768 | AI12: =(R12-AI$1256)/AI$1256 -> 0.52440698 | AJ12: =(S12-AJ$1256)/AJ$1256 -> -0.091856544 | AK12: =(T12-AK$1256)/AK$1256 -> 0.36767233 | AL12: =(U12-AL$1256)/AL$1256 -> -0.25368 | AM12: =(V12-AM$1256)/AM$1256 -> -0.58131655 | BA12: 46031 | BB12: 69 | BC12: 6966.28 | BE12: 46031 | BF12: =(BB12-BF$1256)/BF$1256 -> 0.20819471 | BG12: =(BC12-BG$1256)/BG$1256 -> 0.8572933 | BT12: 46034 | BU12: =BV12/100 -> 0.035673 | BV12: 3.5673
B13: 46030 | C13: 68.66 | O13: 46030 | P13: 68.66 | Q13: 308.88 | R13: 153.48 | S13: 88.18 | T13: 39.18 | U13: 91.8 | V13: 8.38 | AF13: 46030 | AG13: =(P13-AG$1256)/AG$1256 -> 0.20224129 | AH13: =(Q13-AH$1256)/AH$1256 -> 0.49217391 | AI13: =(R13-AI$1256)/AI$1256 -> 0.5044109 | AJ13: =(S13-AJ$1256)/AJ$1256 -> -0.099008889 | AK13: =(T13-AK$1256)/AK$1256 -> 0.33596116 | AL13: =(U13-AL$1256)/AL$1256 -> -0.2656 | AM13: =(V13-AM$1256)/AM$1256 -> -0.59438529 | BA13: 46030 | BB13: 68.66 | BC13: 6921.46 | BE13: 46030 | BF13: =(BB13-BF$1256)/BF$1256 -> 0.20224129 | BG13: =(BC13-BG$1256)/BG$1256 -> 0.84534376 | BT13: 46031 | BU13: =BV13/100 -> 0.035942 | BV13: 3.5942
B14: 46029 | C14: 67.46 | O14: 46029 | P14: 67.46 | Q14: 304.16 | R14: 150.49 | S14: 86.69 | T14: 38.87 | U14: 90.55 | V14: 8.22 | AF14: 46029 | AG14: =(P14-AG$1256)/AG$1256 -> 0.18122921 | AH14: =(Q14-AH$1256)/AH$1256 -> 0.46937198 | AI14: =(R14-AI$1256)/AI$1256 -> 0.47510292 | AJ14: =(S14-AJ$1256)/AJ$1256 -> -0.11423317 | AK14: =(T14-AK$1256)/AK$1256 -> 0.32539076 | AL14: =(U14-AL$1256)/AL$1256 -> -0.2756 | AM14: =(V14-AM$1256)/AM$1256 -> -0.60212972 | BA14: 46029 | BB14: 67.46 | BC14: 6920.93 | BE14: 46029 | BF14: =(BB14-BF$1256)/BF$1256 -> 0.18122921 | BG14: =(BC14-BG$1256)/BG$1256 -> 0.84520245 | BT14: 46030 | BU14: =BV14/100 -> 0.03612 | BV14: 3.612
B15: 46028 | C15: 67.68 | O15: 46028 | P15: 67.68 | Q15: 302.77 | R15: 151.41 | S15: 89.46 | T15: 38.62 | U15: 89.82 | V15: 8.44 | AF15: 46028 | AG15: =(P15-AG$1256)/AG$1256 -> 0.18508142 | AH15: =(Q15-AH$1256)/AH$1256 -> 0.462657 | AI15: =(R15-AI$1256)/AI$1256 -> 0.48412076 | AJ15: =(S15-AJ$1256)/AJ$1256 -> -0.085930316 | AK15: =(T15-AK$1256)/AK$1256 -> 0.31686625 | AL15: =(U15-AL$1256)/AL$1256 -> -0.28144 | AM15: =(V15-AM$1256)/AM$1256 -> -0.59148112 | BA15: 46028 | BB15: 67.68 | BC15: 6944.82 | BE15: 46028 | BF15: =(BB15-BF$1256)/BF$1256 -> 0.18508142 | BG15: =(BC15-BG$1256)/BG$1256 -> 0.85157181 | BT15: 46029 | BU15: =BV15/100 -> 0.036763 | BV15: 3.6763
... B1255: 44224 | C1255: 58.56 | O1255: 44224 | P1255: 58.56 | Q1255: 206.82 | R1255: 102.53 | S1255: 98.15 | T1255: 29.6108 | U1255: 116.14 | V1255: 20.63 | AF1255: 44224 | AG1255: =(P1255-AG$1256)/AG$1256 -> 0.025389599 | AH1255: =(Q1255-AH$1256)/AH$1256 -> -0.00086956522 | AI1255: =(R1255-AI$1256)/AI$1256 -> 0.0049990198 | AJ1255: =(S1255-AJ$1256)/AJ$1256 -> 0.002860938 | AK1255: =(T1255-AK$1256)/AK$1256 -> 0.0096702038 | AL1255: =(U1255-AL$1256)/AL$1256 -> -0.07088 | AM1255: =(V1255-AM$1256)/AM$1256 -> -0.0014520813 | BA1255: 44224 | BB1255: 58.56 | BC1255: 3787.38 | BE1255: 44224 | BF1255: =(BB1255-BF$1256)/BF$1256 -> 0.025389599 | BG1255: =(BC1255-BG$1256)/BG$1256 -> 0.0097606625 | BT1255: 44225 | BU1255: =BV1255/100 -> 0.036049 | BV1255: 3.6049
B1256: 44223 | C1256: 57.11 | O1256: 44223 | P1256: 57.11 | Q1256: 207 | R1256: 102.02 | S1256: 97.87 | T1256: 29.3272 | U1256: 125 | V1256: 20.66 | AF1256: 44223 | AG1256: 57.11 | AH1256: 207 | AI1256: 102.02 | AJ1256: 97.87 | AK1256: 29.3272 | AL1256: 125 | AM1256: 20.66 | BA1256: 44223 | BB1256: 57.11 | BC1256: 3750.77 | BE1256: 44223 | BF1256: 57.11 | BG1256: 3750.77 | BT1256: 44224 | BU1256: =BV1256/100 -> 0.035519 | BV1256: 3.5519
BA1257: 44222 | BB1257: 59.7 | BC1257: 3849.62 | BT1257: 44223 | BU1257: =BV1257/100 -> 0.036421 | BV1257: 3.6421
BT1258: 44222 | BU1258: =BV1258/100 -> 0.034841 | BV1258: 3.4841
BT1259: 44221 | BU1259: =BV1259/100 -> 0.035218 | BV1259: 3.5218
BT1260: 44218 | BU1260: =BV1260/100 -> 0.034621 | BV1260: 3.4621
BT1261: 44217 | BU1261: =BV1261/100 -> 0.034329 | BV1261: 3.4329
BT1262: 44216 | BU1262: =BV1262/100 -> 0.033948 | BV1262: 3.3948
BT1263: 44215 | BU1263: =BV1263/100 -> 0.033673 | BV1263: 3.3673
BT1264: 44211 | BU1264: =BV1264/100 -> 0.033063 | BV1264: 3.3063
BT1265: 44210 | BU1265: =BV1265/100 -> 0.032379 | BV1265: 3.2379
BT1266: 44209 | BU1266: =BV1266/100 -> 0.032922 | BV1266: 3.2922
BT1267: 44208 | BU1267: =BV1267/100 -> 0.0332 | BV1267: 3.32
BT1268: 44207 | BU1268: =BV1268/100 -> 0.03288 | BV1268: 3.288
BT1269: 44204 | BU1269: =BV1269/100 -> 0.032429 | BV1269: 3.2429
... BT1273: 44200 | BU1273: =BV1273/100 -> 0.035023 | BV1273: 3.5023

Sheet IS
A2: Restaurant Brands International Inc (QSR CN) - BBG Adjusted
A4: In Millions of USD except Per Share | C4: FY 2018 | D4: FY 2019 | E4: FY 2020 | F4: FY 2021 | G4: FY 2022 | H4: FY 2023 | I4: FY 2024 | J4: FY 2025 | K4: FY 2026 Est
A5: 12 Months Ending | C5: 12/31/2018 | D5: 12/31/2019 | E5: 12/31/2020 | F5: 12/31/2021 | G5: 12/31/2022 | H5: 12/31/2023 | I5: 12/31/2024 | J5: 12/31/2025 | K5: 12/31/2026
A6: Revenue | B6: SALES_REV_TURN | C6: 5357 | D6: 5603 | E6: 4968 | F6: 5739 | G6: 6505 | H6: 7022 | I6: 8406 | J6: 9434 | K6: 9727.6774
A7: + Sales & Services Revenue | B7: IS_SALES_AND_SERVICES_REVENUES | C7: 5357 | D7: 5603 | E7: 4968 | F7: 5739 | G7: 6505 | H7: 7022 | I7: 8406 | J7: 9434
A8: - Cost of Revenue | B8: IS_COGS_TO_FE_AND_PP_AND_G | C8: 2240 | D8: 2353 | E8: 2138 | F8: 2379 | G8: 2830 | H8: 2947 | I8: 4052 | J8: 4883
A9: + Cost of Goods & Services | B9: IS_COG_AND_SERVICES_SOLD | C9: 2240 | D9: 2353 | E9: 2138 | F9: 2379 | G9: 2830 | H9: 2947 | I9: 4052 | J9: 4883
A10: Gross Profit | B10: GROSS_PROFIT | C10: 3117 | D10: 3250 | E10: 2830 | F10: 3360 | G10: 3675 | H10: 4075 | I10: 4354 | J10: 4551 | K10: 4932.127
A11: + Other Operating Income | B11: IS_OTHER_OPER_INC | C11: 0 | D11: 0 | E11: 0 | F11: 0 | G11: 0 | H11: 0 | I11: 0 | J11: 0
A12: - Operating Expenses | B12: IS_OPERATING_EXPN | C12: 1137 | D12: 1201 | E12: 1348 | F12: 1362 | G12: 1634 | H12: 1952 | I12: 2206 | J12: 2502
A13: + Selling, General & Admin | B13: IS_SGA_EXPENSE | C13: 1139 | D13: 1208 | E13: 1229 | F13: 1416 | G13: 1613 | H13: 1920 | I13: 2043 | J13: 2099
A14: + Selling & Marketing | B14: IS_SELLING_EXPENSES | C14: — | D14: — | E14: — | F14: 962 | G14: 1077 | H14: 1273 | I14: 1330 | J14: 1358
A15: + General & Administrative | B15: IS_GENERAL_AND_ADMINISTRATIVE | C15: — | D15: — | E15: — | F15: 454 | G15: 536 | H15: 647 | I15: 713 | J15: 741
A16: + Research & Development | B16: IS_OPERATING_EXPENSES_RD | C16: 0 | D16: 0 | E16: 0 | F16: 0 | G16: 0 | H16: 0 | I16: 0 | J16: 0
A17: + Depreciation & Amortization | B17: IS_DEPRECIATION_AND_AMORTIZATION | C17: 20 | D17: 19 | E17: 19 | F17: 20 | G17: 25 | H17: 0 | I17: 0 | J17: 0
A18: + Other Operating Expense | B18: IS_OTHER_OPERATING_EXPENSES | C18: -22 | D18: -26 | E18: 100 | F18: -74 | G18: -4 | H18: 32 | I18: 163 | J18: 403
A19: Operating Income (Loss) | B19: IS_OPER_INC | C19: 1980 | D19: 2049 | E19: 1482 | F19: 1998 | G19: 2041 | H19: 2123 | I19: 2148 | J19: 2049 | K19: 2712.5
A20: - Non-Operating (Income) Loss | B20: IS_NONOP_INCOME_LOSS | C20: 513 | D20: 521 | E20: 547 | F20: 509 | G20: 577 | H20: 574 | I20: 508 | J20: 505
A21: + Interest Expense, Net | B21: IS_NET_INTEREST_EXPENSE | C21: 535 | D21: 532 | E21: 508 | F21: 505 | G21: 533 | H21: 582 | I21: 577 | J21: 516
A22: + Interest Expense | B22: IS_INT_EXPENSE | C22: 550 | D22: 552 | E22: 517 | F22: 508 | G22: 533 | H22: 582 | I22: 577 | J22: 547
A23: - Interest Income | B23: IS_INT_INC | C23: 15 | D23: 20 | E23: 9 | F23: 3 | G23: 0 | H23: 0 | I23: 0 | J23: 31
A24: + Foreign Exch (Gain) Loss | B24: IS_FOREIGN_EXCH_LOSS | C24: -33 | D24: -15 | E24: 100 | F24: -76 | G24: -4 | H24: 20 | I24: -71 | J24: 209
A25: + (Income) Loss from Affiliates | B25: INCOME_LOSS_FROM_AFFILIATES | C25: -22 | D25: -11 | E25: 39 | F25: 4 | G25: 44 | H25: -8 | I25: -69 | J25: -11
A26: + Other Non-Op (Income) Loss | B26: IS_OTHER_NON_OPERATING_INC_LOSS | C26: 33 | D26: 15 | E26: -100 | F26: 76 | G26: 4 | H26: -20 | I26: 71 | J26: -209
A27: Pretax Income (Loss), Adjusted | B27: PRETAX_INC | C27: 1467 | D27: 1528 | E27: 935 | F27: 1489 | G27: 1464 | H27: 1549 | I27: 1640 | J27: 1544 | K27: 2235.542
A28: - Abnormal Losses (Gains) | B28: IS_ABNORMAL_ITEM | C28: 85 | D28: 76 | E28: 119 | F28: 126 | G28: 99 | H28: 96 | I28: -169 | J28: -140
A29: + Merger/Acquisition Expense | B29: IS_MERGER_ACQUISITION_EXPENSE | C29: 10 | D29: — | E29: — | F29: 18 | G29: 24 | H29: 19 | I29: 22 | J29: 37
A30: + Abnormal Derivatives | B30: IS_DERIVATIVES_HEDGING | C30: — | D30: — | E30: — | F30: — | G30: — | H30: — | I30: -191 | J30: -198
A31: + Disposal of Assets | B31: IS_GAIN_LOSS_DISPOSAL_ASSETS | C31: 19 | D31: 7 | E31: — | F31: — | G31: 4 | H31: — | I31: — | J31: —
A32: + Early Extinguishment of Debt | B32: IS_G_L_ON_EXT_DBT_OR_SETTLE_DBT | C32: — | D32: 23 | E32: 98 | F32: 11 | G32: — | H32: 16 | I32: 33 | J32: 2
A33: + Gain/Loss on Sale/Acquisition of Business | B33: IS_SALE_OF_BUSINESS | C33: — | D33: 11 | E33: — | F33: — | G33: — | H33: — | I33: — | J33: —
A34: + Legal Settlement | B34: IS_LEGAL_LITIGATION_SETTLEMENT | C34: 11 | D34: 2 | E34: 7 | F34: 81 | G34: 11 | H34: 1 | I34: — | J34: —
A35: + Restructuring | B35: IS_RESTRUCTURING_EXPENSES | C35: 25 | D35: 31 | E35: 16 | F35: 16 | G35: 46 | H35: 38 | I35: 20 | J35: 14
A36: + Sale of Investments | B36: IS_GAIN_LOSS_ON_INVESTMENTS | C36: — | D36: — | E36: — | F36: — | G36: — | H36: 6 | I36: -53 | J36: 5
A37: + Other Abnormal Items | B37: IS_OTHER_ONE_TIME_ITEMS | C37: 20 | D37: 2 | E37: -2 | F37: — | G37: 14 | H37: 16 | I37: — | J37: —
A38: Pretax Income (Loss), GAAP | B38: PRETAX_INC | C38: 1382 | D38: 1452 | E38: 816 | F38: 1363 | G38: 1365 | H38: 1453 | I38: 1809 | J38: 1684 | K38: 2235.542
A39: - Income Tax Expense (Benefit) | B39: IS_INC_TAX_EXP | C39: 238 | D39: 341 | E39: 66 | F39: 110 | G39: -117 | H39: -265 | I39: 364 | J39: 483
A40: + Current Income Tax | B40: IS_CURRENT_INCOME_TAX_BENEFIT | C40: 209 | D40: 283 | E40: 274 | F40: 115 | G40: -57 | H40: 165 | I40: 369 | J40: 386
A41: + Deferred Income Tax | B41: IS_DEFERRED_INCOME_TAX_BENEFIT | C41: 29 | D41: 58 | E41: -208 | F41: -5 | G41: -60 | H41: -430 | I41: -5 | J41: 97
A42: Income (Loss) from Cont Ops | B42: IS_INC_BEF_XO_ITEM | C42: 1144 | D42: 1111 | E42: 750 | F42: 1253 | G42: 1482 | H42: 1718 | I42: 1445 | J42: 1201 | K42: 1552.143
A43: - Net Extraordinary Losses (Gains) | B43: XO_GL_NET_OF_TAX | C43: 0 | D43: 0 | E43: 0 | F43: 0 | G43: 0 | H43: 0 | I43: 0 | J43: 126
A44: + Discontinued Operations | B44: IS_DISCONTINUED_OPERATIONS | C44: 0 | D44: 0 | E44: 0 | F44: 0 | G44: 0 | H44: 0 | I44: 0 | J44: 126
A45: + XO & Accounting Changes | B45: EXTRAORD_ITEMS_ACCOUNTING_CHANGS | C45: 0 | D45: 0 | E45: 0 | F45: 0 | G45: 0 | H45: 0 | I45: 0 | J45: 0
A46: Income (Loss) Incl. MI | B46: NI_INCLUDING_MINORITY_INT_RATIO | C46: 1144 | D46: 1111 | E46: 750 | F46: 1253 | G46: 1482 | H46: 1718 | I46: 1445 | J46: 1075
A47: - Minority Interest | B47: MIN_NONCONTROL_INTEREST_CREDITS | C47: 532 | D47: 468 | E47: 264 | F47: 415 | G47: 474 | H47: 528 | I47: 424 | J47: 299
A48: Net Income, GAAP | B48: NET_INCOME | C48: 612 | D48: 643 | E48: 486 | F48: 838 | G48: 1008 | H48: 1190 | I48: 1021 | J48: 776 | K48: 1552.143
A49: - Preferred Dividends | B49: IS_TOT_CASH_PFD_DVD | C49: 0 | D49: 0 | E49: 0 | F49: 0 | G49: 0 | H49: 0 | I49: 0 | J49: 0
A50: - Other Adjustments | B50: OTHER_ADJUSTMENTS | C50: 0 | D50: 0 | E50: 0 | F50: 0 | G50: 0 | H50: 0 | I50: 0 | J50: 0
A51: Net Income Avail to Common, GAAP | B51: EARN_FOR_COMMON | C51: 612 | D51: 643 | E51: 486 | F51: 838 | G51: 1008 | H51: 1190 | I51: 1021 | J51: 776 | K51: 1552.143
A53: Net Income Avail to Common, Adj | B53: EARN_FOR_COMMON | C53: 743.455 | D53: 751.86 | E53: 509.07 | F53: 850.37 | G53: 824.435 | H53: 845.425 | I53: 974.6856 | J53: 828 | K53: 1836
A54: Net Abnormal Losses (Gains) | B54: IS_NET_ABNORMAL_ITEMS | C54: 131.455 | D54: 108.86 | E54: 23.07 | F54: 12.37 | G54: -183.565 | H54: -344.575 | I54: -46.3144 | J54: -74
A55: Net Extraordinary Losses (Gains) | B55: XO_GL_NET_OF_TAX | C55: 0 | D55: 0 | E55: 0 | F55: 0 | G55: 0 | H55: 0 | I55: 0 | J55: 126
A57: Basic Weighted Avg Shares | B57: IS_AVG_NUM_SH_FOR_EPS | C57: 249 | D57: 268 | E57: 302 | F57: 310 | G57: 307 | H57: 312 | I57: 319 | J57: 329
A58: Basic EPS, GAAP | B58: IS_EPS | C58: 2.46 | D58: 2.4 | E58: 1.61 | F58: 2.71 | G58: 3.2834 | H58: 3.8141 | I58: 3.21 | J58: 2.36 | K58: 3.824
A59: Basic EPS from Cont Ops, GAAP | B59: IS_EARN_BEF_XO_ITEMS_PER_SH | C59: 2.46 | D59: 2.4 | E59: 1.61 | F59: 2.71 | G59: 3.2834 | H59: 3.8141 | I59: 3.21 | J59: 2.74 | K59: 3.824
A60: Basic EPS from Cont Ops, Adjusted | B60: IS_BASIC_EPS_CONT_OPS | C60: 2.9858 | D60: 2.8054 | E60: 1.6857 | F60: 2.7431 | G60: 2.6855 | H60: 2.7097 | I60: 3.0554 | J60: 2.52 | K60: 4.012
A62: Diluted Weighted Avg Shares | B62: IS_SH_FOR_DILUTED_EPS | C62: 473 | D62: 469 | E62: 468 | F62: 464 | G62: 455 | H62: 456 | I62: 454 | J62: 457
A63: Diluted EPS, GAAP | B63: IS_DILUTED_EPS | C63: 2.42 | D63: 2.37 | E63: 1.6 | F63: 2.69 | G63: 2.2154 | H63: 3.761 | I63: 2.248 | J63: 2.35 | K63: 3.824
A64: Diluted EPS from Cont Ops, GAAP | B64: IS_DIL_EPS_BEF_XO | C64: 2.42 | D64: 2.37 | E64: 1.6 | F64: 2.69 | G64: 2.2154 | H64: 3.761 | I64: 2.248 | J64: 2.63 | K64: 3.824
A65: Diluted EPS from Cont Ops, Adjusted | B65: IS_DIL_EPS_CONT_OPS | C65: 2.6979 | D65: 2.6021 | E65: 1.6493 | F65: 2.7167 | G65: 1.8119 | H65: 2.7097 | I65: 2.146 | J65: 2.46 | K65: 4.012
A67: Reference Items
A68: Accounting Standard | B68: ACCOUNTING_STANDARD | C68: US GAAP | D68: US GAAP | E68: US GAAP | F68: US GAAP | G68: US GAAP | H68: US GAAP | I68: US GAAP | J68: US GAAP
A69: EBITDA | B69: EBITDA | C69: 2160 | D69: 1813 | E69: 1336 | F69: 1814 | G69: 1830 | H69: 1884 | I69: 2065 | J69: 2046 | K69: 3154.4333
A70: EBITDA Margin (T12M) | B70: EBITDA_MARGIN | C70: 40.3211 | D70: 32.3577 | E70: 26.8921 | F70: 31.6083 | G70: 28.1322 | H70: 26.83 | I70: 24.5658 | J70: 21.69 | K70: 32.427403
A71: EBITA | B71: EBITA | C71: 2012 | D71: 1677 | E71: 1196 | F71: 1654 | G71: 1679 | H71: 1730 | I71: — | J71: 1836
A72: EBIT | B72: EBIT | C72: 1980 | D72: 2049 | E72: 1482 | F72: 1998 | G72: 2041 | H72: 2123 | I72: 2148 | J72: 2049 | K72: 2712.5
A73: Gross Margin | B73: GROSS_MARGIN | C73: 58.1856 | D73: 58.0046 | E73: 56.9646 | F73: 58.5468 | G73: 56.495 | H73: 58.0319 | I73: 51.7963 | J73: 48.24 | K73: 50.702
A74: Operating Margin | B74: OPER_MARGIN | C74: 36.961 | D74: 36.5697 | E74: 29.8309 | F74: 34.8144 | G74: 31.3759 | H74: 30.2336 | I74: 25.5532 | J74: 21.72 | K74: 27.884355
A75: Profit Margin | B75: PROF_MARGIN | C75: 13.8782 | D75: 13.4189 | E75: 10.247 | F75: 14.8174 | G75: 12.6739 | H75: 12.0397 | I75: 11.5951 | J75: 8.78 | K75: 18.873982
A76: Sales per Employee | B76: ACTUAL_SALES_PER_EMPL | C76: 892833.33 | D76: 889365.08 | E76: 955384.62 | F76: 1006800 | G76: 1016400 | H76: 780222.22 | I76: 223563.83 | J76: —
A77: Dividends per Share | B77: EQY_DPS | C77: 1.8 | D77: 2 | E77: 2.08 | F77: 2.12 | G77: 2.16 | H77: 2.32 | I77: 2.48 | J77: 2.51 | K77: 2.589
A78: Total Cash Common Dividends | B78: IS_TOT_CASH_COM_DVD | C78: 448.2 | D78: 536 | E78: 628.16 | F78: 657.2 | G78: 663.12 | H78: 723.84 | I78: 791.12 | J78: 825.8
A79: Depreciation Expense | B79: IS_DEPR_EXP | C79: 148 | D79: 136 | E79: 140 | F79: 160 | G79: 151 | H79: 154 | I79: — | J79: 210
A80: Rental Expense | B80: BS_CURR_RENTAL_EXPENSE | C80: 281 | D80: -223 | E80: -158 | F80: -192 | G80: -205 | H80: -229 | I80: -141 | J80: -89
A81: Source: Bloomberg | C81: Right click to show data transparency (not supported for all values) | J81: f
G83: =G72+G80 -> 1836 | H83: =H72+H80 -> 1894 | I83: =I72+I80 -> 2007

Sheet BS
A2: Restaurant Brands International Inc (QSR CN) - Standardized
A4: In Millions of USD except Per Share | C4: FY 2015 | D4: FY 2016 | E4: FY 2017 | F4: FY 2018 | G4: FY 2019 | H4: FY 2020 | I4: FY 2021 | J4: FY 2022 | K4: FY 2023 | L4: FY 2024 | M4: FY 2025
A5: 12 Months Ending | C5: 12/31/2015 | D5: 12/31/2016 | E5: 12/31/2017 | F5: 12/31/2018 | G5: 12/31/2019 | H5: 12/31/2020 | I5: 12/31/2021 | J5: 12/31/2022 | K5: 12/31/2023 | L5: 12/31/2024 | M5: 12/31/2025
A6: Total Assets
A7: + Cash, Cash Equivalents & STI | B7: CASH_CASH_EQTY_STI_DETAILED | C7: 757.8 | D7: 1460.4 | E7: 1073.4 | F7: 913 | G7: 1533 | H7: 1560 | I7: 1087 | J7: 1178 | K7: 1139 | L7: 1334 | M7: 1163
A8: + Cash & Cash Equivalents | B8: BS_CASH_NEAR_CASH_ITEM | C8: 757.8 | D8: 1460.4 | E8: 1073.4 | F8: 913 | G8: 1533 | H8: 1560 | I8: 1087 | J8: 1178 | K8: 1139 | L8: 1334 | M8: 1163
A9: + ST Investments | B9: BS_MKT_SEC_OTHER_ST_INVEST | C9: 0 | D9: 0 | E9: 0 | F9: 0 | G9: 0 | H9: 0 | I9: 0 | J9: 0 | K9: 0 | L9: 0 | M9: 0
A10: + Accounts & Notes Receiv | B10: BS_ACCT_NOTE_RCV | C10: 422 | D10: 403.5 | E10: 455.9 | F10: 452 | G10: 527 | H10: 536 | I10: 547 | J10: 614 | K10: 749 | L10: 698 | M10: 794
A11: + Inventories | B11: BS_INVENTORIES | C11: 81.3 | D11: 71.8 | E11: 78 | F11: 75 | G11: 84 | H11: 96 | I11: 96 | J11: 133 | K11: 166 | L11: 142 | M11: 205
A12: + Raw Materials | B12: INVTRY_RAW_MATERIALS | C12: 22.7 | D12: — | E12: — | F12: — | G12: — | H12: — | I12: — | J12: — | K12: — | L12: — | M12: —
A13: + Work In Process | B13: INVTRY_IN_PROGRESS | C13: 0 | D13: — | E13: — | F13: — | G13: — | H13: — | I13: — | J13: — | K13: — | L13: — | M13: —
A14: + Finished Goods | B14: INVTRY_FINISHED_GOODS | C14: 58.6 | D14: — | E14: — | F14: — | G14: — | H14: — | I14: — | J14: — | K14: — | L14: — | M14: —
A15: + Other Inventory | B15: BS_OTHER_INV | C15: 0 | D15: — | E15: — | F15: — | G15: — | H15: — | I15: — | J15: — | K15: — | L15: — | M15: —
A16: + Other ST Assets | B16: OTHER_CURRENT_ASSETS_DETAILED | C16: 108.4 | D16: 161.3 | E16: 142.3 | F16: 60 | G16: 52 | H16: 72 | I16: 86 | J16: 123 | K16: 119 | L16: 108 | M16: 668
A17: + Prepaid Expenses | B17: BS_PREPAY | C17: 50.9 | D17: — | E17: — | F17: — | G17: — | H17: — | I17: — | J17: — | K17: — | L17: — | M17: —
A18: + Derivative & Hedging Assets | B18: BS_DERIV_HEDGING_ASST_ST | C18: 0 | D18: 0 | E18: 0 | F18: 0 | G18: 0 | H18: 0 | I18: 0 | J18: 0 | K18: 0 | L18: 0 | M18: 0
A19: + Assets Held-for-Sale | M19: 489
A20: + Deferred Tax Assets | B20: BS_DEFERRED_TAX_ASSETS_ST | C20: 0 | D20: 103.6 | E20: 0 | F20: — | G20: — | H20: — | I20: — | J20: — | K20: — | L20: — | M20: —
A21: + Misc ST Assets | B21: BS_OTHER_CUR_ASSET_LESS_PREPAY | C21: 57.5 | D21: 57.7 | E21: 142.3 | F21: 60 | G21: 52 | H21: 72 | I21: 86 | J21: 123 | K21: 119 | L21: 108 | M21: 179
A22: Total Current Assets | B22: BS_CUR_ASSET_REPORT | C22: 1369.5 | D22: 2097 | E22: 1749.6 | F22: 1500 | G22: 2196 | H22: 2264 | I22: 1816 | J22: 2048 | K22: 2173 | L22: 2282 | M22: 2830
A23: + Property, Plant & Equip, Net | B23: BS_NET_FIX_ASSET | C23: 2150.6 | D23: 2054.7 | E23: 2133.3 | F23: 1996 | G23: 3183 | H23: 3183 | I23: 3165 | J23: 3032 | K23: 3074 | L23: 4088 | M23: 4264
A24: + Property, Plant & Equip | B24: BS_GROSS_FIX_ASSET | C24: 2489.9 | D24: 2529.2 | E24: 2756.6 | F24: 2700 | G24: 3929 | H24: 4062 | I24: 4144 | J24: 4093 | K24: 4261 | L24: 5175 | M24: 5509
A25: - Accumulated Depreciation | B25: BS_ACCUM_DEPR | C25: 339.3 | D25: 474.5 | E25: 623.3 | F25: 704 | G25: 746 | H25: 879 | I25: 979 | J25: 1061 | K25: 1187 | L25: 1087 | M25: 1245
A26: + LT Investments & Receivables | B26: BS_LT_INVEST | C26: 139 | D26: 151.1 | E26: 226.4 | F26: 313 | G26: 48 | H26: 66 | I26: 80 | J26: 82 | K26: 0 | L26: 0 | M26: 0
A27: + LT Investments | B27: BS_LONG_TERM_INVESTMENTS | C27: 139 | D27: 151.1 | E27: 226.4 | F27: 313 | G27: 48 | H27: 66 | I27: 80 | J27: 82 | K27: — | L27: — | M27: —
A28: + Other LT Assets | B28: BS_OTHER_ASSETS_DEF_CHRG_OTHER | C28: 14752 | D28: 14822.1 | E28: 17114.2 | F28: 16332 | G28: 16933 | H28: 17264 | I28: 18185 | J28: 17584 | K28: 18144 | L28: 18262 | M28: 18521
A29: + Total Intangible Assets | B29: BS_DISCLOSED_INTANGIBLES | C29: 13722.2 | D29: 13903.1 | E29: 16844.5 | F29: 15949 | G29: 16214 | H29: 16440 | I29: 17423 | J29: 16679 | K29: 16882 | L29: 16908 | M29: 17496
A30: + Goodwill | B30: BS_GOODWILL | C30: 4574.4 | D30: 4675.1 | E30: 5782.3 | F30: 5486 | G30: 5651 | H30: 5739 | I30: 6006 | J30: 5688 | K30: 5775 | L30: 5986 | M30: 6306
A31: + Other Intangible Assets | B31: OTHER_INTANGIBLE_ASSETS_DETAILED | C31: 9147.8 | D31: 9228 | E31: 11062.2 | F31: 10463 | G31: 10563 | H31: 10701 | I31: 11417 | J31: 10991 | K31: 11107 | L31: 10922 | M31: 11190
A32: + Derivative & Hedging Assets | B32: BS_DERIV_HEDGING_ASST_LT | C32: 830.9 | D32: 717.9 | E32: 0 | F32: 58 | G32: 29 | H32: 0 | I32: 25 | J32: 365 | K32: 197 | L32: 286 | M32: 66
A33: + Misc LT Assets | B33: OTHER_NONCURRENT_ASSETS_DETAILED | C33: 198.9 | D33: 201.1 | E33: 269.7 | F33: 325 | G33: 690 | H33: 824 | I33: 737 | J33: 540 | K33: 1065 | L33: 1068 | M33: 959
A34: Total Noncurrent Assets | B34: BS_TOT_NON_CUR_ASSET | C34: 17041.6 | D34: 17027.9 | E34: 19473.9 | F34: 18641 | G34: 20164 | H34: 20513 | I34: 21430 | J34: 20698 | K34: 21218 | L34: 22350 | M34: 22785
A35: Total Assets | B35: BS_TOT_ASSET | C35: 18411.1 | D35: 19124.9 | E35: 21223.5 | F35: 20141 | G35: 22360 | H35: 22777 | I35: 23246 | J35: 22746 | K35: 23391 | L35: 24632 | M35: 25615
A37: Liabilities & Shareholders' Equity
A38: + Payables & Accruals | B38: ACCT_PAYABLE_ACCRUALS_DETAILED | C38: 814.5 | D38: 784.4 | E38: 1208.2 | F38: 1123 | G38: 1271 | H38: 1115 | I38: 1373 | J38: 1579 | K38: 1571 | L38: 1642 | M38: 1860
A39: + Accounts Payable | B39: BS_ACCT_PAYABLE | C39: 361.5 | D39: 369.8 | E39: 412.9 | F39: 513 | G39: 644 | H39: 464 | I39: 614 | J39: — | K39: — | L39: — | M39: —
A40: + Accrued Taxes | B40: BS_TAXES_PAYABLE | C40: 46.9 | D40: 43.3 | E40: 401 | F40: 113 | G40: 126 | H40: 122 | I40: 106 | J40: 190 | K40: 187 | L40: 263 | M40: 232
A41: + Interest & Dividends Payable | B41: INTEREST_DIVIDENDS_PAYABLE | C41: 191.4 | D41: 209.4 | E41: 185.5 | F41: 294 | G41: 303 | H41: 305 | I41: 304 | J41: 332 | K41: 18 | L41: 16 | M41: 25
A42: + Other Payables & Accruals | B42: BS_ACCRUAL | C42: 214.7 | D42: 161.9 | E42: 208.8 | F42: 203 | G42: 198 | H42: 224 | I42: 349 | J42: 1057 | K42: 1366 | L42: 1363 | M42: 1603
A43: + ST Debt | B43: BS_ST_BORROW | C43: 56.1 | D43: 93.9 | E43: 78.2 | F43: 91 | G43: 227 | H43: 248 | I43: 236 | J43: 264 | K43: 248 | L43: 415 | M43: 268
A44: + ST Borrowings | B44: SHORT_TERM_DEBT_DETAILED | C44: 0 | D44: 0 | E44: 0 | F44: 0 | G44: 0 | H44: 0 | I44: 0 | J44: 0 | K44: 0 | L44: 0 | M44: 0
A45: + ST Lease Liabilities | B45: ST_CAPITALIZED_LEASE_LIABILITIES | C45: 17.1 | D45: 19.1 | E45: 21.4 | F45: 21 | G45: 153 | H45: 169 | I45: 174 | J45: 169 | K45: 181 | L45: 228 | M45: 236
A46: + ST Finance Leases | B46: ST_CAPITAL_LEASE_OBLIGATIONS | C46: 17.1 | D46: 19.1 | E46: 21.4 | F46: 21 | G46: 27 | H46: 32 | I46: 34 | J46: 32 | K46: 34 | L46: 35 | M46: 36
A47: + ST Operating Leases | B47: BS_ST_OPERATING_LEASE_LIABS | C47: — | D47: — | E47: — | F47: — | G47: 126 | H47: 137 | I47: 140 | J47: 137 | K47: 147 | L47: 193 | M47: 200
A48: + Current Portion of LT Debt | B48: BS_CURR_PORTION_LT_DEBT | C48: 39 | D48: 74.8 | E48: 56.8 | F48: 70 | G48: 74 | H48: 79 | I48: 62 | J48: 95 | K48: 67 | L48: 187 | M48: 32
A49: + Other ST Liabilities | B49: OTHER_CURRENT_LIABS_SUB_DETAILED | C49: 250.4 | D49: 332.4 | E49: 368.6 | F49: 194 | G49: 205 | H49: 238 | I49: 269 | J49: 273 | K49: 325 | L49: 307 | M49: 763
A50: + Deferred Revenue | B50: ST_DEFERRED_REVENUE | C50: 33.5 | D50: 54.7 | E50: 42.9 | F50: 27 | G50: 35 | H50: 42 | I50: 48 | J50: 43 | K50: 77 | L50: 71 | M50: 77
A51: + Derivatives & Hedging | B51: BS_DERIV_HEDGING_LIAB_ST | C51: 0 | D51: 0 | E51: 0 | F51: 0 | G51: 2 | H51: 5 | I51: 0 | J51: 0 | K51: 0 | L51: 0 | M51: 0
A52: + Misc ST Liabilities | B52: OTHER_CURRENT_LIABS_DETAILED | C52: 216.9 | D52: 277.7 | E52: 325.7 | F52: 167 | G52: 168 | H52: 191 | I52: 221 | J52: 230 | K52: 248 | L52: 236 | M52: 686
A53: Total Current Liabilities | B53: BS_CUR_LIAB | C53: 1121 | D53: 1210.7 | E53: 1655 | F53: 1408 | G53: 1703 | H53: 1601 | I53: 1878 | J53: 2116 | K53: 2144 | L53: 2364 | M53: 2891
A54: + LT Debt | B54: BS_LT_BORROW | C54: 8665.7 | D54: 8628.6 | E54: 12044.7 | F54: 12049 | G54: 13136 | H54: 13794 | I54: 14319 | J54: 14177 | K54: 14225 | L54: 15511 | M54: 15411
A55: + LT Borrowings | B55: LONG_TERM_BORROWINGS_DETAILED | C55: 8462.3 | D55: 8410.2 | E55: 11800.9 | F55: 11823 | G55: 11759 | H55: 12397 | I55: 12916 | J55: 12839 | K55: 12854 | L55: 13455 | M55: 13250
A56: + LT Lease Liabilities | B56: LT_CAPITALIZED_LEASE_LIABILITIES | C56: 203.4 | D56: 218.4 | E56: 243.8 | F56: 226 | G56: 1377 | H56: 1397 | I56: 1403 | J56: 1338 | K56: 1371 | L56: 2056 | M56: 2161
A57: + LT Finance Leases | B57: LT_CAPITAL_LEASE_OBLIGATIONS | C57: 203.4 | D57: 218.4 | E57: 243.8 | F57: 226 | G57: 288 | H57: 315 | I57: 333 | J57: 311 | K57: 312 | L57: 286 | M57: 261
A58: + LT Operating Leases | B58: BS_LT_OPERATING_LEASE_LIABS | C58: — | D58: — | E58: — | F58: — | G58: 1089 | H58: 1082 | I58: 1070 | J58: 1027 | K58: 1059 | L58: 1770 | M58: 1900
A59: + Other LT Liabilities | B59: OTHER_NONCUR_LIABS_SUB_DETAILED | C59: 2414.7 | D59: 2500 | E59: 2963.2 | F59: 3066 | G59: 3262 | H59: 3661 | I59: 3196 | J59: 2185 | K59: 2292 | L59: 1914 | M59: 2154
A60: + Accrued Liabilities | B60: BS_ACCRUED_LIABILITIES | C60: 0 | D60: 0 | E60: 0 | F60: 133 | G60: 0 | H60: 0 | I60: 0 | J60: 0 | K60: 34 | L60: 23 | M60: 23
A61: + Pension Liabilities | B61: PENSION_LIABILITIES | C61: 82.7 | D61: 82.9 | E61: 72 | F61: 64 | G61: 65 | H61: 70 | I61: 47 | J61: 40 | K61: 34 | L61: 23 | M61: 23
A62: + Pensions | B62: BS_PENSIONS_LT_LIABS | C62: 75 | D62: — | E62: — | F62: — | G62: — | H62: — | I62: — | J62: — | K62: — | L62: — | M62: —
A63: + Other Post-Ret Benefits | B63: BS_OPRB_LT_LIABS | C63: 7.7 | D63: — | E63: — | F63: — | G63: — | H63: — | I63: — | J63: — | K63: — | L63: — | M63: —
A64: + Deferred Revenue | B64: LT_DEFERRED_REVENUE | C64: 23.7 | D64: 27.1 | E64: 37.4 | F64: 508 | G64: 25 | H64: 28 | I64: 568 | J64: 584 | K64: 612 | L64: 571 | M64: 562
A65: + Deferred Tax Liabilities | B65: BS_DEFERRED_TAX_LIABILITIES_LT | C65: 1618.8 | D65: 1715.1 | E65: 1508.1 | F65: 1519 | G65: 1564 | H65: 1425 | I65: 1374 | J65: 1313 | K65: 1296 | L65: 1208 | M65: 1120
A66: + Derivatives & Hedging | B66: BS_DERIV_HEDGING_LIAB_LT | C66: 47.3 | D66: 55.1 | E66: 498.5 | F66: 179 | G66: 341 | H66: 864 | I66: 575 | J66: 34 | K66: 229 | L66: 1 | M66: 293
A67: + Misc LT Liabilities | B67: OTHER_NONCURRENT_LIABS_DETAILED | C67: 642.2 | D67: 619.8 | E67: 847.2 | F67: 663 | G67: 1267 | H67: 1274 | I67: 632 | J67: 214 | K67: 87 | L67: 88 | M67: 133
A68: Total Noncurrent Liabilities | B68: NON_CUR_LIAB | C68: 11080.4 | D68: 11128.6 | E68: 15007.9 | F68: 15115 | G68: 16398 | H68: 17455 | I68: 17515 | J68: 16362 | K68: 16517 | L68: 17425 | M68: 17565
A69: Total Liabilities | B69: BS_TOT_LIAB2 | C69: 12201.4 | D69: 12339.3 | E69: 16662.9 | F69: 16523 | G69: 18101 | H69: 19056 | I69: 19393 | J69: 18478 | K69: 18661 | L69: 19789 | M69: 20456
A70: + Preferred Equity and Hybrid Capital | B70: PFD_EQTY_HYBRID_CAPITAL | C70: 3297 | D70: 3297 | E70: — | F70: 0 | G70: 0 | H70: 0 | I70: 0 | J70: 0 | K70: 0 | L70: 0 | M70: 0
A71: + Share Capital & APIC | B71: BS_SH_CAP_AND_APIC | C71: 1824.5 | D71: 1955.1 | E71: 2051.5 | F71: 1737 | G71: 2478 | H71: 2399 | I71: 2156 | J71: 2057 | K71: 1973 | L71: 2357 | M71: 2859
A72: - Treasury Stock | B72: BS_AMT_OF_TSY_STOCK | C72: 0 | D72: 0 | E72: 0 | F72: 0 | G72: 0 | H72: 0 | I72: 0 | J72: 0 | K72: 0 | L72: 0 | M72: 0
A73: + Retained Earnings | B73: BS_PURE_RETAINED_EARNINGS | C73: 245.8 | D73: 445.7 | E73: 650.6 | F73: 674 | G73: 775 | H73: 622 | I73: 791 | J73: 1121 | K73: 1599 | L73: 1860 | M73: 1795
A74: + Other Equity | B74: OTHER_EQUITY_RATIO | C74: -733.7 | D74: -698.3 | E74: -475.7 | F74: -800 | G74: -763 | H74: -854 | I74: -710 | J74: -679 | K74: -706 | L74: -1107 | M74: -1020
A75: Equity Before Minority Interest | B75: EQTY_BEF_MINORITY_INT_DETAILED | C75: 4633.6 | D75: 4999.5 | E75: 2226.4 | F75: 1611 | G75: 2490 | H75: 2167 | I75: 2237 | J75: 2499 | K75: 2866 | L75: 3110 | M75: 3634
A76: + Minority/Non Controlling Interest | B76: MINORITY_NONCONTROLLING_INTEREST | C76: 1576.1 | D76: 1786.1 | E76: 2334.2 | F76: 2007 | G76: 1769 | H76: 1554 | I76: 1616 | J76: 1769 | K76: 1864 | L76: 1733 | M76: 1525
A77: Total Equity | B77: TOTAL_EQUITY | C77: 6209.7 | D77: 6785.6 | E77: 4560.6 | F77: 3618 | G77: 4259 | H77: 3721 | I77: 3853 | J77: 4268 | K77: 4730 | L77: 4843 | M77: 5159
A78: Total Liabilities & Equity | B78: TOT_LIAB_AND_EQY | C78: 18411.1 | D78: 19124.9 | E78: 21223.5 | F78: 20141 | G78: 22360 | H78: 22777 | I78: 23246 | J78: 22746 | K78: 23391 | L78: 24632 | M78: 25615
A80: Reference Items
A81: Accounting Standard | B81: ACCOUNTING_STANDARD | C81: US GAAP | D81: US GAAP | E81: US GAAP | F81: US GAAP | G81: US GAAP | H81: US GAAP | I81: US GAAP | J81: US GAAP | K81: US GAAP | L81: US GAAP | M81: US GAAP
A82: Shares Outstanding | B82: BS_SH_OUT | C82: 225.7076 | D82: 234.2367 | E82: 243.8995 | F82: 251.5325 | G82: 298.2811 | H82: 304.7187 | I82: 309.0251 | J82: 307.1424 | K82: 312.4549 | L82: 324.4266 | M82: 346.3
A83: Number of Treasury Shares | B83: BS_NUM_OF_TSY_SH | C83: 0 | D83: 0 | E83: 0 | F83: 0 | G83: 0 | H83: 0 | I83: 0 | J83: 0 | K83: 0 | L83: 0 | M83: 0
A84: Pension Obligations | B84: BS_PENSION_RSRV | C84: 82.7 | D84: 82.9 | E84: 72 | F84: 64 | G84: 65 | H84: 70 | I84: 47 | J84: 40 | K84: 34 | L84: 23 | M84: 23
A85: Future Minimum Operating Lease Obligations | B85: BS_FUTURE_MIN_OPER_LEASE_OBLIG | C85: -133.3 | D85: -321.5 | E85: 1607 | F85: 1619 | G85: 1760 | H85: 1677 | I85: 1529 | J85: 1538 | K85: 1540 | L85: 2675 | M85: 2862
A86: Capital Leases - Total | B86: BS_TOTAL_CAPITAL_LEASES | C86: 220.5 | D86: 237.5 | E86: 265.2 | F86: 247 | G86: 315 | H86: 347 | I86: 367 | J86: 343 | K86: 346 | L86: 321 | M86: 297
A87: Options Granted During Period | B87: BS_OPTIONS_GRANTED | C87: 5.046 | D87: 2.041 | E87: 2.453 | F87: 1.548 | G87: 1.16 | H87: 1.626 | I87: 0.015 | J87: 2.018 | K87: 0.028 | L87: 0 | M87: 0
A88: Options Outstanding at Period End | B88: BS_OPTIONS_OUTSTANDING | C88: 24.016 | D88: 23.663 | E88: 20.071 | F88: 13.603 | G88: 9.758 | H88: 8.202 | I88: 6.207 | J88: 7.494 | K88: 6.198 | L88: 4.615 | M88: 4
A89: Net Debt | B89: NET_DEBT | C89: 7964 | D89: 7262.1 | E89: 11049.5 | F89: 11227 | G89: 11830 | H89: 12482 | I89: 13468 | J89: 13263 | K89: 13334 | L89: 14592 | M89: 14516
A90: Net Debt to Equity | B90: NET_DEBT_TO_SHRHLDR_EQTY | C90: 128.251 | D90: 107.0222 | E90: 242.2817 | F90: 310.3096 | G90: 277.7647 | H90: 335.4475 | I90: 349.5458 | J90: 310.7545 | K90: 281.9027 | L90: 301.3008 | M90: 281.37
A91: Tangible Common Equity Ratio | B91: TCE_RATIO | C91: -264.1472 | D91: -233.6474 | E91: -333.8228 | F91: -342.0324 | G91: -223.2997 | H91: -225.2328 | I91: -260.7934 | J91: -233.7234 | K91: -215.3326 | L91: -178.638 | M91: -170.74
A92: Current Ratio | B92: CUR_RATIO | C92: 1.2217 | D92: 1.7321 | E92: 1.0572 | F92: 1.0653 | G92: 1.2895 | H92: 1.4141 | I92: 0.967 | J92: 0.9679 | K92: 1.0135 | L92: 0.9653 | M92: 0.98
A93: Cash Conversion Cycle | B93: CASH_CONVERSION_CYCLE | C93: — | D93: -12.3357 | E93: -15.1805 | F93: -32.1419 | G93: -45.1757 | H93: -39.7455 | I93: -33.5283 | J93: — | K93: — | L93: — | M93: —
A94: Number of Employees | B94: NUM_OF_EMPLOYEES | C94: 4300 | D94: 4300 | E94: 6200 | F94: 6000 | G94: 6300 | H94: 5200 | I94: 5700 | J94: 6400 | K94: 9000 | L94: 37600 | M94: —
A95: Source: Bloomberg | C95: Right click to show data transparency (not supported for all values)

Sheet CF
A2: Restaurant Brands International Inc (QSR CN) - Standardized
A4: In Millions of USD except Per Share | C4: FY 2016 | D4: FY 2017 | E4: FY 2018 | F4: FY 2019 | G4: FY 2020 | H4: FY 2021 | I4: FY 2022 | J4: FY 2023 | K4: FY 2024 | L4: FY 2025
A5: 12 Months Ending | C5: 12/31/2016 | D5: 12/31/2017 | E5: 12/31/2018 | F5: 12/31/2019 | G5: 12/31/2020 | H5: 12/31/2021 | I5: 12/31/2022 | J5: 12/31/2023 | K5: 12/31/2024 | L5: 12/31/2025
A6: Cash from Operating Activities
A7: + Net Income | B7: CF_NET_INC | C7: 615.6 | D7: 648.8 | E7: 612 | F7: 643 | G7: 486 | H7: 838 | I7: 1008 | J7: 1190 | K7: 1021 | L7: 776
A8: + Depreciation & Amortization | B8: CF_DEPR_AMORT | C8: 172.1 | D8: 182 | E8: 180 | F8: 185 | G8: 189 | H8: 201 | I8: 190 | J8: 191 | K8: 264 | L8: 301
A9: + Non-Cash Items | B9: NON_CASH_ITEMS_DETAILED | C9: 473.2 | D9: 197.2 | E9: 539 | F9: 655 | G9: 453 | H9: 451 | I9: 257 | J9: 101 | K9: 248 | L9: 585
A10: + Stock-Based Compensation | B10: CF_STOCK_BASED_COMPENSATION | C10: 35.1 | D10: 48 | E10: 48 | F10: 68 | G10: 74 | H10: 102 | I10: 136 | J10: 194 | K10: 172 | L10: 151
A11: + Deferred Income Taxes | B11: CF_DEF_INC_TAX | C11: 80.1 | D11: -742 | E11: 29 | F11: 58 | G11: -208 | H11: -5 | I11: -60 | J11: -430 | K11: -5 | L11: 97
A12: + Other Non-Cash Adj | B12: OTHER_NON_CASH_ADJ_LESS_DETAILED | C12: 358 | D12: 891.2 | E12: 462 | F12: 529 | G12: 587 | H12: 354 | I12: 181 | J12: 337 | K12: 81 | L12: 337
A13: + Chg in Non-Cash Work Cap | B13: CF_CHNG_NON_CASH_WORK_CAP | C13: 8.1 | D13: 363 | E13: -166 | F13: -7 | G13: -207 | H13: 236 | I13: 35 | J13: -159 | K13: -30 | L13: -74
A14: + (Inc) Dec in Inventories | B14: CF_CHANGE_IN_INVENTORIES | C14: 7.7 | D14: 19 | E14: -7 | F14: -15 | G14: -10 | H14: 12 | I14: -61 | J14: -43 | K14: 30 | L14: -67
A15: + Inc (Dec) in Accts Payable | B15: CF_CHANGE_IN_ACCOUNTS_PAYABLE | C15: 27.5 | D15: 14 | E15: 41 | F15: 112 | G15: -183 | H15: 149 | I15: 169 | J15: 22 | K15: -30 | L15: 89
A16: + Inc (Dec) in Other | B16: INC_DEC_IN_OT_OP_AST_LIAB_DETAIL | C16: -27.1 | D16: 330 | E16: -200 | F16: -104 | G16: -14 | H16: 75 | I16: -73 | J16: -138 | K16: -30 | L16: -96
A17: + Net Cash From Disc Ops | B17: CF_NET_CASH_DISCONT_OPS_OPER | C17: 0 | D17: 0 | E17: 0 | F17: 0 | G17: 0 | H17: 0 | I17: 0 | J17: 0 | K17: 0 | L17: 126
A18: Cash from Operating Activities | B18: CF_CASH_FROM_OPER | C18: 1269 | D18: 1391 | E18: 1165 | F18: 1476 | G18: 921 | H18: 1726 | I18: 1490 | J18: 1323 | K18: 1503 | L18: 1714
A20: Cash from Investing Activities
A21: + Change in Fixed & Intang | B21: FIXED_INTANG_ASST_CHANGE | C21: -3.7 | D21: -11 | E21: -78 | F21: -54 | G21: -105 | H21: -90 | I21: -88 | J21: -83 | K21: -167 | L21: -227
A22: + Disp in Fixed & Intang | B22: DISPOSAL_OF_FIXED_INTANG | C22: 30 | D22: 26 | E22: 8 | F22: 8 | G22: 12 | H22: 16 | I22: 12 | J22: 37 | K22: 34 | L22: 38
A23: + Disp of Fixed Prod Assets | B23: CF_DISPOSAL_OF_FIXED_PROD_ASSETS | C23: 30 | D23: 26 | E23: 8 | F23: 8 | G23: 12 | H23: 16 | I23: 12 | J23: 37 | K23: 34 | L23: 38
A24: + Disp of Intangible Assets | B24: CF_DISPOSAL_OF_INTANGIBLE_ASSETS | C24: 0 | D24: 0 | E24: 0 | F24: 0 | G24: 0 | H24: 0 | I24: 0 | J24: 0 | K24: 0 | L24: 0
A25: + Acq of Fixed & Intang | B25: ACQUIS_OF_FIXED_INTANG | C25: -33.7 | D25: -37 | E25: -86 | F25: -62 | G25: -117 | H25: -106 | I25: -100 | J25: -120 | K25: -201 | L25: -265
A26: + Acq of Fixed Prod Assets | B26: CF_PURCHASE_OF_FIXED_PROD_ASSETS | C26: -33.7 | D26: -37 | E26: -86 | F26: -62 | G26: -117 | H26: -106 | I26: -100 | J26: -120 | K26: -201 | L26: -265
A27: + Acq of Intangible Assets | B27: CF_ACQUISITION_OF_INTANG_ASSETS | C27: 0 | D27: 0 | E27: 0 | F27: 0 | G27: 0 | H27: 0 | I27: 0 | J27: 0 | K27: 0 | L27: 0
A28: + Net Change in LT Investment | B28: NET_CHG_IN_LT_INVEST_DETAILED | C28: 0 | D28: 0 | E28: 0 | F28: 0 | G28: 0 | H28: 0 | I28: 0 | J28: 0 | K28: 0 | L28: 0
A29: + Dec in LT Investment | B29: CF_DECR_INVEST | C29: 0 | D29: 0 | E29: 0 | F29: 0 | G29: 0 | H29: 0 | I29: 0 | J29: 0 | K29: 0 | L29: 0
A30: + Inc in LT Investment | B30: CF_INCR_INVEST | C30: 0 | D30: 0 | E30: 0 | F30: 0 | G30: 0 | H30: 0 | I30: 0 | J30: 0 | K30: 0 | L30: 0
A31: + Net Cash From Acq & Div | B31: CF_NT_CSH_RCVD_PD_FOR_ACQUIS_DIV | C31: 0 | D31: -1636 | E31: 0 | F31: 0 | G31: 0 | H31: 0 | I31: 0 | J31: 0 | K31: 0 | L31: 0
A32: + Cash from Divestitures | B32: CF_CASH_FOR_DIVESTITURES | C32: 0 | D32: 0 | E32: 0 | F32: 0 | G32: 0 | H32: 0 | I32: 0 | J32: 0 | K32: 0 | L32: 0
... A35: + Other Investing Activities | B35: OTHER_INVESTING_ACT_DETAILED | C35: 30.6 | D35: 789 | E35: 34 | F35: 24 | G35: 26 | H35: -1013 | I35: 24 | J35: 94 | K35: -493 | L35: -91
A36: + Net Cash From Disc Ops | B36: CF_NET_CASH_DISCONTINUED_OPS_INV | C36: 0 | D36: 0 | E36: 0 | F36: 0 | G36: 0 | H36: 0 | I36: 0 | J36: 0 | K36: 0 | L36: —
A37: Cash from Investing Activities | B37: CF_CASH_FROM_INV_ACT | C37: 26.9 | D37: -858 | E37: -44 | F37: -30 | G37: -79 | H37: -1103 | I37: -64 | J37: 11 | K37: -660 | L37: -318
A39: Cash from Financing Activities
A40: + Dividends Paid | B40: CF_DVD_PAID | C40: -538.1 | D40: -664 | E40: -728 | F40: -901 | G40: -959 | H40: -974 | I40: -971 | J40: -990 | K40: -1029 | L40: -1108
A41: + Cash From (Repayment) Debt | B41: PROC_FR_REPAYMNTS_BOR_DETAILED | C41: -69.7 | D41: 3108 | E41: 1 | F41: -16 | G41: 527 | H41: 446 | I41: -92 | J41: -37 | K41: 260 | L41: -427
A42: + Cash From (Repay) ST Debt | B42: CF_NET_CHG_ST_DEBT_CPTL_LEAS | C42: 0 | D42: 0 | E42: 0 | F42: 0 | G42: 0 | H42: 0 | I42: 0 | J42: 0 | K42: 0 | L42: 0 | P42: FY 2016 | Q42: FY 2017 | R42: FY 2018 | S42: FY 2019 | T42: FY 2020 | U42: FY 2021 | V42: FY 2022 | W42: FY 2023 | X42: FY 2024 | Y42: FY 2025
A43: + Cash From LT Debt | B43: CF_LT_DEBT_CAP_LEAS_PROCEEDS | C43: 0 | D43: 5850 | E43: 75 | F43: 2250 | G43: 5235 | H43: 1335 | I43: 2 | J43: 55 | K43: 2450 | L43: 0 | N43: + Cash From LT Debt | P43: 0 | Q43: 5850 | R43: 75 | S43: 2250 | T43: 5235 | U43: 1335 | V43: 2 | W43: 55 | X43: 2450 | Y43: 0
A44: + Repayments of LT Debt | B44: CF_LT_DEBT_CAP_LEAS_PAYMENT | C44: -69.7 | D44: -2742 | E44: -74 | F44: -2266 | G44: -4708 | H44: -889 | I44: -94 | J44: -92 | K44: -2190 | L44: -427 | N44: + Repayments of LT Debt | P44: -69.7 | Q44: -2742 | R44: -74 | S44: -2266 | T44: -4708 | U44: -889 | V44: -94 | W44: -92 | X44: -2190 | Y44: -427
A45: + Cash (Repurchase) of Equity | B45: PROC_FR_REPURCH_EQTY_DETAILED | C45: 22.3 | D45: -301 | E45: -500 | F45: 102 | G45: -298 | H45: -491 | I45: -275 | J45: -440 | K45: 78 | L45: 33
A46: + Increase in Capital Stock | B46: CF_INCR_CAP_STOCK | C46: 22.3 | D46: 29 | E46: 61 | F46: 102 | G46: 82 | H46: 60 | I46: 51 | J46: 60 | K46: 78 | L46: 33 | N46: proceeds/repayment ratio | P46: =ABS(P43/P44) -> 0 | Q46: =ABS(Q43/Q44) -> 2.1334792 | R46: =ABS(R43/R44) -> 1.0135135 | S46: =ABS(S43/S44) -> 0.9929391 | T46: =ABS(T43/T44) -> 1.1119371 | U46: =ABS(U43/U44) -> 1.5016873 | V46: =ABS(V43/V44) -> 0.021276596 | W46: =ABS(W43/W44) -> 0.59782609 | ... Y46: =ABS(Y43/Y44) -> 0
A47: + Decrease in Capital Stock | B47: CF_DECR_CAP_STOCK | C47: 0 | D47: -330 | E47: -561 | F47: 0 | G47: -380 | H47: -551 | I47: -326 | J47: -500 | K47: 0 | L47: 0
A48: + Other Financing Activities | B48: OTHER_FIN_AND_DEC_CAP | C48: -5.4 | D48: -3079 | E48: -58 | F48: -27 | G48: -91 | H48: -74 | I48: 31 | J48: 93 | K48: 66 | L48: 147 | N48: avg | P48: =AVERAGE(P46:Y46) -> 0.84913804
A49: + Net Cash From Disc Ops | B49: CF_NET_CASH_DISCONTINUED_OPS_FIN | C49: 0 | D49: 0 | E49: 0 | F49: 0 | G49: 0 | H49: 0 | I49: 0 | J49: 0 | K49: 0 | L49: -81
A50: Cash from Financing Activities | B50: CFF_ACTIVITIES_DETAILED | C50: -590.9 | D50: -936 | E50: -1285 | F50: -842 | G50: -821 | H50: -1093 | I50: -1307 | J50: -1374 | K50: -625 | L50: -1436
A52: Effect of Foreign Exchange Rates | B52: CF_EFFECT_FOREIGN_EXCHANGES | C52: -2.4 | D52: 24 | E52: -20 | F52: 16 | G52: 6 | H52: -3 | I52: -28 | J52: 1 | K52: -23 | L52: 16
A54: Net Changes in Cash | B54: CF_NET_CHNG_CASH | C54: 702.6 | D54: -379 | E54: -184 | F54: 620 | G54: 27 | H54: -473 | I54: 91 | J54: -39 | K54: 195 | L54: -24
A56: Cash Paid for Taxes | B56: CF_CASH_PAID_FOR_TAX | C56: 159.3 | D56: 200 | E56: 433 | F56: 248 | G56: 267 | H56: 256 | I56: 275 | J56: 290 | K56: 293 | L56: 450
A57: Cash Paid for Interest | B57: CF_ACT_CASH_PAID_FOR_INT_DEBT | C57: 407.1 | D57: 447 | E57: 561 | F57: 584 | G57: 463 | H57: 404 | I57: 487 | J57: 761 | K57: 785 | L57: 714
A59: Reference Items | I59: FY 2022 | J59: FY 2023 | K59: FY 2024
A60: EBITDA | B60: EBITDA | C60: 1838.8 | D60: 1905.5 | E60: 2075 | F60: 1760 | G60: 1315 | H60: 1699 | I60: 1731 | J60: 1804 | K60: 2267 | L60: 2188
A61: Trailing 12M EBITDA Margin | B61: EBITDA_MARGIN | C61: 44.3533 | D61: 41.6403 | E61: 38.7344 | F61: 31.4117 | G61: 26.4694 | H61: 29.6045 | I61: 26.6103 | J61: 25.6907 | K61: 26.9688 | L61: 23.19
A62: Net Cash Paid for Acquisitions | B62: CF_NET_CASH_PAID_FOR_AQUIS | C62: 0 | D62: 1636 | E62: 0 | F62: 0 | G62: 0 | H62: 0 | I62: 0 | J62: 0 | K62: 0 | L62: 0
A63: Tax Benefit from Stock Options | B63: CF_TAX_BENEFIT_FRM_STOCK_OPTIONS | C63: 8.6 | D63: 0 | E63: 0 | F63: — | G63: — | H63: — | I63: — | J63: — | K63: — | L63: —
A64: Free Cash Flow | B64: CF_FREE_CASH_FLOW | C64: 1235.3 | D64: 1354 | E64: 1079 | F64: 1414 | G64: 804 | H64: 1620 | I64: 1390 | J64: 1203 | K64: 1302 | L64: 1449
A65: Free Cash Flow to Firm | B65: CF_FREE_CASH_FLOW_FIRM | C65: 1610.5533 | D65: — | E65: 1534.2822 | F65: 1836.3636 | G65: 1279.1838 | H65: 2087.0022 | I65: — | J65: — | K65: 1762.8983 | L65: 1839.1
A66: Free Cash Flow to Equity | B66: FREE_CASH_FLOW_EQUITY | C66: 925.6 | D66: — | E66: — | F66: 1406 | G66: 1343 | H66: 2082 | I66: 1310 | J66: 1203 | K66: 1596 | L66: 1060
A67: Free Cash Flow per Basic Share | B67: FREE_CASH_FLOW_PER_SH | C67: 5.304 | D67: 5.7131 | E67: 4.3333 | F67: 5.2761 | G67: 2.6623 | H67: 5.2258 | I67: 4.5277 | J67: 3.8558 | K67: 4.0815 | L67: 4.4
A68: Price to Free Cash Flow | B68: PX_TO_FREE_CASH_FLOW | C68: 8.9643 | D68: 10.7968 | E68: 12.0805 | F68: 12.0894 | G68: 22.8968 | H68: 11.6034 | I68: 14.2949 | J68: 20.4367 | K68: 15.9519 | L68: 15.5
A69: Cash Flow to Net Income | B69: CASH_FLOW_TO_NET_INC | C69: 2.0614 | D69: 2.144 | E69: 1.9036 | F69: 2.2955 | G69: 1.8951 | H69: 2.0597 | I69: 1.4782 | J69: 1.1118 | K69: 1.4721 | L69: 2.21
A70: Source: Bloomberg | C70: Right click to show data transparency (not supported for all values)

Sheet 2025 Segments
A1: QSR CN Equity- Company Financial (Multiple Periods)
A2: QSR CN Equity Periodicity:A Currency:USD Estimate Source:BST Actual Source:Bloomberg
A3: In Millions of USD | B3: 2018 A (Rep) | C3: 2019 A (Rep) | D3: 2020 A (Rep) | E3: 2021 A (Rep) | F3: 2022 A (Rep) | G3: 2023 A (Rep) | H3: 2024 A (Rep) | I3: 2025 A (Rep) | J3: 2026 A (Fwd) | K3: 2027 A (Fwd)
A4: 12 Months Ending | B4: 43465 | C4: 43830 | D4: 44196 | E4: 44561 | F4: 44926 | G4: 45291 | H4: 45657 | I4: 46022 | J4: 46387 | K4: 46752
A5: Revenue | B5: 5357 | C5: 5603 | D5: 4968 | E5: 5739 | F5: 6505 | G5: 7022 | H5: 8406 | I5: 9434
A6: Tim Hortons - US & Canada | B6: 3278.52 | C6: 3345.4 | D6: 2790.46 | E6: 3331 | F6: 3802 | G6: 3972 | H6: 4040 | I6: 4247 | J6: 4475.28 | K6: 4628.36
A7: % of Total | B7: 61.2 | C7: 59.71 | D7: 56.17 | E7: 58.04 | F7: 58.45 | G7: 56.57 | H7: 48.06 | I7: 45.02
A8: Franchise & Property | B8: 1054.51 | C8: 1147.96 | D8: 934.24 | E8: 853 | F8: 905 | G8: 955 | H8: 986 | I8: 995 | J8: 1048.43 | K8: 1086.07
A9: % of Total | B9: 19.68 | C9: 20.49 | D9: 18.81 | E9: 14.86 | F9: 13.91 | G9: 13.6 | H9: 11.73 | I9: 10.55
A10: Advertising & Other Services | B10: 235.32 | E10: 229 | F10: 266 | G10: 292 | H10: 301 | I10: 298 | J10: 317.69 | K10: 331.85
A11: % of Total | B11: 4.39 | E11: 3.99 | F11: 4.09 | G11: 4.16 | H11: 3.58 | I11: 3.16
A12: Supply Chain | C12: 2358.96 | E12: 2353.4 | F12: 2771.34 | G12: 2815.4 | H12: 2708 | I12: 2909 | J12: 3110.04 | K12: 3230.94
A13: % of Total | C13: 42.1 | E13: 41.01 | F13: 42.6 | G13: 40.09 | H13: 32.22 | I13: 30.84
A14: Company Restaurant - TH | H14: 45 | I14: 46 | J14: 43.4 | K14: 44.74
A15: % of Total | H15: 0.54 | I15: 0.49
A16: Burger King - US & Canada | B16: 1669.89 | C16: 1780 | D16: 1606.04 | E16: 1156 | F16: 1196 | G16: 1298 | H16: 1451 | I16: 1514 | J16: 1532.29 | K16: 1567.91
A17: % of Total | B17: 31.17 | C17: 31.77 | D17: 32.33 | E17: 20.14 | F17: 18.39 | G17: 18.48 | H17: 17.26 | I17: 16.05
A18: Franchise & Property | B18: 1506.97 | C18: 1702.63 | D18: 1541.54 | E18: 673 | F18: 688 | G18: 731 | H18: 720 | I18: 722 | J18: 738.04 | K18: 753.98
A19: % of Total | B19: 28.13 | C19: 30.39 | D19: 31.03 | E19: 11.73 | F19: 10.58 | G19: 10.41 | H19: 8.57 | I19: 7.65
A20: Company Restaurant | B20: 76.12 | C20: 76.83 | D20: 67.44 | E20: 64 | F20: 70 | G20: 97 | H20: 243 | I20: 235 | J20: 224.89 | K20: 227.69
A21: % of Total | B21: 1.42 | C21: 1.37 | D21: 1.36 | E21: 1.12 | F21: 1.08 | G21: 1.38 | H21: 2.89 | I21: 2.49
A22: Advertising & Other Services | B22: 437.93 | C22: 419.95 | D22: 381.38 | E22: 419 | F22: 438 | G22: 470 | H22: 488 | I22: 556 | J22: 569.53 | K22: 580.38
A23: % of Total | B23: 8.17 | C23: 7.5 | D23: 7.68 | E23: 7.3 | F23: 6.73 | G23: 6.69 | H23: 5.81 | I23: 5.89
A24: PLK - US & Canada | B24: 411.12 | C24: 462.05 | D24: 559.1 | E24: 559 | F24: 619 | G24: 692 | H24: 768 | I24: 800 | J24: 813.84 | K24: 844.77
A25: % of Total | B25: 7.67 | C25: 8.25 | D25: 11.25 | E25: 9.74 | F25: 9.52 | G25: 9.85 | H25: 9.14 | I25: 8.48
A26: Franchise & Property | B26: 301.72 | C26: 381.1 | D26: 482.62 | E26: 265 | F26: 284 | G26: 314 | H26: 325 | I26: 324 | J26: 328.54 | K26: 338.94
A27: % of Total | B27: 5.63 | C27: 6.8 | D27: 9.71 | E27: 4.62 | F27: 4.37 | G27: 4.47 | H27: 3.87 | I27: 3.43
A28: Company Restaurant | B28: 79.38 | C28: 81.44 | D28: 76.99 | E28: 64 | F28: 78 | G28: 89 | H28: 148 | I28: 183 | J28: 182.42 | K28: 185.69
A29: % of Total | B29: 1.48 | C29: 1.45 | D29: 1.55 | E29: 1.12 | F29: 1.2 | G29: 1.27 | H29: 1.76 | I29: 1.94
A30: Advertising & Other Services | B30: 136.5 | D30: 191.56 | E30: 230 | F30: 256 | G30: 289 | H30: 295 | I30: 293 | J30: 307.3 | K30: 322.42
A31: % of Total | B31: 2.55 | D31: 3.86 | E31: 4.01 | F31: 3.94 | G31: 4.12 | H31: 3.51 | I31: 3.11
A32: Firehouse Subs - US & Canada | B32: 11.2 | C32: 18 | D32: 29 | E32: 5 | F32: 138 | G32: 186 | H32: 214 | I32: 232 | J32: 252.25 | K32: 273.59
A33: % of Total | B33: 0.21 | C33: 0.32 | D33: 0.58 | E33: 0.09 | F33: 2.12 | G33: 2.65 | H33: 2.55 | I33: 2.46
A34: Company Restaurant | E34: 1 | F34: 40 | G34: 39 | H34: 41 | I34: 45 | J34: 47.23 | K34: 49.81
A35: % of Total | E35: 0.02 | F35: 0.61 | G35: 0.56 | H35: 0.49 | I35: 0.48
A36: Advertising & Other Services | E36: 0 | F36: 13 | G36: 48 | H36: 68 | I36: 75 | J36: 81.73 | K36: 89.04
A37: % of Total | E37: 0 | F37: 0.2 | G37: 0.68 | H37: 0.81 | I37: 0.79
A38: Franchise & Property | E38: 4 | F38: 85 | G38: 99 | H38: 105 | I38: 113 | J38: 123.72 | K38: 134.4
A39: % of Total | E39: 0.07 | F39: 1.31 | G39: 1.41 | H39: 1.25 | I39: 1.2
A40: International | E40: 688 | F40: 750 | G40: 874 | H40: 935 | I40: 998 | J40: 1112.9 | K40: 1217.1
A41: % of Total | E41: 11.99 | F41: 11.53 | G41: 12.45 | H41: 11.12 | I41: 10.58
A42: Franchise & Property | E42: 647 | F42: 699 | G42: 804 | H42: 853 | I42: 916 | J42: 1027.09 | K42: 1124.24
A43: % of Total | E43: 11.27 | F43: 10.75 | G43: 11.45 | H43: 10.15 | I43: 9.71
A44: Advertising & Other Services | E44: 0 | F44: 51 | G44: 70 | H44: 82 | I44: 82 | J44: 91.02 | K44: 98.27
A45: % of Total | E45: 0 | F45: 0.78 | G45: 1 | H45: 0.98 | I45: 0.87
A46: Restaurant Holdings (RH) | G46: 1875.23 | H46: 1116 | I46: 1840 | J46: 1786.75 | K46: 1606.87
A47: % of Total | G47: 26.71 | H47: 13.28 | I47: 19.5
A48: Adjustment | H48: -117 | I48: -197 | J48: -199.64 | K48: -186.75
A49: % of Total | H49: -1.39 | I49: -2.09
A50: Inactive Segments
A51: Advertising---- FHS | F51: 13
A52: Franchise-FHS | F52: 85
A53: Unallocated-Corporate
A54: Advertising---- Popeyes Louisiana Kitchen | D54: 220 | E54: 232 | F54: 260
A55: Franchise-PLK | B55: 335 | C55: 400 | D55: 263 | E55: 283 | F55: 309
A56: Advertising---- Burger King | D56: 425 | E56: 448 | F56: 485
A57: Company-FHS | F57: 40
A58: EMEA
A59: Company Owned -TH US & Canada | B59: 2176.94 | C59: 2210.71 | D59: 1878.62 | E59: 2249 | F59: 2631 | G59: 2725 | H59: 2761.53 | I59: 2902.64 | J59: 3112.19 | K59: 3213.92
A60: Burger King | B60: 1651 | C60: 1777 | D60: 1602 | E60: 1813 | F60: 1897 | H60: 1451
A61: US and Canada
A62: LAC
A63: Company | B63: 75 | C63: 76 | D63: 64 | E63: 64 | F63: 70
A64: Franchise-BK | B64: 1576 | C64: 1701 | D64: 1113 | E64: 1301 | F64: 1342
A65: APAC
A66: Tim Hortons | B66: 3292 | C66: 3344 | D66: 2810 | E66: 3342 | F66: 3823 | H66: 4040
A67: Franchise-TH | B67: 1091 | C67: 1140 | D67: 745 | E67: 864 | F67: 925
A68: Firehouse Subs | E68: 5 | F68: 138
A69: Company-TH | B69: 2201 | C69: 2204 | D69: 1876 | E69: 2249 | F69: 2631 | G69: 2697.03
A70: Company-PLK | B70: 79 | C70: 82 | D70: 73 | E70: 64 | F70: 78
A71: PLK | B71: 414 | C71: 482 | D71: 556 | E71: 579 | F71: 647 | H71: 768
A72: Advertising---- Tim Hortons | D72: 189 | E72: 229 | F72: 267
A73: International - Company Owned | E73: 41 | F73: 0 | G73: 0 | H73: 0 | I73: 0
A75: Revenue Including Intersegment Revenue
A76: Tim Hortons - US & Canada | H76: 4041 | I76: 4247
A77: % of Total
A78: Franchise & Property | H78: 987 | I78: 995
A79: % of Total
A80: Advertising & Other Services | H80: 301 | I80: 298
A81: % of Total
A82: Supply Chain | H82: 2708 | I82: 2909
A83: % of Total
A84: Company Restaurant - TH | H84: 45 | I84: 46
A85: % of Total
A86: Burger King - US & Canada | H86: 1451 | I86: 1514
A87: % of Total
A88: Franchise & Property | H88: 720 | I88: 722
A89: % of Total
A90: Company Restaurant | H90: 243 | I90: 235
A91: % of Total
A92: Advertising & Other Services | H92: 488 | I92: 556
A93: % of Total
A94: PLK - US & Canada | H94: 768 | I94: 800
A95: % of Total
A96: Franchise & Property | H96: 325 | I96: 324
A97: % of Total
A98: Company Restaurant | H98: 148 | I98: 183
A99: % of Total
A100: Advertising & Other Services | H100: 295 | I100: 293
A101: % of Total
...

Sheet 2024 Segments
A1: QSR CN Equity- Company Financial (Multiple Periods)
A2: QSR CN Equity Periodicity:A Currency:USD Estimate Source:BST Actual Source:Bloomberg
A3: In Millions of USD | E3: 2017 A (Rep) | F3: 2018 A (Rep) | G3: 2019 A (Rep) | H3: 2020 A (Rep) | I3: 2021 A (Rep) | J3: 2022 A (Rep) | K3: 2023 A (Rep) | L3: 2024 A (Rep) | M3: 2025 A (Rep) | N3: 2026 A (Fwd)
A4: 12 Months Ending | B4: Field Expression | C4: Calcrt Field | D4: Segment Id | E4: 43100 | F4: 43465 | G4: 43830 | H4: 44196 | I4: 44561 | J4: 44926 | K4: 45291 | L4: 45657 | M4: 46022 | N4: 46387
A5: Revenue | B5: SALES_REV_TURN | C5: IS010 | E5: 4576.1 | F5: 5357 | G5: 5603 | H5: 4968 | I5: 5739 | J5: 6505 | K5: 7022 | L5: 8406
A6: Tim Hortons - US & Canada | B6: SALES_REV_TURN | C6: IS010 | D6: SEG2313114904 Segment | E6: 3167.721 | F6: 3278.517 | G6: 3345.3956 | H6: 2790.4613 | I6: 3331 | J6: 3802 | K6: 3972 | L6: 4040 | N6: 4360.9798
A7: % of Total | B7: SALES_REV_TURN | C7: IS010 | D7: SEG2313114904 Segment | E7: 69.22316 | F7: 61.200616 | G7: 59.707222 | H7: 56.168706 | I7: 58.041471 | J7: 58.447348 | K7: 56.565081 | L7: 48.060909
A8: Franchise & Property | B8: SALES_REV_TURN | C8: IS010 | D8: SEG3182681008 Segment | E8: 916.812 | F8: 1054.5146 | G8: 1147.9573 | H8: 934.24165 | I8: 853 | J8: 905 | K8: 955 | L8: 986 | N8: 1037.7076
A9: % of Total | B9: SALES_REV_TURN | C9: IS010 | D9: SEG3182681008 Segment | E9: 20.034789 | F9: 19.684798 | G9: 20.488262 | H9: 18.805186 | I9: 14.863217 | J9: 13.912375 | K9: 13.600114 | L9: 11.729717
A10: Advertising & Other Services | B10: SALES_REV_TURN | C10: IS010 | D10: SEG6868973311 Segment | F10: 235.3183 | I10: 229 | J10: 266 | K10: 292 | L10: 301 | N10: 316.14046
A11: % of Total | B11: SALES_REV_TURN | C11: IS010 | D11: SEG6868973311 Segment | F11: 4.3927254 | I11: 3.9902422 | J11: 4.0891622 | K11: 4.1583594 | L11: 3.5807756
A12: Supply Chain | B12: SALES_REV_TURN | C12: IS010 | D12: SEG1253111861 Segment | G12: 2358.956 | I12: 2353.3991 | J12: 2771.3365 | K12: 2815.3967 | L12: 2708 | N12: 2991.1491
A13: % of Total | B13: SALES_REV_TURN | C13: IS010 | D13: SEG1253111861 Segment | G13: 42.101661 | I13: 41.007129 | J13: 42.603175 | K13: 40.093943 | L13: 32.215084
A14: Company Restaurant - TH | B14: SALES_REV_TURN | C14: IS010 | D14: SEG6364209202 Segment | L14: 45 | N14: 43.811546
A15: % of Total | B15: SALES_REV_TURN | C15: IS010 | D15: SEG6364209202 Segment | L15: 0.53533191
A16: Burger King - US & Canada | B16: SALES_REV_TURN | C16: IS010 | D16: SEG7424212245 Segment | E16: 1218.7697 | F16: 1669.8852 | G16: 1780.0021 | H16: 1606.0419 | I16: 1156 | J16: 1196 | K16: 1298 | L16: 1451 | N16: 1545.8012
A17: % of Total | B17: SALES_REV_TURN | C17: IS010 | D17: SEG7424212245 Segment | E17: 26.633371 | F17: 31.172022 | G17: 31.768733 | H17: 32.327735 | I17: 20.142882 | J17: 18.385857 | K17: 18.484762 | L17: 17.26148
A18: Franchise & Property | B18: SALES_REV_TURN | C18: IS010 | D18: SEG6424336141 Segment | E18: 1123.6785 | F18: 1506.9748 | G18: 1702.6279 | H18: 1541.5386 | I18: 673 | J18: 688 | K18: 731 | L18: 720 | N18: 730.5293
A19: % of Total | B19: SALES_REV_TURN | C19: IS010 | D19: SEG6424336141 Segment | E19: 24.555375 | F19: 28.130946 | G19: 30.38779 | H19: 31.02936 | I19: 11.726782 | J19: 10.57648 | K19: 10.41014 | L19: 8.5653105
A20: Company Restaurant | B20: SALES_REV_TURN | C20: IS010 | D20: SEG7868849415 Segment | E20: 95.091174 | F20: 76.120606 | G20: 76.83234 | H20: 67.440502 | I20: 64 | J20: 70 | K20: 97 | L20: 243 | N20: 254.71374
A21: % of Total | B21: SALES_REV_TURN | C21: IS010 | D21: SEG7868849415 Segment | E21: 2.077996 | F21: 1.4209559 | G21: 1.3712715 | H21: 1.357498 | I21: 1.1151769 | J21: 1.0760953 | K21: 1.3813728 | L21: 2.8907923
A22: Advertising & Other Services | B22: SALES_REV_TURN | C22: IS010 | D22: SEG1313238800 Segment | F22: 437.92944 | G22: 419.95484 | H22: 381.38498 | I22: 419 | J22: 438 | K22: 470 | L22: 488 | N22: 551.58422
A23: % of Total | B23: SALES_REV_TURN | C23: IS010 | D23: SEG1313238800 Segment | F23: 8.1749008 | G23: 7.4951783 | H23: 7.6768313 | I23: 7.3009235 | J23: 6.7332821 | K23: 6.6932498 | L23: 5.8053771
A24: PLK - US & Canada | B24: SALES_REV_TURN | C24: IS010 | D24: SEG6202017556 Segment | E24: 218.68968 | F24: 411.12488 | G24: 462.05315 | H24: 559.10391 | I24: 559 | J24: 619 | K24: 692 | L24: 768 | N24: 837.2418
A25: % of Total | B25: SALES_REV_TURN | C25: IS010 | D25: SEG6202017556 Segment | E25: 4.7789532 | F25: 7.6745358 | G25: 8.2465313 | H25: 11.254104 | I25: 9.7403729 | J25: 9.5157571 | K25: 9.8547422 | L25: 9.1363312
A26: Franchise & Property | B26: SALES_REV_TURN | C26: IS010 | D26: SEG1757875970 Segment | E26: 108.20682 | F26: 301.72144 | G26: 381.10492 | H26: 482.62473 | I26: 265 | J26: 284 | K26: 314 | L26: 325 | N26: 339.21017
A27: % of Total | B27: SALES_REV_TURN | C27: IS010 | D27: SEG1757875970 Segment | E27: 2.3646079 | F27: 5.6322838 | G27: 6.8018012 | H27: 9.7146686 | I27: 4.6175292 | J27: 4.3658724 | K27: 4.4716605 | L27: 3.866286
A28: Company Restaurant | B28: SALES_REV_TURN | C28: IS010 | D28: SEG5646778622 Segment | E28: 77.135836 | F28: 79.383235 | G28: 81.444122 | H28: 76.988559 | I28: 64 | J28: 78 | K28: 89 | L28: 148 | N28: 182.29266
A29: % of Total | B29: SALES_REV_TURN | C29: IS010 | D29: SEG5646778622 Segment | E29: 1.6856239 | F29: 1.4818599 | G29: 1.4535806 | H29: 1.5496892 | I29: 1.1151769 | J29: 1.1990776 | K29: 1.2674452 | L29: 1.7606472
A30: Advertising & Other Services | B30: SALES_REV_TURN | C30: IS010 | D30: SEG9535681274 Segment | F30: 136.49686 | H30: 191.56241 | I30: 230 | J30: 256 | K30: 289 | L30: 295 | N30: 317.97096
A31: % of Total | B31: SALES_REV_TURN | C31: IS010 | D31: SEG9535681274 Segment | F31: 2.5480094 | H31: 3.8559262 | I31: 4.0076668 | J31: 3.9354343 | K31: 4.1156366 | L31: 3.509398
A32: Firehouse Subs - US & Canada | B32: SALES_REV_TURN | C32: IS010 | D32: SEG1090920215 Segment | E32: 771.8 | F32: 11.2 | G32: 18 | H32: 29 | I32: 5 | J32: 138 | K32: 186 | L32: 214 | N32: 244.27255
A33: % of Total | B33: SALES_REV_TURN | C33: IS010 | D33: SEG1090920215 Segment | E33: 16.86589 | F33: 0.20907224 | G33: 0.32125647 | H33: 0.58373591 | I33: 0.087123192 | J33: 2.121445 | K33: 2.648818 | L33: 2.5458006
A34: Company Restaurant | B34: SALES_REV_TURN | C34: IS010 | D34: SEG4424583933 Segment | I34: 1 | J34: 40 | K34: 39 | L34: 41 | N34: 46.565811
A35: % of Total | B35: SALES_REV_TURN | C35: IS010 | D35: SEG4424583933 Segment | I35: 0.017424638 | J35: 0.61491161 | K35: 0.55539732 | L35: 0.48774685
A36: Advertising & Other Services | B36: SALES_REV_TURN | C36: IS010 | D36: SEG8313486585 Segment | I36: 0 | J36: 13 | K36: 48 | L36: 68 | N36: 79.96009
A37: % of Total | B37: SALES_REV_TURN | C37: IS010 | D37: SEG8313486585 Segment | I37: 0 | J37: 0.19984627 | K37: 0.68356594 | L37: 0.80894599
A38: Franchise & Property | B38: SALES_REV_TURN | C38: IS010 | D38: SEG1960486319 Segment | I38: 4 | J38: 85 | K38: 99 | L38: 105 | N38: 120.68949
A39: % of Total | B39: SALES_REV_TURN | C39: IS010 | D39: SEG1960486319 Segment | I39: 0.069698554 | J39: 1.3066872 | K39: 1.4098547 | L39: 1.2491078
A40: International | B40: SALES_REV_TURN | C40: IS010 | D40: SEG3726769372 Segment | I40: 688 | J40: 750 | K40: 874 | L40: 935 | N40: 1078.8505
A41: % of Total | B41: SALES_REV_TURN | C41: IS010 | D41: SEG3726769372 Segment | I41: 11.988151 | J41: 11.529593 | K41: 12.446596 | L41: 11.123007
A42: Franchise & Property | B42: SALES_REV_TURN | C42: IS010 | D42: SEG6393477335 Segment | I42: 647 | J42: 699 | K42: 804 | L42: 853 | N42: 992.4939
A43: % of Total | B43: SALES_REV_TURN | C43: IS010 | D43: SEG6393477335 Segment | I43: 11.273741 | J43: 10.74558 | K43: 11.449729 | L43: 10.147514
A44: Advertising & Other Services | B44: SALES_REV_TURN | C44: IS010 | D44: SEG1282379994 Segment | I44: 0 | J44: 51 | K44: 70 | L44: 82 | N44: 90.8353
A45: % of Total | B45: SALES_REV_TURN | C45: IS010 | D45: SEG1282379994 Segment | I45: 0 | J45: 0.7840123 | K45: 0.99686699 | L45: 0.97549369
A46: Restaurant Holdings (RH) | B46: SALES_REV_TURN | C46: IS010 | D46: SEG3017375921 Segment | K46: 1875.229 | L46: 1116 | N46: 1812.8891
A47: % of Total | B47: SALES_REV_TURN | C47: IS010 | D47: SEG3017375921 Segment | K47: 26.705055 | L47: 13.276231
A48: Adjustment | B48: SALES_REV_TURN | C48: IS010 | D48: SEG5870206186 Segment | L48: -117 | N48: -193.7301
A49: % of Total | B49: SALES_REV_TURN | C49: IS010 | D49: SEG5870206186 Segment | L49: -1.391863
A50: Inactive Segments
A51: Advertising---- FHS | B51: SALES_REV_TURN | C51: IS010 | D51: SEG0000618916 Segment | J51: 13
A52: Franchise-FHS | B52: SALES_REV_TURN | C52: IS010 | D52: SEG0000618912 Segment | J52: 85
A53: Unallocated-Corporate | B53: SALES_REV_TURN | C53: IS010 | D53: SEG0000246515 Segment
A54: Advertising---- Popeyes Louisiana Kitchen | B54: SALES_REV_TURN | C54: IS010 | D54: SEG0000477449 Segment | H54: 220 | I54: 232 | J54: 260
A55: Franchise-PLK | B55: SALES_REV_TURN | C55: IS010 | D55: SEG0000246519 Segment | E55: 135 | F55: 335 | G55: 400 | H55: 263 | I55: 283 | J55: 309
A56: Advertising---- Burger King | B56: SALES_REV_TURN | C56: IS010 | D56: SEG0000477447 Segment | H56: 425 | I56: 448 | J56: 485
A57: Company-FHS | B57: SALES_REV_TURN | C57: IS010 | D57: SEG0000618913 Segment | J57: 40
A58: EMEA | B58: SALES_REV_TURN | C58: IS010 | D58: SEG0000246497 Segment
A59: Company Owned -TH US & Canada | B59: SALES_REV_TURN | C59: IS010 | D59: SEG2980070659 Segment | E59: 2246.9799 | F59: 2176.9387 | G59: 2210.707 | H59: 1878.6232 | I59: 2249 | J59: 2631 | K59: 2725 | L59: 2761.5346 | N59: 3005.0557
A60: Burger King | B60: SALES_REV_TURN | C60: IS010 | D60: SEG0000246500 Segment | E60: 1219 | F60: 1651 | G60: 1777 | H60: 1602 | I60: 1813 | J60: 1897 | L60: 1451
A61: US and Canada | B61: SALES_REV_TURN | C61: IS010 | D61: SEG0000246538 Segment
A62: LAC | B62: SALES_REV_TURN | C62: IS010 | D62: SEG0000246541 Segment
A63: Company | B63: SALES_REV_TURN | C63: IS010 | D63: SEG0000246493 Segment | E63: 94 | F63: 75 | G63: 76 | H63: 64 | I63: 64 | J63: 70
A64: Franchise-BK | B64: SALES_REV_TURN | C64: IS010 | D64: SEG0000246527 Segment | E64: 1125 | F64: 1576 | G64: 1701 | H64: 1113 | I64: 1301 | J64: 1342
A65: APAC | B65: SALES_REV_TURN | C65: IS010 | D65: SEG0000246511 Segment
A66: Tim Hortons | B66: SALES_REV_TURN | C66: IS010 | D66: SEG0000246517 Segment | E66: 3155 | F66: 3292 | G66: 3344 | H66: 2810 | I66: 3342 | J66: 3823 | L66: 4040
A67: Franchise-TH | B67: SALES_REV_TURN | C67: IS010 | D67: SEG0000246501 Segment | E67: 926 | F67: 1091 | G67: 1140 | H67: 745 | I67: 864 | J67: 925
A68: Firehouse Subs | B68: SALES_REV_TURN | C68: IS010 | D68: SEG0000618911 Segment | I68: 5 | J68: 138
A69: Company-TH | B69: SALES_REV_TURN | C69: IS010 | D69: SEG0000246513 Segment | E69: 2229 | F69: 2201 | G69: 2204 | H69: 1876 | I69: 2249 | J69: 2631 | K69: 2697.0308
A70: Company-PLK | B70: SALES_REV_TURN | C70: IS010 | D70: SEG0000246504 Segment | E70: 67 | F70: 79 | G70: 82 | H70: 73 | I70: 64 | J70: 78
A71: PLK | B71: SALES_REV_TURN | C71: IS010 | D71: SEG0000246520 Segment | E71: 202 | F71: 414 | G71: 482 | H71: 556 | I71: 579 | J71: 647 | L71: 768
A72: Advertising---- Tim Hortons | B72: SALES_REV_TURN | C72: IS010 | D72: SEG0000477448 Segment | H72: 189 | I72: 229 | J72: 267
A73: International - Company Owned | B73: SALES_REV_TURN | C73: IS010 | D73: SEG5171282646 Segment | I73: 41 | J73: 0 | K73: 0 | L73: 0
A75: Revenue Including Intersegment Revenue | B75: IS_REV_INCLUDING_INTERSEG_REV | C75: IC212
A76: Tim Hortons - US & Canada | B76: IS_REV_INCLUDING_INTERSEG_REV | C76: IC212 | D76: SEG2313114904 Segment | L76: 4041
A77: % of Total | B77: IS_REV_INCLUDING_INTERSEG_REV | C77: IC212 | D77: SEG2313114904 Segment
A78: Franchise & Property | B78: IS_REV_INCLUDING_INTERSEG_REV | C78: IC212 | D78: SEG3182681008 Segment | L78: 987
A79: % of Total | B79: IS_REV_INCLUDING_INTERSEG_REV | C79: IC212 | D79: SEG3182681008 Segment
A80: Advertising & Other Services | B80: IS_REV_INCLUDING_INTERSEG_REV | C80: IC212 | D80: SEG6868973311 Segment | L80: 301
A81: % of Total | B81: IS_REV_INCLUDING_INTERSEG_REV | C81: IC212 | D81: SEG6868973311 Segment
A82: Supply Chain | B82: IS_REV_INCLUDING_INTERSEG_REV | C82: IC212 | D82: SEG1253111861 Segment | L82: 2708
A83: % of Total | B83: IS_REV_INCLUDING_INTERSEG_REV | C83: IC212 | D83: SEG1253111861 Segment
A84: Company Restaurant - TH | B84: IS_REV_INCLUDING_INTERSEG_REV | C84: IC212 | D84: SEG6364209202 Segment | L84: 45
A85: % of Total | B85: IS_REV_INCLUDING_INTERSEG_REV | C85: IC212 | D85: SEG6364209202 Segment
A86: Burger King - US & Canada | B86: IS_REV_INCLUDING_INTERSEG_REV | C86: IC212 | D86: SEG7424212245 Segment | L86: 1451
A87: % of Total | B87: IS_REV_INCLUDING_INTERSEG_REV | C87: IC212 | D87: SEG7424212245 Segment
A88: Franchise & Property | B88: IS_REV_INCLUDING_INTERSEG_REV | C88: IC212 | D88: SEG6424336141 Segment | L88: 720
A89: % of Total | B89: IS_REV_INCLUDING_INTERSEG_REV | C89: IC212 | D89: SEG6424336141 Segment
A90: Company Restaurant | B90: IS_REV_INCLUDING_INTERSEG_REV | C90: IC212 | D90: SEG7868849415 Segment | L90: 243
A91: % of Total | B91: IS_REV_INCLUDING_INTERSEG_REV | C91: IC212 | D91: SEG7868849415 Segment
A92: Advertising & Other Services | B92: IS_REV_INCLUDING_INTERSEG_REV | C92: IC212 | D92: SEG1313238800 Segment | L92: 488
A93: % of Total | B93: IS_REV_INCLUDING_INTERSEG_REV | C93: IC212 | D93: SEG1313238800 Segment
A94: PLK - US & Canada | B94: IS_REV_INCLUDING_INTERSEG_REV | C94: IC212 | D94: SEG6202017556 Segment | L94: 768
A95: % of Total | B95: IS_REV_INCLUDING_INTERSEG_REV | C95: IC212 | D95: SEG6202017556 Segment
A96: Franchise & Property | B96: IS_REV_INCLUDING_INTERSEG_REV | C96: IC212 | D96: SEG1757875970 Segment | L96: 325
A97: % of Total | B97: IS_REV_INCLUDING_INTERSEG_REV | C97: IC212 | D97: SEG1757875970 Segment
A98: Company Restaurant | B98: IS_REV_INCLUDING_INTERSEG_REV | C98: IC212 | D98: SEG5646778622 Segment | L98: 148
A99: % of Total | B99: IS_REV_INCLUDING_INTERSEG_REV | C99: IC212 | D99: SEG5646778622 Segment
A100: Advertising & Other Services | B100: IS_REV_INCLUDING_INTERSEG_REV | C100: IC212 | D100: SEG9535681274 Segment | L100: 295
A101: % of Total | B101: IS_REV_INCLUDING_INTERSEG_REV | C101: IC212 | D101: SEG9535681274 Segment
...

Sheet Store Count FY 24
B1: Global Store Counts Across Brands by Countries and Territories as of December 31, 2024
B3: Countries and Territories | C3: Tim Hortons | D3: Burger King | E3: Popeyes | F3: Firehouse | G3: Total
B4: Albania | C4: 0 | D4: 12 | E4: 1 | F4: 1 | G4: 14
B5: Andorra | C5: 1 | D5: 4 | E5: 2 | F5: 0 | G5: 7
B6: Antigua and Barbuda | C6: 0 | D6: 2 | E6: 0 | F6: 0 | G6: 2
B7: Argentina | C7: 0 | D7: 120 | E7: 0 | F7: 0 | G7: 120
B8: Armenia | C8: 0 | D8: 4 | E8: 0 | F8: 0 | G8: 4
B9: Aruba | C9: 0 | D9: 4 | E9: 0 | F9: 0 | G9: 4
B10: Australia | C10: 0 | D10: 471 | E10: 0 | F10: 0 | G10: 471
B11: Austria | C11: 0 | D11: 64 | E11: 0 | F11: 0 | G11: 64
B12: Azerbaijan | C12: 0 | D12: 4 | E12: 0 | F12: 0 | G12: 4
B13: The Bahamas | C13: 0 | D13: 11 | E13: 5 | F13: 0 | G13: 16
B14: Bahrain | C14: 9 | D14: 1 | E14: 2 | F14: 0 | G14: 12
B15: Bangladesh | C15: 0 | D15: 9 | E15: 0 | F15: 0 | G15: 9
... B132: Total | C132: 6043 | D132: 19732 | E132: 4979 | F132: 1371 | G132: 32125
B135: 1. Units physically located in LAC, EMEA and APAC that are managed by the US.

Sheet Store Count FY 23
B2: Global Store Counts Across Brands by Countries and Territories
B4: Countries and Territories | C4: Tim Hortons | D4: Burger King | E4: Popeyes | F4: Firehouse | G4: Total
B5: Albania | C5: 0 | D5: 9 | E5: 0 | F5: 0 | G5: =SUM(C5:F5) -> 9
B6: Andorra | C6: 1 | D6: 4 | E6: 2 | F6: 0 | G6: =SUM(C6:F6) -> 7
B7: Antigua and Barbuda | C7: 0 | D7: 2 | E7: 0 | F7: 0 | G7: =SUM(C7:F7) -> 2
B8: Argentina | C8: 0 | D8: 118 | E8: 0 | F8: 0 | G8: =SUM(C8:F8) -> 118
B9: Armenia | C9: 0 | D9: 1 | E9: 0 | F9: 0 | G9: =SUM(C9:F9) -> 1
B10: Aruba | C10: 0 | D10: 4 | E10: 0 | F10: 0 | G10: =SUM(C10:F10) -> 4
B11: Australia | C11: 0 | D11: 455 | E11: 0 | F11: 0 | G11: =SUM(C11:F11) -> 455
B12: Austria | C12: 0 | D12: 64 | E12: 0 | F12: 0 | G12: =SUM(C12:F12) -> 64
B13: Azerbaijan | C13: 0 | D13: 4 | E13: 0 | F13: 0 | G13: =SUM(C13:F13) -> 4
B14: Bahamas | C14: 0 | D14: 11 | E14: 4 | F14: 0 | G14: =SUM(C14:F14) -> 15
B15: Bahrain | C15: 9 | D15: 1 | E15: 0 | F15: 0 | G15: =SUM(C15:F15) -> 10
B16: Bangladesh | C16: 0 | D16: 9 | E16: 0 | F16: 0 | G16: =SUM(C16:F16) -> 9
... B132: Vietnam | C132: 0 | D132: 24 | E132: 57 | F132: 0 | G132: =SUM(C132:F132) -> 81
B133: Total | C133: 5833 | D133: 19384 | E133: 4571 | F133: 1282 | G133: 31070
B135: 1. Units physically located in LAC, EMEA and APAC that are managed by the US.
